Workbook

Sheet ANÁLISIS VALORES ATÍPICOS
B3: ÍTEM | C3: CÓDIGO DANE | D3: DESCRIPCIÓN DEL BIEN Y/O SERVICIO | E3: UNIDAD MEDIDA | F3: EXISTENCIAS (STOCK - INVENTARIOS) | G3: NECESIDAD | H3: UNSPSC (CCE) | I3: CÓDIGO MATERIAL SAP | J3: CÓDIGO OTAN - NOC | O3: RANGO INTERCUARTÍLICO | P3: LÍMITE INFERIOR | Q3: LÍMITE SUPERIOR
K4: VALOR UNITARIO IVA INCLUIDO | L4: VALOR UNITARIO INCLUIDO IVA | M4: VALOR UNITARIO INCLUIDO IVA | N4: PROYECCIÓN 2026
B5: REPUESTOS EQUIPOS DE COMPUTO: A-02-02-01-004-005 MAQUINARIA DE OFICINA, CONTABILIDAD E INFORMÁTICA “EQUIPOS DE CÓMPUTO"
B6: 1 | C6: 4529001 | D6: ACOPLADOR CONECTOR EXTENSIÓN - ETHERNET PARA CABLE RJ45 COMPATIBLE CON REDES UTP CAT7, CAT6, CAT5E, CAT5. | E6: UNIDAD | F6: 0 | G6: 1 | H6: 43211600 | I6: 1701186 | J6: SIN CREAR | K6: 39666.667 | L6: 59500 | M6: 11235.195 | N6: 593.815 | O6: =QUARTILE(K6:N6,3)-QUARTILE(K6:N6,1) -> 36050.15 | P6: =QUARTILE(K6:N6,1)-O6*1.5 -> -45500.376 | Q6: =QUARTILE(K6:N6,3)+O6*1.5 -> 98700.225
B7: 2 | C7: 4529001 | D7: ADAPTADOR DVI-D MACHO A VGA HEMBRA (DVI 24 + 1 PIN) | E7: UNIDAD | F7: 0 | G7: 1 | H7: 43211600 | I7: 1636658 | J7: SIN CREAR | K7: 391906.67 | L7: 104125 | M7: 26480.832 | N7: 14132.797 | O7: =QUARTILE(K7:N7,3)-QUARTILE(K7:N7,1) -> 152676.59 | P7: =QUARTILE(K7:N7,1)-O7*1.5 -> -205621.07 | Q7: =QUARTILE(K7:N7,3)+O7*1.5 -> 405085.31
B8: 3 | C8: 4529001 | D8: ADAPTADOR DE USB: 4 PUERTOS DE ALTA VELOCIDAD USB 3.0, HASTA 480 MBPS DE TRANSFERENCIA DE DATOS, COMPATIBLE CON USB1.0/1.1, CON INDICADOR LED POR CADA PUERTO QUE SE PUEDEN ENCENDER O APAGAR CON EL CORRESPONDIENTE INTERRUPTOR | E8: UNIDAD | F8: 0 | G8: 1 | H8: 43211600 | I8: 1114330 | J8: SIN CREAR | K8: 23363.667 | L8: 104125 | M8: 39469.087 | N8: 17099.77 | O8: =QUARTILE(K8:N8,3)-QUARTILE(K8:N8,1) -> 33835.373 | P8: =QUARTILE(K8:N8,1)-O8*1.5 -> -28955.367 | Q8: =QUARTILE(K8:N8,3)+O8*1.5 -> 106386.12
B9: 4 | C9: 4529001 | D9: ADAPTADOR DE USB 3.0 A ETHERNET (10/100/1000), QUE FUNCIONE A VELOCIDADES FULL DÚPLEX DE ETHERNET DE 2 GBPS. | E9: UNIDAD | F9: 0 | G9: 1 | H9: 43211600 | I9: 1230777 | J9: SIN CREAR | K9: 23363.667 | L9: 282625 | M9: 68603.5 | N9: 35331.467 | O9: =QUARTILE(K9:N9,3)-QUARTILE(K9:N9,1) -> 89769.358 | P9: =QUARTILE(K9:N9,1)-O9*1.5 -> -102314.52 | Q9: =QUARTILE(K9:N9,3)+O9*1.5 -> 256762.91
B10: 5 | C10: 4529001 | D10: ADAPTADOR DE USB: MULTIPLICADOR DE PUERTOS USB 3.0 QUE PERMITE CONECTAR HASTA 4 DISPOSITIVOS USB CON VELOCIDADES DE TRANSMISIÓN DE HASTA 5GBPS. PLUG AND PLAY (NO REQUIERE INSTALACIÓN DE DRIVERS/CONTROLADORES) | E10: UNIDAD | F10: 0 | G10: 1 | H10: 43211600 | I10: 1114330 | J10: SIN CREAR | K10: 69416.667 | L10: 59500 | M10: 42258.804 | N10: 17099.77 | O10: =QUARTILE(K10:N10,3)-QUARTILE(K10:N10,1) -> 26010.121 | P10: =QUARTILE(K10:N10,1)-O10*1.5 -> -3046.1363 | Q10: =QUARTILE(K10:N10,3)+O10*1.5 -> 100994.35
B11: 6 | C11: 4529001 | D11: ALIMENTADOR DE CORRIENTE - CABLE DE ALIMENTACIÓN UNIVERSAL TNP - NEMA 5-15P - IEC 60320 (ENCHUFE ESTÁNDAR DE 3 PATAS - 3 CLAVIJAS), NEGRO, 6 PIES (FT ) Y/O 2 METROS APROXIMADOS. | E11: UNIDAD | F11: 0 | G11: 1 | H11: 26111700 | I11: 1235827 | J11: SIN CREAR | K11: 243950 | L11: 82487.825 | M11: 22742.28 | N11: 5652.278 | O11: =QUARTILE(K11:N11,3)-QUARTILE(K11:N11,1) -> 104383.59 | P11: =QUARTILE(K11:N11,1)-O11*1.5 -> -138105.6 | Q11: =QUARTILE(K11:N11,3)+O11*1.5 -> 279428.75
B12: 7 | C12: 4529001 | D12: CARGADOR PARA PORTATIL - ALIMENTADOR DE CORRIENTE PARA PORTATILES MARCA LENOVO MODELO Y480 LAPTOP (IDEAPAD) SERIALES CB18649808-CB18639455-CB18640068. | E12: UNIDAD | F12: 0 | G12: 1 | H12: 26111700 | I12: 1643220 | J12: SIN CREAR | K12: 85283.333 | L12: 178500 | M12: 62284.6 | N12: 42398.391 | O12: =QUARTILE(K12:N12,3)-QUARTILE(K12:N12,1) -> 51274.452 | P12: =QUARTILE(K12:N12,1)-O12*1.5 -> -19598.631 | Q12: =QUARTILE(K12:N12,3)+O12*1.5 -> 185499.18
B13: 8 | C13: 4529001 | D13: CARGADOR PARA PORTATIL - ALIMENTADOR DE CORRIENTE PARA PORTATILES MARCA HEWLETT-PACKARD MODELO PC NOTEBOOK HP 1000-1115LA SERIAL 5CG220026B. | E13: UNIDAD | F13: 0 | G13: 1 | H13: 26111700 | I13: 1643220 | J13: SIN CREAR | K13: 45220 | L13: 178500 | M13: 62284.6 | N13: 35331.467 | O13: =QUARTILE(K13:N13,3)-QUARTILE(K13:N13,1) -> 48590.583 | P13: =QUARTILE(K13:N13,1)-O13*1.5 -> -30138.008 | Q13: =QUARTILE(K13:N13,3)+O13*1.5 -> 164224.32
B14: 9 | C14: 4529001 | D14: CARGADOR PARA PORTATIL - ALIMENTADOR DE CORRIENTE. PARA PORTATILES MARCA HEWLETT-PACKARD MODELO PC PORTÁTIL DE ENTRETENIMIENTO HP PAVILION DV6-6C80LA SERIAL 2CE203063M. | E14: UNIDAD | F14: 0 | G14: 1 | H14: 26111700 | I14: 1769384 | J14: SIN CREAR | K14: 515666.67 | L14: 178500 | M14: 62284.6 | N14: 35331.467 | O14: =QUARTILE(K14:N14,3)-QUARTILE(K14:N14,1) -> 207245.35 | P14: =QUARTILE(K14:N14,1)-O14*1.5 -> -255321.71 | Q14: =QUARTILE(K14:N14,3)+O14*1.5 -> 573659.69
B15: 10 | C15: 4529001 | D15: CARGADOR PARA PORTATIL - ALIMENTADOR DE CORRIENTE. PARA PORTATILES MARCA HEWLETT-PACKARD MODELO PC NOTEBOOK HP PROBOOK 440 G2 (ENERGY STAR) SERIAL CND43917YJ. | E15: UNIDAD | F15: 0 | G15: 1 | H15: 26111700 | I15: 1769384 | J15: SIN CREAR | K15: 803250 | L15: 178500 | M15: 62284.6 | N15: 49753.289 | O15: =QUARTILE(K15:N15,3)-QUARTILE(K15:N15,1) -> 275535.73 | P15: =QUARTILE(K15:N15,1)-O15*1.5 -> -354151.82 | Q15: =QUARTILE(K15:N15,3)+O15*1.5 -> 747991.09
B16: 11 | C16: 4529001 | D16: CARGADOR PARA PORTATIL - ALIMENTADOR DE CORRIENTE PARA PORTATILES MARCA HEWLETT-PACKARD MODELO PC NOTEBOOK DE ENTRETENIMIENTO HP PAVILION DV6-4087LA SERIAL CNF1154T8T. | E16: UNIDAD | F16: 0 | G16: 1 | H16: 26111700 | I16: 1643220 | J16: SIN CREAR | K16: 803250 | L16: 178500 | M16: 62284.6 | N16: 49753.289 | O16: =QUARTILE(K16:N16,3)-QUARTILE(K16:N16,1) -> 275535.73 | P16: =QUARTILE(K16:N16,1)-O16*1.5 -> -354151.82 | Q16: =QUARTILE(K16:N16,3)+O16*1.5 -> 747991.09
B17: 12 | C17: 4529001 | D17: CARGADOR PARA PORTATIL - ALIMENTADOR DE CORRIENTE. (CARGADOR) PARA PORTATILES MARCA LENOVO MODELO Z40-70 LAPTOP SERIAL YB09809525-YB09024573. | E17: UNIDAD | F17: 0 | G17: 1 | H17: 26111700 | I17: 1769384 | J17: SIN CREAR | K17: 69416.667 | L17: 208250 | M17: 56025.2 | N17: 35331.467 | O17: =QUARTILE(K17:N17,3)-QUARTILE(K17:N17,1) -> 53273.233 | P17: =QUARTILE(K17:N17,1)-O17*1.5 -> -29058.083 | Q17: =QUARTILE(K17:N17,3)+O17*1.5 -> 184034.85
... B74: 69 | C74: 4529001 | D74: DISCO DURO DE CAPACIDAD 2TB, INTERFAZ SATA 6GB/S, TAMAÑO 2,5" Y VELOCIDAD 7200 RPM. APLICACIONES: PC, PORTATIL, ETC. | E74: UNIDAD | F74: 0 | G74: 1 | H74: 43201800 | I74: 1144781 | J74: SIN CREAR | K74: 299808.6 | L74: 2380000 | M74: 551152.74 | N74: 275151.8 | O74: =QUARTILE(K74:N74,3)-QUARTILE(K74:N74,1) -> 714720.15 | P74: =QUARTILE(K74:N74,1)-O74*1.5 -> -778435.83 | Q74: =QUARTILE(K74:N74,3)+O74*1.5 -> 2080444.8
B75: 70 | C75: 4527101 | D75: CADDY/ADAPTADOR INTERFAZ INTERNA: SATA (PARA HDD/SSD DE 2,5 PULGADAS O UNIDAD SSD) INTERFAZ EXTERNA: SATA (PARA ORDENADOR PORTÁTIL/PLACA MADRE), ADMITE SATA I & SATA II Y SATA III | E75: UNIDAD | F75: 0 | G75: 1 | H75: 43201800 | I75: 1901150 | J75: SIN CREAR | K75: 169122.8 | L75: 53550 | M75: 32855.9 | N75: 16958.936 | O75: =QUARTILE(K75:N75,3)-QUARTILE(K75:N75,1) -> 53561.541 | P75: =QUARTILE(K75:N75,1)-O75*1.5 -> -51460.652 | Q75: =QUARTILE(K75:N75,3)+O75*1.5 -> 162785.51
B76: 71 | C76: 4529001 | D76: CABLE CONVERTIDOR PARA DISCO DURO SATA III DE 2.5 Y 3.5 A USB 3.0 DE ALTA VELOCIDAD DE HASTA 6GBP; LED INDICADOR. | E76: UNIDAD | F76: 0 | G76: 1 | H76: 43211700 | I76: 1514218 | J76: SIN CREAR | K76: 593889.33 | L76: 192214.75 | M76: 61269.316 | N76: 39571.201 | O76: =QUARTILE(K76:N76,3)-QUARTILE(K76:N76,1) -> 236788.61 | P76: =QUARTILE(K76:N76,1)-O76*1.5 -> -299338.13 | Q76: =QUARTILE(K76:N76,3)+O76*1.5 -> 647816.31
B77: 72 | C77: 4529001 | D77: CONVERTIDOR USB 2.0 AUDIO 5.1CH MIC | E77: UNIDAD | F77: 0 | G77: 1 | H77: 43211600 | I77: 1819894 | J77: SIN CREAR | K77: 297500 | L77: 421289.75 | M77: 45660.943 | N77: 11305.607 | O77: =QUARTILE(K77:N77,3)-QUARTILE(K77:N77,1) -> 291375.33 | P77: =QUARTILE(K77:N77,1)-O77*1.5 -> -399990.88 | Q77: =QUARTILE(K77:N77,3)+O77*1.5 -> 765510.43
B78: 73 | C78: 4529001 | D78: CONVERTIDOR ACTIVO DVI D 24+1(DIGITAL) A VGA (ANALOGO): RESOLUCIÓN PC SOPORTADA: 800X600, 1024X768, 1280X768, 1280X800, 1280X960, 1280X1024, 1440X900, 1600X1200, 1680X1050 60HZ, 1920X1080 60HZ, 1920X1200 60HZ, RESOLUCIÓNHDTV SOPORTADA: 480I, 576I, 480 P, 576 P, 1080I Y 1080 P 60HZ, DISPOSITIVOS COMPATIBLES: TARJETAS GRAFICAS, COMPUTADORES DE SOBREMESA, COMPUTADORES PORTÁTILES O CUALQUIER OTRO DISPOSITIVO DE SALIDA DVI-D, CHIPSET: AG6200 | E78: UNIDAD | F78: 0 | G78: 1 | H78: 43202200 | I78: 1636658 | J78: SIN CREAR | K78: 453556.6 | L78: 65450 | M78: 37247 | N78: 27625.535 | O78: =QUARTILE(K78:N78,3)-QUARTILE(K78:N78,1) -> 127635.02 | P78: =QUARTILE(K78:N78,1)-O78*1.5 -> -156610.89 | Q78: =QUARTILE(K78:N78,3)+O78*1.5 -> 353929.17
B79: 74 | C79: 4529001 | D79: PINZA DE PONCHADO PARA CONECTORES RJ45,RJ11,RJ9 PARA RED Y TELEFONÍA. CON CORTADOR Y PELADOR DE CABLE | E79: UNIDAD | F79: 0 | G79: 1 | H79: 43201600 | I79: 1151968 | J79: SIN CREAR | K79: 601576.73 | L79: 103827.5 | M79: 32055.625 | N79: 21198.67 | O79: =QUARTILE(K79:N79,3)-QUARTILE(K79:N79,1) -> 198923.42 | P79: =QUARTILE(K79:N79,1)-O79*1.5 -> -269043.75 | Q79: =QUARTILE(K79:N79,3)+O79*1.5 -> 526649.94
B80: 75 | C80: 4527101 | D80: DISCO DURO EXTERNO 2,5" USB 3.0 CAPACIDAD 1 TB | E80: UNIDAD | F80: 0 | G80: 1 | H80: 43201800 | I80: 1261352 | J80: SIN CREAR | K80: 1037799 | L80: 773500 | M80: 343957.6 | N80: 297072.51 | O80: =QUARTILE(K80:N80,3)-QUARTILE(K80:N80,1) -> 507338.42 | P80: =QUARTILE(K80:N80,1)-O80*1.5 -> -428771.31 | Q80: =QUARTILE(K80:N80,3)+O80*1.5 -> 1600582.4
B81: 76 | C81: 4527201 | D81: DISCO DURO EXTERNO 2,5" USB 3.0 CAPACIDAD 2 TB | E81: UNIDAD | F81: 0 | G81: 1 | H81: 43201800 | I81: 1142717 | J81: SIN CREAR | K81: 277666.67 | L81: 937125 | M81: 481664.4 | N81: 408088.59 | O81: =QUARTILE(K81:N81,3)-QUARTILE(K81:N81,1) -> 220046.44 | P81: =QUARTILE(K81:N81,1)-O81*1.5 -> 45413.44 | Q81: =QUARTILE(K81:N81,3)+O81*1.5 -> 925599.22
B82: 77 | C82: 4527201 | D82: DISCO DURO EXTERNO 1TB HD710M | E82: UNIDAD | F82: 0 | G82: 1 | H82: 43201800 | I82: 1261352 | J82: SIN CREAR | K82: 111066.67 | L82: 1011500 | M82: 643195 | N82: 339086.23 | O82: =QUARTILE(K82:N82,3)-QUARTILE(K82:N82,1) -> 453189.91 | P82: =QUARTILE(K82:N82,1)-O82*1.5 -> -397703.52 | Q82: =QUARTILE(K82:N82,3)+O82*1.5 -> 1415056.1
B83: 78 | C83: 4527201 | D83: FUENTE DE PODER ATX DE 750 WTS DE 24 PINES PC | E83: UNIDAD | F83: 0 | G83: 1 | H83: 43201800 | I83: 1800316 | J83: SIN CREAR | K83: 3966.6667 | L83: 178502.98 | M83: 85891.677 | N83: 51764.903 | O83: =QUARTILE(K83:N83,3)-QUARTILE(K83:N83,1) -> 69229.158 | P83: =QUARTILE(K83:N83,1)-O83*1.5 -> -64028.393 | Q83: =QUARTILE(K83:N83,3)+O83*1.5 -> 212888.24
B84: 79 | C84: 4529001 | D84: FUENTE DE ENERGÍA ININTERRUMPIDA DE MINIMO 300 WATTS (600 VA); 6 TOMAS; VOLTAJE: 110 VOLTIOS, 115, 120; QUE OFREZCA RESPALDO DE MÍNIMO 15 MINUTOS, REGULACION AUTOMATICA DE VOLTAJE, ALARMA VISUAL Y AUDITIVA, POTENCIA ACTIVA NOMINAL DE SALIDA: 240 W; CORRIENTE NOMINAL DE SALIDA: 3,5 AM; TIPO DE BATERÍA: 12 VOLTS / 7 AH * 1 PC; GARANTIA: 1 AÑO; COLOR NEGRO. | E84: UNIDAD | F84: 0 | G84: 1 | H84: 43211600 | I84: 1350440 | J84: SIN CREAR | K84: 23363.667 | L84: 496825 | M84: 370943.15 | N84: 98929.579 | O84: =QUARTILE(K84:N84,3)-QUARTILE(K84:N84,1) -> 322375.51 | P84: =QUARTILE(K84:N84,1)-O84*1.5 -> -403525.16 | Q84: =QUARTILE(K84:N84,3)+O84*1.5 -> 885976.87
B85: 80 | C85: 4529001 | D85: FUSIBLE ELECTRÓNICO DE ALTA VELOCIDADDE PARA PROTECCION DE CIRCUITOS ELECTRONICOS DE AMPS 1-30A | E85: UNIDAD | F85: 0 | G85: 1 | H85: 43211600 | I85: 1739668 | J85: SIN CREAR | K85: 158666.67 | L85: 368900 | M85: 27960.145 | N85: 7065.873 | O85: =QUARTILE(K85:N85,3)-QUARTILE(K85:N85,1) -> 188488.42 | P85: =QUARTILE(K85:N85,1)-O85*1.5 -> -259996.06 | Q85: =QUARTILE(K85:N85,3)+O85*1.5 -> 493957.63
B86: 81 | C86: 4529001 | D86: UPS ININTERUMPIDA U650 VA 8 TOMAS PROTECTOR ENERGIA: ENTRADA; VOLTAJE 110 VOLTIOS, 115,120 VCA, REGULADOR DE VOLTAJE -30% +25%, FRECUENCIA: 50 HZ A 60 HERTZ, SALIDA; RANGO DE VOLTAJE: +/-10%, FRECUENCIA: 50/60 HZ +/-1HZ, TIPO DE ONDA: ONDA CUSISENOIDAL, TRANSFERENCIA: <6MS (TYPICO), TOMAS DE SALIDA: NEMAS5-15R X 8 TOMAS, BATERÍA: TIPO DE BATERÍA: 12 VDC, TIEMPO DE DURACIÓN: 10-15 MINUTOS, TIEMPO DE RECARGA: 5 HORAS | E86: UNIDAD | F86: 0 | G86: 1 | H86: 43211600 | I86: 1812630 | J86: SIN CREAR | K86: 226100 | L86: 351050 | M86: 289194.07 | N86: 197859.16 | O86: =QUARTILE(K86:N86,3)-QUARTILE(K86:N86,1) -> 85618.266 | P86: =QUARTILE(K86:N86,1)-O86*1.5 -> 90612.391 | Q86: =QUARTILE(K86:N86,3)+O86*1.5 -> 433085.45
B87: 82 | C87: 4529001 | D87: UPS 750VA REGULADOR DE VOLTAJE: CAPACIDAD : 750 VAC, VOLTAJE NOMINAL DE ENTRADA : 110 VAC, CONEXIÓN DE ENTRADA : CLAVIJA NEMA 5-15P, CONEXIÓN DE SALIDA : 3 SALIDAS NEMA 5-15R + 1 SALIDA NEMA, BATERÍA : 12V 7,5 AH X 1, DIMENSIONES : 14 X 10 X 33 CM, PESO : 6 KG | E87: UNIDAD | F87: 0 | G87: 1 | H87: 43211600 | I87: 1779431 | J87: SIN CREAR | K87: 198333.33 | L87: 428400 | M87: 318920 | N87: 180799.33 | O87: =QUARTILE(K87:N87,3)-QUARTILE(K87:N87,1) -> 152340.17 | P87: =QUARTILE(K87:N87,1)-O87*1.5 -> -34560.421 | Q87: =QUARTILE(K87:N87,3)+O87*1.5 -> 574800.25
B88: 83 | C88: 4529001 | D88: JUEGO DE BATERÍAS DE 12V - 7 AH, PARA UPS 750 VA - U650 VA, 600 VA Y/O UPS SIMILARES. | E88: UNIDAD | F88: 0 | G88: 1 | H88: 43211600 | I88: 1477765 | J88: SIN CREAR | K88: 376833.33 | L88: 119000 | M88: 81062.8 | N88: 49940.367 | O88: =QUARTILE(K88:N88,3)-QUARTILE(K88:N88,1) -> 110176.14 | P88: =QUARTILE(K88:N88,1)-O88*1.5 -> -91982.021 | Q88: =QUARTILE(K88:N88,3)+O88*1.5 -> 348722.55
B89: 84 | C89: 4529001 | D89: HUB 4 PUERTOS USB 3.0: DIMENSIONES 71 X 71 X 16.6 MM. (2.8 X 2.8 X 0.7 IN), INTERFAZ DE ENTRADA 4 PUERTOS USB 3.0, INTERFAZ DE SALIDA USB 3.0 TIPO-A, CHIPSET VIA VL812 CHIPSET CON ÚLTIMO FIRMWARE, ISTEMAS SOPORTADOS WINDOWS, MAC OS X Y SISTEMAS LINUX, CONTENIDO DE PAQUETE UH400 HUB PORTÁTIL DE 4 PUERTOS USB 3.0 | E89: UNIDAD | F89: 0 | G89: 1 | H89: 43211600 | I89: 1074087 | J89: SIN CREAR | K89: 376833.33 | L89: 208250 | M89: 49765.8 | N89: 24449.413 | O89: =QUARTILE(K89:N89,3)-QUARTILE(K89:N89,1) -> 206959.13 | P89: =QUARTILE(K89:N89,1)-O89*1.5 -> -267001.99 | Q89: =QUARTILE(K89:N89,3)+O89*1.5 -> 560834.53
B90: 85 | C90: 4529001 | D90: REGULADOR ELÉCTRICO DE VOLTAJE 1000 WATTS: CUERPO METÁLICO, VOLTAJE DE ENTRADA 95-135 VOLTIOS, SUPRESOR DE PICOS, FUSIBLE DE 10 AMPERIOS, MULTITOMA 4 SALIDAS | E90: UNIDAD | F90: 0 | G90: 1 | H90: 43211600 | I90: 1812624 | J90: SIN CREAR | K90: 452200 | L90: 832702.5 | M90: 90916 | N90: 75041.4 | O90: =QUARTILE(K90:N90,3)-QUARTILE(K90:N90,1) -> 460378.28 | P90: =QUARTILE(K90:N90,1)-O90*1.5 -> -603620.06 | Q90: =QUARTILE(K90:N90,3)+O90*1.5 -> 1237893
B91: 86 | C91: 4529001 | D91: REGULADOR DE CORRIENTE DE MINIMO 1000 WATTS, 8 TOMAS SALIDAS E INDICADOR LED DE ENCENDIDO- VOLTAJE DE ENTRADA: 90V - 140V-FRECUENCIA: 60 HZ VOLTAJE DE SALIDA VOLTAJE NOMINAL: 120 VAC | E91: UNIDAD | F91: 0 | G91: 1 | H91: 43211600 | I91: 1798487 | J91: SIN CREAR | K91: 779450 | L91: 208250 | M91: 90916 | N91: 75041.4 | O91: =QUARTILE(K91:N91,3)-QUARTILE(K91:N91,1) -> 264102.65 | P91: =QUARTILE(K91:N91,1)-O91*1.5 -> -309206.62 | Q91: =QUARTILE(K91:N91,3)+O91*1.5 -> 747203.98
B92: 87 | C92: 4528101 | D92: KIT ALIMENTADOR DOCUMENTOS PIEZA HP L2718A PARA IMPRESORA HP LASERJET ENTERPRISE MFP M630 | E92: UNIDAD | F92: 0 | G92: 1 | H92: 43202200 | I92: 1769350 | J92: SIN CREAR | K92: 3768333.3 | L92: 773500 | M92: 201190.87 | N92: 171769.13 | O92: =QUARTILE(K92:N92,3)-QUARTILE(K92:N92,1) -> 1328372.9 | P92: =QUARTILE(K92:N92,1)-O92*1.5 -> -1798723.9 | Q92: =QUARTILE(K92:N92,3)+O92*1.5 -> 3514767.7
B93: 88 | C93: 4529001 | D93: KIT DE MANTENIMIENTO PIEZA HP 110V-B3M77A PARA IMPRESORA HP LASERJET ENTERPRISE MFP M630 | E93: UNIDAD | F93: 0 | G93: 1 | H93: 43202200 | I93: 1591746 | J93: SIN CREAR | K93: 3768333.3 | L93: 3808000 | M93: 1190411.4 | N93: 1046077.1 | O93: =QUARTILE(K93:N93,3)-QUARTILE(K93:N93,1) -> 2623922.2 | P93: =QUARTILE(K93:N93,1)-O93*1.5 -> -2781555.4 | Q93: =QUARTILE(K93:N93,3)+O93*1.5 -> 7714133.2
B94: 89 | C94: 4529001 | D94: KIT DE MANTENIMIENTO PARA IMPRESORA HP M428 FDW | E94: UNIDAD | F94: 0 | G94: 1 | H94: 43202200 | I94: 1703849 | J94: SIN CREAR | K94: 595000 | L94: 2603125 | M94: 1130704.6 | N94: 993373.67 | O94: =QUARTILE(K94:N94,3)-QUARTILE(K94:N94,1) -> 605029.44 | P94: =QUARTILE(K94:N94,1)-O94*1.5 -> -13763.902 | Q94: =QUARTILE(K94:N94,3)+O94*1.5 -> 2406353.8
B95: 90 | C95: 4529001 | D95: KIT DE RODILLOS DE TRANSFERENCIA PIEZA B3G84-67901 PARA IMPRESORA HP LASERJET ENTERPRISE MFP M630 | E95: UNIDAD | F95: 0 | G95: 1 | H95: 43202200 | I95: 1769350 | J95: SIN CREAR | K95: 49583.333 | L95: 193375 | M95: 252346.72 | N95: 98929.579 | O95: =QUARTILE(K95:N95,3)-QUARTILE(K95:N95,1) -> 121524.91 | P95: =QUARTILE(K95:N95,1)-O95*1.5 -> -95694.352 | Q95: =QUARTILE(K95:N95,3)+O95*1.5 -> 390405.3
B96: 91 | C96: 4529001 | D96: KIT DE MANTENIMIENTO - PARA ADF SERIE MX810 NÚMERO DE REFERENCIA 40X8431 PARA IMPRESORA HP LASERJET ENTERPRISE MFP M630 | E96: UNIDAD | F96: 0 | G96: 1 | H96: 43202200 | I96: 1731682 | J96: SIN CREAR | K96: 188416.67 | L96: 223125 | M96: 541908.42 | N96: 367441.16 | O96: =QUARTILE(K96:N96,3)-QUARTILE(K96:N96,1) -> 196610.06 | P96: =QUARTILE(K96:N96,1)-O96*1.5 -> -80467.173 | Q96: =QUARTILE(K96:N96,3)+O96*1.5 -> 705973.07
B97: 92 | C97: 4529001 | D97: KIT DE MANTENIMIENTO DEL ADF INCLUYE RODILLO DE RECAMBIO PARA EL ALIMENTADOR DE DOCUMENTOS PIEZA L2718A PARA IMPRESORA HP LASERJET ENTERPRISE MFP M630 | E97: UNIDAD | F97: 0 | G97: 1 | H97: 43202200 | I97: 1731682 | J97: SIN CREAR | K97: 75366.667 | L97: 416500 | M97: 433488.25 | N97: 353319.92 | O97: =QUARTILE(K97:N97,3)-QUARTILE(K97:N97,1) -> 136915.45 | P97: =QUARTILE(K97:N97,1)-O97*1.5 -> 78458.432 | Q97: =QUARTILE(K97:N97,3)+O97*1.5 -> 626120.24
B98: 93 | C98: 4529001 | D98: KIT DE LA GUÍA DE ENTRADA DEL FUSOR PIEZA B3G84-67904 PARA IMPRESORA HP LASERJET ENTERPRISE MFP M630 | E98: UNIDAD | F98: 0 | G98: 1 | H98: 43202200 | I98: 1591744 | J98: SIN CREAR | K98: 19833.333 | L98: 773500 | M98: 158056.32 | N98: 98929.579 | O98: =QUARTILE(K98:N98,3)-QUARTILE(K98:N98,1) -> 232761.73 | P98: =QUARTILE(K98:N98,1)-O98*1.5 -> -269987.07 | Q98: =QUARTILE(K98:N98,3)+O98*1.5 -> 661059.83
B99: 94 | C99: 4529001 | D99: KIT DE RODILLOS PARA LAS BANDEJAS 2-5 PIEZA B3G84-67905 PARA IMPRESORA HP LASERJET ENTERPRISE MFP M630 | E99: UNIDAD | F99: 0 | G99: 1 | H99: 43202200 | I99: 1591746 | J99: SIN CREAR | K99: 71400 | L99: 743750 | M99: 87646.57 | N99: 55117.593 | O99: =QUARTILE(K99:N99,3)-QUARTILE(K99:N99,1) -> 184343.03 | P99: =QUARTILE(K99:N99,1)-O99*1.5 -> -209185.15 | Q99: =QUARTILE(K99:N99,3)+O99*1.5 -> 528186.97
B100: 95 | C100: 4529001 | D100: KIT DE RODILLOS PARA LA BANDEJA 1 PIEZA B3G84-67906 PARA IMPRESORA HP LASERJET ENTERPRISE MFP M630 | E100: UNIDAD | F100: 0 | G100: 1 | H100: 43202200 | I100: 1591746 | J100: SIN CREAR | K100: 71400 | L100: 267750 | M100: 103648.52 | N100: 77729.858 | O100: =QUARTILE(K100:N100,3)-QUARTILE(K100:N100,1) -> 68526.5 | P100: =QUARTILE(K100:N100,1)-O100*1.5 -> -26642.356 | Q100: =QUARTILE(K100:N100,3)+O100*1.5 -> 247463.64
B101: 96 | C101: 4529001 | D101: KIT DE CUBIERTA DEL TECLADO ESPAÑOL DE LATINOAMÉRICA PIEZA 5851-6020, PARA IMPRESORA HP LASERJET ENTERPRISE MFP M630 - MFP M6301 Y OTRAS COMPATIBLES Y/O DE IGUALES Y/O SIMILARES CARACTERISTICAS. | E101: UNIDAD | F101: 0 | G101: 1 | H101: 43212100 | I101: 1591755 | J101: SIN CREAR | K101: 183743.93 | L101: 8259641.2 | M101: 423640 | N101: 353319.92 | O101: =QUARTILE(K101:N101,3)-QUARTILE(K101:N101,1) -> 2071714.4 | P101: =QUARTILE(K101:N101,1)-O101*1.5 -> -2796645.7 | Q101: =QUARTILE(K101:N101,3)+O101*1.5 -> 5490211.9
B102: 97 | C102: 4526901 | D102: TARJETA DDR2 HP (IMPR HP MOD LASERJET ENTERPRICE MFP M630) MÓDULO DIMM DE 2 GB DE MEMORIA DDR2 H | E102: UNIDAD | F102: 0 | G102: 1 | H102: 32101600 | I102: 1778512 | J102: SIN CREAR | K102: 226100 | L102: 193375 | M102: 176492.02 | N102: 75041.4 | O102: =QUARTILE(K102:N102,3)-QUARTILE(K102:N102,1) -> 50426.887 | P102: =QUARTILE(K102:N102,1)-O102*1.5 -> 75489.033 | Q102: =QUARTILE(K102:N102,3)+O102*1.5 -> 277196.58
B103: 98 | C103: 4529001 | D103: KIT DE MANTENIMIENTO J8J63A / J8J88A /J8J88-6790 PARA IMPRESORA HP LASERJET ENTERPRISE MFP M631 | E103: UNIDAD | F103: 0 | G103: 1 | H103: 43202200 | I103: 1703849 | J103: SIN CREAR | K103: 138373.2 | L103: 4422833.3 | M103: 1766027.6 | N103: 1554486.8 | O103: =QUARTILE(K103:N103,3)-QUARTILE(K103:N103,1) -> 1229770.7 | P103: =QUARTILE(K103:N103,1)-O103*1.5 -> -644197.59 | Q103: =QUARTILE(K103:N103,3)+O103*1.5 -> 4274885.1
B104: 99 | C104: 4529001 | D104: KIT DE RECAMBIO DE RODILLOS DEL ADF HP 300 J8J95A PARA IMPRESORA HP LASERJET ENTERPRISE MFP M631 | E104: UNIDAD | F104: 0 | G104: 1 | H104: 43202200 | I104: 1769183 | J104: SIN CREAR | K104: 183743.93 | L104: 684250 | M104: 246020.02 | N104: 212026.64 | O104: =QUARTILE(K104:N104,3)-QUARTILE(K104:N104,1) -> 150621.55 | P104: =QUARTILE(K104:N104,1)-O104*1.5 -> -20976.364 | Q104: =QUARTILE(K104:N104,3)+O104*1.5 -> 581509.84
... B106: 101 | C106: 4529001 | D106: MEMORIA RAM TIPO DDR3 VELOCIDAD 1600MHZ-PC3-12800S-G0 CAPACIDAD 8GB PARA PORTÁTIL | E106: UNIDAD | F106: 0 | G106: 1 | H106: 32101600 | I106: 1464007 | J106: SIN CREAR | K106: 495833.33 | L106: 386750 | M106: 143656.8 | N106: 61247.025 | O106: =QUARTILE(K106:N106,3)-QUARTILE(K106:N106,1) -> 290966.48 | P106: =QUARTILE(K106:N106,1)-O106*1.5 -> -313395.36 | Q106: =QUARTILE(K106:N106,3)+O106*1.5 -> 850470.55
B107: 102 | C107: 4527101 | D107: MEMORIA RAM TIPO DDR3 VELOCIDAD 1.600 MHZ CAPACIDAD 4 GB | E107: UNIDAD | F107: 0 | G107: 1 | H107: 32101600 | I107: 1142663 | J107: SIN CREAR | K107: 575166.67 | L107: 208250 | M107: 106100.4 | N107: 32981.431 | O107: =QUARTILE(K107:N107,3)-QUARTILE(K107:N107,1) -> 212158.51 | P107: =QUARTILE(K107:N107,1)-O107*1.5 -> -230417.11 | Q107: =QUARTILE(K107:N107,3)+O107*1.5 -> 618216.93
B108: 103 | C108: 4527101 | D108: MEMORIA RAM TIPO DDR3 VELOCIDAD 1.600 MHZ CAPACIDAD 16 GB | E108: UNIDAD | F108: 0 | G108: 1 | H108: 32101600 | I108: 1464007 | J108: SIN CREAR | K108: 1146366.7 | L108: 592025 | M108: 366514.05 | N108: 281242.34 | O108: =QUARTILE(K108:N108,3)-QUARTILE(K108:N108,1) -> 385414.29 | P108: =QUARTILE(K108:N108,1)-O108*1.5 -> -232925.32 | Q108: =QUARTILE(K108:N108,3)+O108*1.5 -> 1308731.9
B109: 104 | C109: 4527101 | D109: MEMORIA RAM TIPO DDR4 VELOCIDAD 2133 - 2400 - 3200 MHZ CAPACIDAD 8 GB | E109: UNIDAD | F109: 0 | G109: 1 | H109: 32101600 | I109: 1464007 | J109: SIN CREAR | K109: 158666.67 | L109: 1115625 | M109: 143656.8 | N109: 120128.25 | O109: =QUARTILE(K109:N109,3)-QUARTILE(K109:N109,1) -> 260131.59 | P109: =QUARTILE(K109:N109,1)-O109*1.5 -> -252422.72 | Q109: =QUARTILE(K109:N109,3)+O109*1.5 -> 788103.63
B110: 105 | C110: 4527101 | D110: MEMORIA RAM TIPO DDR2 VELOCIDAD 800 MHZ CAPACIDAD 2 GB | E110: UNIDAD | F110: 0 | G110: 1 | H110: 32101600 | I110: 1636668 | J110: SIN CREAR | K110: 15073.333 | L110: 178500 | M110: 56025.2 | N110: 35331.467 | O110: =QUARTILE(K110:N110,3)-QUARTILE(K110:N110,1) -> 56376.966 | P110: =QUARTILE(K110:N110,1)-O110*1.5 -> -54298.516 | Q110: =QUARTILE(K110:N110,3)+O110*1.5 -> 171209.35
B111: 106 | C111: 4529001 | D111: MOUSE ALAMBRICO; SENSOR ÓPTICO DE ALTO RENDIMIENTO DE 1600 DPI; DISEÑO AMBIDIESTRO; CONEXIÓN USB; DIMENSIONES MÍNIMAS (LARGO 11 CM, ANCHO 6 CM, ALTURA 3.7 CM); 3 BOTONES (IZQUIERDA, DERECHA Y BOTÓN CENTRAL CON DEZPLAZAMIENTO); COLOR NEGRO. | E111: UNIDAD | F111: 0 | G111: 1 | H111: 43211708 | I111: 1691091 | J111: SIN CREAR | K111: 15073.333 | L111: 104125 | M111: 34224.4 | N111: 24173 | O111: =QUARTILE(K111:N111,3)-QUARTILE(K111:N111,1) -> 29801.467 | P111: =QUARTILE(K111:N111,1)-O111*1.5 -> -22804.117 | Q111: =QUARTILE(K111:N111,3)+O111*1.5 -> 96401.75
B112: 107 | C112: 4526101 | D112: MOUSE ALAMBRICO; SENSOR ÓPTICO DE ALTO RENDIMIENTO DE MÍNIMA 800 DPI; DISEÑO AMBIDIESTRO; CONEXIÓN PS2; DIMENSIONES MÍNIMAS (LARGO 10 CM, ANCHO 6 CM, ALTURA 3.7 CM); 3 BOTONES (IZQUIERDA, DERECHA Y BOTÓN CENTRAL CON DEZPLAZAMIENTO); COLOR NEGRO. | E112: UNIDAD | F112: 0 | G112: 1 | H112: 43211708 | I112: 1792215 | J112: SIN CREAR | K112: 69416.667 | L112: 50575 | M112: 37247 | N112: 13990.912 | O112: =QUARTILE(K112:N112,3)-QUARTILE(K112:N112,1) -> 23852.439 | P112: =QUARTILE(K112:N112,1)-O112*1.5 -> -4345.68 | Q112: =QUARTILE(K112:N112,3)+O112*1.5 -> 91064.075
B113: 108 | C113: 4526102 | D113: MOUSE INALÁMBRICO; RADIO FRECUENCIA 2.4 GHZ, SENSOR ÓPTICO DE ALTO RENDIMIENTO DE MÍNIMA 1000 DPI; DISEÑO AMBIDIESTRO; CONEXIÓN USB; DIMENSIONES MÍNIMAS (LARGO 10 CM, ANCHO 6 CM, ALTURA 3.7 CM); 3 BOTONES (IZQUIERDA, DERECHA Y BOTÓN CENTRAL CON DEZPLAZAMIENTO); COLOR NEGRO O SUPERIOR, BATERIA: 2 PILAS AAA -INCLUYE PILAS | E113: UNIDAD | F113: 0 | G113: 1 | H113: 43211708 | I113: 1340226 | J113: SIN CREAR | K113: 41451.667 | L113: 104125 | M113: 58970.2 | N113: 35331.467 | O113: =QUARTILE(K113:N113,3)-QUARTILE(K113:N113,1) -> 30337.283 | P113: =QUARTILE(K113:N113,1)-O113*1.5 -> -5584.3082 | Q113: =QUARTILE(K113:N113,3)+O113*1.5 -> 115764.83
B114: 109 | C114: 4529001 | D114: MOUSE VERTICAL ERGONOMICO, INTERFACES: USB - RESOLUCIÓN DEL SENSOR: 1600 DPI - TIPO DE SENSOR: ÓPTICO - CANTIDAD DE BOTONES: 6 - NEGRO - ORIENTACIÓN DE LA MANO: DIESTRO Y/O ZURDO - SISTEMAS OPERATIVOS COMPATIBLES: WINDOWS 10, WINDOWS 7, WINDOWS 8, MACOS X 10.5, CHROME OS - CON CABLE: SI - CON RUEDA DE DESPLAZAMIENTO: SI - PESO Y DIMENSIONES MÍNIMAS (LARGO: 110 MM, ANCHO: 63 MM, ALTURA: 75 MM, PESO:89 G) | E114: UNIDAD | F114: 0 | G114: 1 | H114: 43211708 | I114: 1748900 | J114: SIN CREAR | K114: 6783 | L114: 252875 | M114: 77439.25 | N114: 49464.264 | O114: =QUARTILE(K114:N114,3)-QUARTILE(K114:N114,1) -> 82504.239 | P114: =QUARTILE(K114:N114,1)-O114*1.5 -> -84962.411 | Q114: =QUARTILE(K114:N114,3)+O114*1.5 -> 245054.55
B115: 110 | C115: 4529001 | D115: PAD MOUSE PVC 22 X 18 CM; ESPESOR 3 MM; BASE GOMA ANTIDESLIZANTE; COLOR NEGRO. | E115: UNIDAD | F115: 0 | G115: 1 | H115: 43202200 | I115: 1819904 | J115: SIN CREAR | K115: 384766.67 | L115: 17850 | M115: 17195.5 | N115: 9930.899 | O115: =QUARTILE(K115:N115,3)-QUARTILE(K115:N115,1) -> 94199.817 | P115: =QUARTILE(K115:N115,1)-O115*1.5 -> -125920.38 | Q115: =QUARTILE(K115:N115,3)+O115*1.5 -> 250878.89
B116: 111 | C116: 4526102 | D116: MONITOR LCD 18.5" PULGADAS HD LED CONECTIVIDAD: VGA | E116: UNIDAD | F116: 0 | G116: 1 | H116: 43202200 | I116: 1248453 | J116: SIN CREAR | K116: 466083.33 | L116: 743750 | M116: 519220.8 | N116: 353319.92 | O116: =QUARTILE(K116:N116,3)-QUARTILE(K116:N116,1) -> 137460.62 | P116: =QUARTILE(K116:N116,1)-O116*1.5 -> 231701.55 | Q116: =QUARTILE(K116:N116,3)+O116*1.5 -> 781544.03
B117: 112 | C117: 4526102 | D117: MONITOR LED FUL HD DE 22" RESOLUCION 1.920 X 1.080 ASPECTO RATIO 16:9 REFRESH RATE 60 HZ | E117: UNIDAD | F117: 0 | G117: 1 | H117: 43202200 | I117: 1269343 | J117: SIN CREAR | K117: 599165 | L117: 937125 | M117: 694484 | N117: 551179.08 | O117: =QUARTILE(K117:N117,3)-QUARTILE(K117:N117,1) -> 167975.73 | P117: =QUARTILE(K117:N117,1)-O117*1.5 -> 335204.93 | Q117: =QUARTILE(K117:N117,3)+O117*1.5 -> 1007107.8
B118: 113 | C118: 4526102 | D118: MONITOR LED FUL HD DE 24" RESOLUCION 1.920 X 1.080 ASPECTO RATIO 16:9 REFRESH RATE 60 HZ | E118: UNIDAD | F118: 0 | G118: 1 | H118: 43202200 | I118: 1403460 | J118: SIN CREAR | K118: 357000 | L118: 1145375 | M118: 694484 | N118: 593577.47 | O118: =QUARTILE(K118:N118,3)-QUARTILE(K118:N118,1) -> 272773.64 | P118: =QUARTILE(K118:N118,1)-O118*1.5 -> 125272.64 | Q118: =QUARTILE(K118:N118,3)+O118*1.5 -> 1216367.2
B119: 114 | C119: 4529001 | D119: PANTALLA ANCHA DE 20” LED (16:9) COMPATIBLE CON EL SISTEMA LENOVO THINKCENTRE M73Z. | E119: UNIDAD | F119: 0 | G119: 1 | H119: 43202200 | I119: 1815082 | J119: SIN CREAR | K119: 539466.67 | L119: 1041250 | M119: 618678.36 | N119: 494647.9 | O119: =QUARTILE(K119:N119,3)-QUARTILE(K119:N119,1) -> 196059.29 | P119: =QUARTILE(K119:N119,1)-O119*1.5 -> 234173.03 | Q119: =QUARTILE(K119:N119,3)+O119*1.5 -> 1018410.2
B120: 115 | C120: 4529001 | D120: PANTALLA COMPATIBLE. LENOVO MODELO Z40-70 LAPTOP SERIAL YB09809525-YB09024573 | E120: UNIDAD | F120: 0 | G120: 1 | H120: 43202200 | I120: 0 | J120: SIN CREAR | K120: 467197.97 | L120: 550375 | M120: 331438.8 | N120: 247323.42 | O120: =QUARTILE(K120:N120,3)-QUARTILE(K120:N120,1) -> 177582.27 | P120: =QUARTILE(K120:N120,1)-O120*1.5 -> 44036.551 | Q120: =QUARTILE(K120:N120,3)+O120*1.5 -> 754365.63
B121: 116 | C121: 4529001 | D121: PANTALLA PARA PORTATIL - COMPATIBLE CON PORTATILES MARCA HEWLETT-PACKARD MODELO PC NOTEBOOK HP 1000-1115LA SERIAL 5CG220026B, LAS PULGADAS CORRESPONDERAN AL MODELO INDICADO. | E121: UNIDAD | F121: 0 | G121: 1 | H121: 43202200 | I121: 0 | J121: SIN CREAR | K121: 436333.33 | L121: 431375 | M121: 318920 | N121: 265271.35 | O121: =QUARTILE(K121:N121,3)-QUARTILE(K121:N121,1) -> 127106.75 | P121: =QUARTILE(K121:N121,1)-O121*1.5 -> 114847.72 | Q121: =QUARTILE(K121:N121,3)+O121*1.5 -> 623274.7
B122: 117 | C122: 4529001 | D122: PANTALLA PARA PORTATIL - COMPATIBLE CON LA MARCA HEWLETT-PACKARD MODELO PC PORTÁTIL DE ENTRETENIMIENTO HP PAVILION DV6-6C80LA SERIAL 2CE203063M, LAS PULGADAS CORRESPONDERAN AL MODELO INDICADO. | E122: UNIDAD | F122: 0 | G122: 1 | H122: 43202200 | I122: 0 | J122: SIN CREAR | K122: 436333.33 | L122: 559300 | M122: 289170 | N122: 233690.9 | O122: =QUARTILE(K122:N122,3)-QUARTILE(K122:N122,1) -> 191774.77 | P122: =QUARTILE(K122:N122,1)-O122*1.5 -> -12361.937 | Q122: =QUARTILE(K122:N122,3)+O122*1.5 -> 754737.16
B123: 118 | C123: 4529001 | D123: PANTALLA PARA PORTATIL - COMPATIBLE CON LA MARCA HEWLETT-PACKARD MODELO PC NOTEBOOK DE ENTRETENIMIENTO HP PAVILION DV6-4087LA SERIAL CNF1154T8T, LAS PULGADAS CORRESPONDERAN AL MODELO INDICADO. | E123: UNIDAD | F123: 0 | G123: 1 | H123: 43202200 | I123: 0 | J123: SIN CREAR | K123: 35700 | L123: 535500 | M123: 289170 | N123: 249887.86 | O123: =QUARTILE(K123:N123,3)-QUARTILE(K123:N123,1) -> 154411.6 | P123: =QUARTILE(K123:N123,1)-O123*1.5 -> -35276.509 | Q123: =QUARTILE(K123:N123,3)+O123*1.5 -> 582369.91
B124: 119 | C124: 4529001 | D124: PANTALLA PARA PORTATIL - COMPATIBLE CON LA MARCA HEWLETT-PACKARD MODELO PC NOTEBOOK HP PROBOOK 640 G1 (ENERGY STAR) SERIALES 5CG4322LB0-5CG4322LBN-5CG4322KYL, LAS PULGADAS CORRESPONDERAN AL MODELO INDICADO. | E124: UNIDAD | F124: 0 | G124: 1 | H124: 43202200 | I124: 0 | J124: SIN CREAR | K124: 35700 | L124: 565250 | M124: 289170 | N124: 240257.55 | O124: =QUARTILE(K124:N124,3)-QUARTILE(K124:N124,1) -> 169071.84 | P124: =QUARTILE(K124:N124,1)-O124*1.5 -> -64489.596 | Q124: =QUARTILE(K124:N124,3)+O124*1.5 -> 611797.76
B125: 120 | C125: 4529001 | D125: PANTALLA PARA PORTATIL - COMPATIBLE CON LA MARCA HEWLETT-PACKARD MODELO PC NOTEBOOK HP PROBOOK 440 G2 (ENERGY STAR) SERIAL CND43917YJ, LAS PULGADAS CORRESPONDERAN AL MODELO INDICADO. | E125: UNIDAD | F125: 0 | G125: 1 | H125: 43202200 | I125: 0 | J125: SIN CREAR | K125: 35700 | L125: 565250 | M125: 289170 | N125: 249887.86 | O125: =QUARTILE(K125:N125,3)-QUARTILE(K125:N125,1) -> 161849.1 | P125: =QUARTILE(K125:N125,1)-O125*1.5 -> -46432.759 | Q125: =QUARTILE(K125:N125,3)+O125*1.5 -> 600963.66
B126: 121 | C126: 4529001 | D126: PANTALLA PARA AIO - COMPATIBLE CON LA MARCA HEWLETT-PACKARD MODELO HP ELITE ONE 800 23.8-IN G5 AIO, LAS PULGADAS CORRESPONDERAN AL MODELO INDICADO. | E126: UNIDAD | F126: 0 | G126: 1 | H126: 43202200 | I126: 0 | J126: SIN CREAR | K126: 128916.67 | L126: 1755250 | M126: 569296 | N126: 437741.5 | O126: =QUARTILE(K126:N126,3)-QUARTILE(K126:N126,1) -> 505249.21 | P126: =QUARTILE(K126:N126,1)-O126*1.5 -> -397338.52 | Q126: =QUARTILE(K126:N126,3)+O126*1.5 -> 1623658.3
B127: 122 | C127: 4529001 | D127: PROCESADOR INTEL CORE I3 DE 4 NÚCLEOS Y 3.6GHZ DE FRECUENCIA | E127: UNIDAD | F127: 0 | G127: 1 | H127: 43202200 | I127: 1142658 | J127: SIN CREAR | K127: 31733.333 | L127: 648550 | M127: 532095.46 | N127: 312672.5 | O127: =QUARTILE(K127:N127,3)-QUARTILE(K127:N127,1) -> 318771.38 | P127: =QUARTILE(K127:N127,1)-O127*1.5 -> -235719.37 | Q127: =QUARTILE(K127:N127,3)+O127*1.5 -> 1039366.2
B128: 123 | C128: 4528901 | D128: PROCESADOR INTEL® CORE™ I5 4° GENERACIÓN, DE MÍNIMO 6 MB SMARTCACHE CACHÉ, 4 NUCLEOS Y FRECUENCIA BASICA DE 3,4 GHZ | E128: UNIDAD | F128: 0 | G128: 1 | H128: 43202200 | I128: 1749534 | J128: SIN CREAR | K128: 31733.333 | L128: 446250 | M128: 682149.06 | N128: 312672.5 | O128: =QUARTILE(K128:N128,3)-QUARTILE(K128:N128,1) -> 262787.06 | P128: =QUARTILE(K128:N128,1)-O128*1.5 -> -151742.87 | Q128: =QUARTILE(K128:N128,3)+O128*1.5 -> 899405.35
B129: 124 | C129: 4528901 | D129: PROCESADOR INTEL® CORE™ I7-4790S 4°, MODELO ALFANUMÉRICO CM8064601561014, CACHÉ 8 MB, CANTIDAD DE NÚCLEOS DE CPU 4 O SUPERIOR | E129: UNIDAD | F129: 0 | G129: 1 | H129: 43202200 | I129: 1791405 | J129: SIN CREAR | K129: 218166.67 | L129: 1476790 | M129: 771248.97 | N129: 312672.5 | O129: =QUARTILE(K129:N129,3)-QUARTILE(K129:N129,1) -> 658588.19 | P129: =QUARTILE(K129:N129,1)-O129*1.5 -> -698836.24 | Q129: =QUARTILE(K129:N129,3)+O129*1.5 -> 1935516.5
B130: 125 | C130: 4528901 | D130: TECLADO PARA PORTATIL EN ESPAÑOL PARA PORTATILES MODELO PC NOTEBOOK DE ENTRETENIMIENTO HP PAVILION DV6-4087LA SERIAL CNF1154T8T. | E130: UNIDAD | F130: 0 | G130: 1 | H130: 43202200 | I130: 1792232 | J130: SIN CREAR | K130: 218166.67 | L130: 409955 | M130: 118619.2 | N130: 99507.629 | O130: =QUARTILE(K130:N130,3)-QUARTILE(K130:N130,1) -> 152272.44 | P130: =QUARTILE(K130:N130,1)-O130*1.5 -> -114567.36 | Q130: =QUARTILE(K130:N130,3)+O130*1.5 -> 494522.41
B131: 126 | C131: 4528901 | D131: TECLADO PARA PORTATIL EN ESPAÑOL PARA PORTATILES MARCA LENOVO MODELO Y480 LAPTOP (IDEAPAD) SERIALES CB18649808-CB18639455- CB18640068. | E131: UNIDAD | F131: 0 | G131: 1 | H131: 43202200 | I131: 1792232 | J131: SIN CREAR | K131: 694166.67 | L131: 148750 | M131: 118619.2 | N131: 99507.629 | O131: =QUARTILE(K131:N131,3)-QUARTILE(K131:N131,1) -> 171262.86 | P131: =QUARTILE(K131:N131,1)-O131*1.5 -> -143052.98 | Q131: =QUARTILE(K131:N131,3)+O131*1.5 -> 541998.46
B132: 127 | C132: 4528901 | D132: TECLADO PARA PORTATIL EN ESPAÑOL PARA PORTATILES MARCA HEWLETT-PACKARD. MODELO PC NOTEBOOK HP 1000-1115LA SERIAL 5CG220026B. | E132: UNIDAD | F132: 0 | G132: 1 | H132: 43202200 | I132: 1792232 | J132: SIN CREAR | K132: 148750 | L132: 267750 | M132: 118619.2 | N132: 98228.562 | O132: =QUARTILE(K132:N132,3)-QUARTILE(K132:N132,1) -> 64978.459 | P132: =QUARTILE(K132:N132,1)-O132*1.5 -> 16053.851 | Q132: =QUARTILE(K132:N132,3)+O132*1.5 -> 275967.69
B133: 128 | C133: 4528901 | D133: TECLADO PARA PORTATIL EN ESPAÑOL PARA PORTATILES MARCA HEWLETT-PACKARD MODELO PC NOTEBOOK HP PROBOOK 640 G1 (ENERGY STAR) SERIALES 5CG4322LB0-5CG4322LBN-5CG4322KYL. | E133: UNIDAD | F133: 0 | G133: 1 | H133: 43202200 | I133: 1792232 | J133: SIN CREAR | K133: 148750 | L133: 267750 | M133: 118619.2 | N133: 99507.629 | O133: =QUARTILE(K133:N133,3)-QUARTILE(K133:N133,1) -> 64658.693 | P133: =QUARTILE(K133:N133,1)-O133*1.5 -> 16853.268 | Q133: =QUARTILE(K133:N133,3)+O133*1.5 -> 275488.04
B134: 129 | C134: 4528901 | D134: TECLADO PARA PORTATIL EN ESPAÑOL PARA PORTATILES MARCA HEWLETT-PACKARD MODELO PC PORTÁTIL DE ENTRETENIMIENTO HP PAVILION DV6-6C80LA SERIAL 2CE203063M. | E134: UNIDAD | F134: 0 | G134: 1 | H134: 43202200 | I134: 1792232 | J134: SIN CREAR | K134: 366916.67 | L134: 282625 | M134: 147027.81 | N134: 124597.1 | O134: =QUARTILE(K134:N134,3)-QUARTILE(K134:N134,1) -> 162277.79 | P134: =QUARTILE(K134:N134,1)-O134*1.5 -> -101996.55 | Q134: =QUARTILE(K134:N134,3)+O134*1.5 -> 547114.59
B135: 130 | C135: 4528901 | D135: TECLADO PARA PORTATIL EN ESPAÑOL PARA PORTATILES MARCA ASUS MODELO PC PORTÁTIL. | E135: UNIDAD | F135: 0 | G135: 1 | H135: 43222609 | I135: 1792232 | J135: SIN CREAR | K135: 366916.67 | L135: 178500 | M135: 118619.2 | N135: 99507.629 | O135: =QUARTILE(K135:N135,3)-QUARTILE(K135:N135,1) -> 111762.86 | P135: =QUARTILE(K135:N135,1)-O135*1.5 -> -53802.982 | Q135: =QUARTILE(K135:N135,3)+O135*1.5 -> 393248.46
B136: 131 | C136: 4528901 | D136: TECLADO ALÁMBRICO DE MINIMO 105 TECLAS; CONEXIÓN USB, RESISTENTE A SALPICADURAS; CON PAD NUMÉRICO; IDIOMA ESPAÑOL; COLOR NEGRO. | E136: UNIDAD | F136: 0 | G136: 1 | H136: 43211700 | I136: 1594862 | J136: SIN CREAR | K136: 307416.67 | L136: 98175 | M136: 63302.05 | N136: 40984.796 | O136: =QUARTILE(K136:N136,3)-QUARTILE(K136:N136,1) -> 92762.68 | P136: =QUARTILE(K136:N136,1)-O136*1.5 -> -81421.284 | Q136: =QUARTILE(K136:N136,3)+O136*1.5 -> 289629.44
B137: 132 | C137: 4528901 | D137: TECLADO INALÁMBRICO DE MÍNIMO 104 TECLAS; CONEXIÓN USB; INCLUYE PILAS; RESISTENTE A SALPICADURAS; CON PAD NUMÉRICO; DIMENSIONES MÍNIMAS (ALTURA DEL TECLADO 149 MM, ANCHO DEL TECLADO 441 MM PROFUNDIDAD Y/O GROSOR DEL TECLADO 22 MM); IDIOMA ESPAÑOL; COLOR NEGRO. | E137: UNIDAD | F137: 0 | G137: 1 | H137: 43211700 | I137: 1494539 | J137: SIN CREAR | K137: 307416.67 | L137: 163625 | M137: 96074.65 | N137: 40984.796 | O137: =QUARTILE(K137:N137,3)-QUARTILE(K137:N137,1) -> 117270.73 | P137: =QUARTILE(K137:N137,1)-O137*1.5 -> -93603.909 | Q137: =QUARTILE(K137:N137,3)+O137*1.5 -> 375479.01
B138: 133 | C138: 4528901 | D138: ROUTER INALAMBRICO CON TECNOLOGIA WIRELESS STANDARDS IEEE 802.11AC, FRECUENCIAS DE OPERACIÓN 2.4GHZ AND 5GHZ, VELOCIDAD DE LA SEÑAL EN FRECUENCIA 5GHZ MINIMO 1300MBPS Y 2.4GHZ MINIMO 600MBPS, CON FUNCIONES DE CONTROL DE ACCESO CONTROL PARENTAL , CONTROL DE ADMINISTRACIÓN LOCAL, LISTA DE HOSTEO, ACCESO A HORARIO, ADMINISTRACIÓN DE REGLAS, RESERVACIÓN DE DIRECCIÓN, QUE SOPORTE DIRECCIONES IPV4 / IPV6 Y FUNCIONES USB QUE SOPORTA SAMBA(ALMACENAMIENTO)/SERVIDOR FTP /SERVIDOR DE MEDIOS /SERVIDOR DE IMPRESIÓN. | E138: UNIDAD | F138: 0 | G138: 1 | H138: 43222600 | I138: 1812626 | J138: SIN CREAR | K138: 218166.67 | L138: 490875 | M138: 256426.15 | N138: 220846.63 | O138: =QUARTILE(K138:N138,3)-QUARTILE(K138:N138,1) -> 94861.724 | P138: =QUARTILE(K138:N138,1)-O138*1.5 -> 77884.054 | Q138: =QUARTILE(K138:N138,3)+O138*1.5 -> 457330.95
B139: 134 | C139: 4528901 | D139: ROUTER INALAMBRICO CON TECNOLOGIA WIRELESS STANDARDS IEEE 802.11AC, FRECUENCIAS DE OPERACIÓN 2.4GHZ AND 5GHZ, VELOCIDAD DE LA SEÑAL EN FRECUENCIA 5GHZ MINIMO 2167MBPS Y 2.4GHZ MINIMO 1000MBPS, CON FUNCIONES DE CONTROL DE ACCESO CONTROL PARENTAL , CONTROL DE ADMINISTRACIÓN LOCAL, LISTA DE HOSTEO, ACCESO A HORARIO, ADMINISTRACIÓN DE REGLAS, RESERVACIÓN DE DIRECCIÓN, QUE SOPORTE DIRECCIONES IPV4 / IPV6 Y FUNCIONES USB QUE SOPORTA SAMBA(ALMACENAMIENTO)/SERVIDOR FTP /SERVIDOR DE MEDIOS /SERVIDOR DE IMPRESIÓN. | E139: UNIDAD | F139: 0 | G139: 1 | H139: 43222600 | I139: 1815091 | J139: SIN CREAR | K139: 218166.67 | L139: 440002.5 | M139: 324177.9 | N139: 228950.89 | O139: =QUARTILE(K139:N139,3)-QUARTILE(K139:N139,1) -> 126879.21 | P139: =QUARTILE(K139:N139,1)-O139*1.5 -> 35936.017 | Q139: =QUARTILE(K139:N139,3)+O139*1.5 -> 543452.87
... B142: 137 | C142: 4529001 | D142: TARJETA DE SONIDO PCI PARA PC | E142: UNIDAD | F142: 0 | G142: 1 | H142: 43201400 | I142: 1815097 | J142: SIN CREAR | K142: 267750 | L142: 357000 | M142: 159648.45 | N142: 135744.01 | O142: =QUARTILE(K142:N142,3)-QUARTILE(K142:N142,1) -> 136390.16 | P142: =QUARTILE(K142:N142,1)-O142*1.5 -> -50912.905 | Q142: =QUARTILE(K142:N142,3)+O142*1.5 -> 494647.74
B143: 138 | C143: 4528101 | D143: TARJETA GRÁFICA DE VÍDEO; TAMAÑO DE MEMORIA 1 GB, TIPO DE MEMORIA GRÁFICA: GDDR3; CONTECTIVIDAD: VGA,DVI-I,HDMI; INTERFAZ CON LA PLACA MADRE: PCI-EXPRESS; BUS DE MEMORIA 64 BIT; RESOLUCIÓN MÁXIMA 2560X1600; CANTIDAD DE NÚCLEOS 16; FRECUENCIA BASE DEL NÚCLEO 520 MHZ. | E143: UNIDAD | F143: 0 | G143: 1 | H143: 43201400 | I143: 1660791 | J143: SIN CREAR | K143: 555333.33 | L143: 624750 | M143: 505795.27 | N143: 312672.5 | O143: =QUARTILE(K143:N143,3)-QUARTILE(K143:N143,1) -> 115172.92 | P143: =QUARTILE(K143:N143,1)-O143*1.5 -> 284755.19 | Q143: =QUARTILE(K143:N143,3)+O143*1.5 -> 745446.89
B144: 139 | C144: 4528101 | D144: TARJETA ACELERADORA DE VIDEO DE CONEXIÓN PCI EXPRESS 3,0 16X DE 2 GB DDR3, CON SALIDA DVI-D, DISPLAYPORT Y PUERTO HDMI. | E144: UNIDAD | F144: 0 | G144: 1 | H144: 43201400 | I144: 1660787 | J144: SIN CREAR | K144: 49583.333 | L144: 952000 | M144: 318920 | N144: 250138 | O144: =QUARTILE(K144:N144,3)-QUARTILE(K144:N144,1) -> 277190.67 | P144: =QUARTILE(K144:N144,1)-O144*1.5 -> -215786.67 | Q144: =QUARTILE(K144:N144,3)+O144*1.5 -> 892976
B145: 140 | C145: 4528101 | D145: TARJETA DE RED INTERFACE HOST PCI VELOCIDAD DE TRANSMISION A GIGABIT 10/100/1000, CON 1 PUERTO RJ45. | E145: UNIDAD | F145: 0 | G145: 1 | H145: 43201400 | I145: 1636718 | J145: SIN CREAR | K145: 357000 | L145: 238000 | M145: 73701.746 | N145: 31267.25 | O145: =QUARTILE(K145:N145,3)-QUARTILE(K145:N145,1) -> 204656.88 | P145: =QUARTILE(K145:N145,1)-O145*1.5 -> -243892.2 | Q145: =QUARTILE(K145:N145,3)+O145*1.5 -> 574735.32
B146: 141 | C146: 4528101 | D146: TARJETA DE RED INTERFACE PCI EXPRESS DE 32 BITS VELOCIDAD DE TRANSMISION A GIGABIT 10/100/1000 MBPS, CON 1 PUERTO RJ45. | E146: UNIDAD | F146: 0 | G146: 1 | H146: 43201400 | I146: 1725263 | J146: SIN CREAR | K146: 357000 | L146: 223125 | M146: 68544 | N146: 53703.998 | O146: =QUARTILE(K146:N146,3)-QUARTILE(K146:N146,1) -> 191759.75 | P146: =QUARTILE(K146:N146,1)-O146*1.5 -> -222805.63 | Q146: =QUARTILE(K146:N146,3)+O146*1.5 -> 544233.38
B147: 142 | C147: 4528101 | D147: TARJETA DE RED LAN 10/100 802.11G WIRELESS PCI ENLWI-G2 | E147: UNIDAD | F147: 0 | G147: 1 | H147: 43201400 | I147: 1769371 | J147: SIN CREAR | K147: 99166.667 | L147: 446250 | M147: 81062.8 | N147: 66338.069 | O147: =QUARTILE(K147:N147,3)-QUARTILE(K147:N147,1) -> 108555.88 | P147: =QUARTILE(K147:N147,1)-O147*1.5 -> -85452.207 | Q147: =QUARTILE(K147:N147,3)+O147*1.5 -> 348771.32
B148: 143 | C148: 4528101 | D148: TESTER DE CABLE DE RED PARA CABLE CON TERMINALES RJ45-/RJ11 CON ACCESORIO DESMONTABLE PARA COMPROBACIONES DE PUNTO FISICO DISTANTES, CON CONTROL DE PRUEBA DE DOS VELOCIDADES, EMESIONES DE RESULTADO MEDIANTE LUCES LED | E148: UNIDAD | F148: 0 | G148: 1 | H148: 43222600 | I148: 1636928 | J148: SIN CREAR | K148: 89250 | L148: 62475 | M148: 115016.3 | N148: 49464.264 | O148: =QUARTILE(K148:N148,3)-QUARTILE(K148:N148,1) -> 36469.258 | P148: =QUARTILE(K148:N148,1)-O148*1.5 -> 4518.4288 | Q148: =QUARTILE(K148:N148,3)+O148*1.5 -> 150395.46
B149: 144 | C149: 4528101 | D149: CILINDRO FOTOCOPIADORA RICOH AFICIO MP4000 PARTS. NO. D0099510 | E149: UNIDAD | F149: 0 | G149: 1 | H149: 43222600 | I149: 1114342 | J149: SIN CREAR | K149: 99166.667 | L149: 401625 | M149: 261804.31 | N149: 225963.95 | O149: =QUARTILE(K149:N149,3)-QUARTILE(K149:N149,1) -> 102494.85 | P149: =QUARTILE(K149:N149,1)-O149*1.5 -> 40522.35 | Q149: =QUARTILE(K149:N149,3)+O149*1.5 -> 450501.76
B150: 145 | C150: 4528101 | D150: CUCHILLA DE LIMPIEZA CILINDRO FOTOCOPIADORA RICOH AFICIO MP4000 PARTS. NO. HBN4676 | E150: UNIDAD | F150: 0 | G150: 1 | H150: 43222600 | I150: 1546210 | J150: SIN CREAR | K150: 109083.33 | L150: 172550 | M150: 123555.94 | N150: 98929.579 | O150: =QUARTILE(K150:N150,3)-QUARTILE(K150:N150,1) -> 29259.559 | P150: =QUARTILE(K150:N150,1)-O150*1.5 -> 62655.556 | Q150: =QUARTILE(K150:N150,3)+O150*1.5 -> 179693.79
B151: 146 | C151: 4528101 | D151: REVELADOR FOTOCOPIADORA RICOH AFICIO MP4000 PARTS. NO. B2309640 | E151: UNIDAD | F151: 0 | G151: 1 | H151: 43222600 | I151: 1764180 | J151: SIN CREAR | K151: 347083.33 | L151: 1514275 | M151: 356303.43 | N151: 204925.03 | O151: =QUARTILE(K151:N151,3)-QUARTILE(K151:N151,1) -> 334252.57 | P151: =QUARTILE(K151:N151,1)-O151*1.5 -> -189835.09 | Q151: =QUARTILE(K151:N151,3)+O151*1.5 -> 1147175.2
B152: 147 | C152: 4528101 | D152: BANDA TRANSFERENCIA FOTOCOPIADORA RICOH AFICIO MP4000 PARTS. NO. AD04-1135 | E152: UNIDAD | F152: 0 | G152: 1 | H152: 43222600 | I152: 1546210 | J152: SIN CREAR | K152: 376833.33 | L152: 687225 | M152: 319324.53 | N152: 134261.05 | O152: =QUARTILE(K152:N152,3)-QUARTILE(K152:N152,1) -> 181372.59 | P152: =QUARTILE(K152:N152,1)-O152*1.5 -> 999.76988 | Q152: =QUARTILE(K152:N152,3)+O152*1.5 -> 726490.14
B153: 148 | C153: 4528101 | D153: CUCHILLA LIMPIEZA BANDA TRANSFERENCIA FOTOCOPIADORA RICOH AFICIO MP4000 PARTS. NO. BLFC35TR | E153: UNIDAD | F153: 0 | G153: 1 | H153: 43222600 | I153: 1546210 | J153: SIN CREAR | K153: 32407.667 | L153: 202300 | M153: 123555.94 | N153: 103181.93 | O153: =QUARTILE(K153:N153,3)-QUARTILE(K153:N153,1) -> 57753.594 | P153: =QUARTILE(K153:N153,1)-O153*1.5 -> -1142.0301 | Q153: =QUARTILE(K153:N153,3)+O153*1.5 -> 229872.34
B154: 149 | C154: 4528101 | D154: RODILLO DE CARGA FOTOCOPIADORA RICOH AFICIO MP4000 PARTS. NO. AD027012 | E154: UNIDAD | F154: 0 | G154: 1 | H154: 43222600 | I154: 1769566 | J154: SIN CREAR | K154: 168583.33 | L154: 193375 | M154: 156175.6 | N154: 110235.19 | O154: =QUARTILE(K154:N154,3)-QUARTILE(K154:N154,1) -> 30090.754 | P154: =QUARTILE(K154:N154,1)-O154*1.5 -> 99554.366 | Q154: =QUARTILE(K154:N154,3)+O154*1.5 -> 219917.38
... B170: 165 | C170: 4528101 | D170: PIÑON WEB FOTOCOPIADORA RICOH AFICIO MP2352 PARTS. NO. AB010174 | E170: UNIDAD | F170: 0 | G170: 1 | H170: 43222600 | I170: 1636680 | J170: SIN CREAR | K170: 793333.33 | L170: 83300 | M170: 112648.11 | N170: 40984.796 | O170: =QUARTILE(K170:N170,3)-QUARTILE(K170:N170,1) -> 210098.22 | P170: =QUARTILE(K170:N170,1)-O170*1.5 -> -242426.13 | Q170: =QUARTILE(K170:N170,3)+O170*1.5 -> 597966.75
B172: SERVICIOS DE MANTENIMIENTO Y REPARACION EQUIPOS DE COMPUTO: A-02-02-02-008-007 SERVICIO DE MANTENIMIENTO, REPARACIÓN E INSTALACIÓN (EXCEPTO SERVICIOS DE CONSTRUCCIÓN
B173: 1 | C173: 8713000 | D173: LIMPIEZA GENERAL - REMOCIÓN DE POLVO, SUCIEDAD, TELARAÑAS Y DEMÁS PARTÍCULAS QUE SE ACUMULAN EN EL CHASIS DEL EQUIPO TODO EN UNO Y/O CPU, CON DISPOSITIVO DE AIRE COMPRIMIDO O ASPIRADOR-SOPLADOR, TANTO AL INTERIOR DEL EQUIPO Y POR LAS RANURAS EXTERNAS DEL DISPOSITIVO. | E173: SERVICIO | F173: 0 | G173: 1 | H173: 81112300 | I173: OMITIDO | J173: SIN CREAR | K173: 396666.67 | L173: 238000 | M173: 50075.2 | N173: 42038.949 | O173: =QUARTILE(K173:N173,3)-QUARTILE(K173:N173,1) -> 229600.53 | P173: =QUARTILE(K173:N173,1)-O173*1.5 -> -296334.66 | Q173: =QUARTILE(K173:N173,3)+O173*1.5 -> 622067.46
B174: 2 | C174: 8713000 | D174: LIMPIEZA INTERNA Y EXTERNA GENERAL DE MONITORES LCD Y LED, APLICANDO SOLUCIÓN DE LIMPIEZA ESPECIALIZADA SOBRE LA PANTALLA, LIMPIEZA DE LA CUBIERTA Y LIMPIEZA DEL POLVO DE PARTES INTERNAS DEL MONITOR, USANDO AIRE COMPRIMIDO. | E174: SERVICIO | F174: 0 | G174: 1 | H174: 81112300 | I174: OMITIDO | J174: SIN CREAR | K174: 396666.67 | L174: 119000 | M174: 24097.5 | N174: 21018.949 | O174: =QUARTILE(K174:N174,3)-QUARTILE(K174:N174,1) -> 165088.8 | P174: =QUARTILE(K174:N174,1)-O174*1.5 -> -224305.34 | Q174: =QUARTILE(K174:N174,3)+O174*1.5 -> 436049.87
B175: 3 | C175: 8713000 | D175: VERIFICACIÓN, ACTUALIZACIÓN Y EJECUCIÓN DEL SOFTWARE ANTIVIRUS, ESTO PARA EQUIPOS PC Y PORTATILES QUE NO FUNCIONEN DENTRO LA RED INSTITUCIONAL. | E175: SERVICIO | F175: 0 | G175: 1 | H175: 81112300 | I175: OMITIDO | J175: SIN CREAR | K175: 396666.67 | L175: 178500 | M175: 52551.947 | N175: 21018.949 | O175: =QUARTILE(K175:N175,3)-QUARTILE(K175:N175,1) -> 188372.97 | P175: =QUARTILE(K175:N175,1)-O175*1.5 -> -237890.76 | Q175: =QUARTILE(K175:N175,3)+O175*1.5 -> 515601.12
B176: 4 | C176: 8713000 | D176: LIMPIEZA GENERAL DE LA FUENTE DE ALIMENTACIÓN DE ENERGÍA O FUENTE DE PODER MÁS LA APLICACIÓN DE SOLUCIONES LIMPIADORAS DE CIRCUITOS ELECTRÓNICOS. | E176: SERVICIO | F176: 0 | G176: 1 | H176: 81112300 | I176: OMITIDO | J176: SIN CREAR | K176: 396666.67 | L176: 148750 | M176: 24097.5 | N176: 21018.949 | O176: =QUARTILE(K176:N176,3)-QUARTILE(K176:N176,1) -> 187401.3 | P176: =QUARTILE(K176:N176,1)-O176*1.5 -> -257774.09 | Q176: =QUARTILE(K176:N176,3)+O176*1.5 -> 491831.12
B177: 5 | C177: 8713000 | D177: LIMPIEZA EXTERNA CON SOLUCIÓN JABONOSA. | E177: SERVICIO | F177: 0 | G177: 1 | H177: 81112300 | I177: OMITIDO | J177: SIN CREAR | K177: 396666.67 | L177: 297500 | M177: 24097.5 | N177: 21018.949 | O177: =QUARTILE(K177:N177,3)-QUARTILE(K177:N177,1) -> 298963.8 | P177: =QUARTILE(K177:N177,1)-O177*1.5 -> -425117.84 | Q177: =QUARTILE(K177:N177,3)+O177*1.5 -> 770737.37
...

Sheet OFERTA ECONÓMICA
B2: OFERTA ECONÓMICA
B3: Yo, ____________________________, identificado (a) como aparece al pie de mi firma, actuando en calidad de representante legal de ____________________ (razón social del proponente), presento oferta económica inicial dentro del proceso de Mínima Cuantía, cuyo objeto es: “ADQUISICIÓN Y MANTENIMIENTO DE EQUIPOS MÉDICOS, BIOMÉDICOS Y ELEMENTOS MÉDICOS PARA LAS UNIDADES MILITARES, VIGENCIA 2026.”
B4: ÍTEM | C4: CÓDIGO UNSPSC | D4: DESCRIPCIÓN DEL BIEN Y/O SERVICIO | E4: UNIDAD DE MEDIDA | F4: VALOR UNITARIO ANTES DE IVA | G4: IVA | H4: VALOR UNITARIO IVA INCLUIDO
B5: 1 | C5: 72154101 | D5: SERVICIO DE MANTENIMIENTO PREVENTIVO Y/O CORRECTIVO PARA COMPRESOR DE UNIDAD ODONTOLÓGICA, QUE INCLUYA: REVISIÓN GENERAL, LIMPIEZA INTERNA, LUBRICACIÓN, AJUSTE DE PRESIÓN, VERIFICACIÓN DE FUGAS, CAMBIO DE FILTROS, PRUEBAS DE FUNCIONAMIENTO, CONTROL DE VIBRACIÓN, REVISIÓN ELÉCTRICA Y ENTREGA DE INFORME TÉCNICO DETALLADO. | E5: UN
B6: =B5+1 -> 2 | C6: 41111508 | D6: BÁSCULA PESA-PERSONAS CON TALLÍMETRO INTEGRADO, CAPACIDAD MÍNIMA 300 KG, PRECISIÓN 50 G, PLATAFORMA ANTIDESLIZANTE, ESTRUCTURA METÁLICA REFORZADA, INDICADOR DIGITAL O MECÁNICO DE FÁCIL LECTURA, TALLÍMETRO GRADUADO MÍNIMO HASTA 2,10 M. DEBE ENTREGARSE CON CERTIFICADO DE CALIBRACIÓN VIGENTE EMITIDO POR LABORATORIO ACREDITADO ANTE ONAC. | E6: UN
B7: =B6+1 -> 3 | C7: 42191808 | D7: CAMA HOSPITALARIA MECÁNICA FABRICADA EN ACERO, CON CINCO POSICIONES AJUSTABLES, TENDIDO TROQUELADO DIVIDIDO EN TRES SECCIONES, DOS BARANDAS LATERALES ECUALIZABLES, ATRIL DOBLE GANCHO, CUATRO RUEDAS GRADO HOSPITALARIO DE 3” CON FRENO, CAPACIDAD MÍNIMA DE CARGA 180 KG, ACABADO EN PINTURA ELECTROSTÁTICA. DIMENSIONES MÍNIMAS: LARGO 1,93 M, ANCHO 0,90 M, ALTO 0,50 M. | E7: UN
B8: =B7+1 -> 4 | C8: 42192201 | D8: CAMILLA HOSPITALARIA FIJA TAPIZADA TIPO CORDOBÁN - CAMILLA HOSPITALARIA FIJA CON ESTRUCTURA METÁLICA REFORZADA, SUPERFICIE ACOLCHADA TAPIZADA EN MATERIAL SINTÉTICO TIPO CORDOBÁN, RESISTENTE A FLUIDOS, DESINFECTANTES Y DESGASTE. DIMENSIONES MÍNIMAS: LARGO 1,70 M, ANCHO 0,60 M, ALTURA 0,60 M. SOLDADURAS REFORZADAS Y PATAS ANTIDESLIZANTES. | E8: UN
B9: =B8+1 -> 5 | C9: 42182005 | D9: EQUIPO DE ÓRGANOS DE PARED (OTOSCOPIO + OFTALMOSCOPIO) EQUIPO DE ÓRGANOS DE PARED CON TRANSFORMADOR DE 3.5V, DOS MANGOS ERGONÓMICOS, CABEZALES DE OTOSCOPIO Y OFTALMOSCOPIO, ILUMINACIÓN LED DE ALTA EFICIENCIA, ENCENDIDO/APAGADO AUTOMÁTICO, FILTROS DIAGNÓSTICOS, COMPATIBILIDAD ELECTROMAGNÉTICA, CARCASA RESISTENTE Y SISTEMA DE MONTAJE SEGURO.
B10: VALOR TOTAL
B11: FIRMA Y DATOS DEL REPRESENTANTE LEGAL
B12: Firma:
B13: Nombre:
B14: Cédula de ciudadanía:
B15: En representación de:
B16: NIT:

Sheet CANTIDADES MÍNIMAS
B3: ÍTEM | C3: CÓDIGO DANE | D3: DESCRIPCIÓN DEL BIEN Y/O SERVICIO | E3: UNIDAD MEDIDA | F3: EXISTENCIAS (STOCK - INVENTARIOS) | G3: BAACA10 | H3: BAACA2 | I3: BACAC | J3: BAMAD3 | K3: BAS10 | L3: BICAR | M3: BIMOC | N3: BR10 | O3: CENAC VALLEDUPAR | P3: DIM15 | Q3: FUTAM | R3: GMMAT | S3: GMRON | T3: NT | U3: M | V3: L | W3: PRECIO UNITARIO DE REFERENCIA | X3: VALOR TOTAL | Y3: BAACA10 | AC3: BAACA2 | AG3: BACAC | AK3: BAMAD3 | AO3: BAS10 | AS3: BICAR | AW3: BIMOC | BA3: BR10 | BE3: CENAC VALLEDUPAR | BI3: DIM15 | BM3: FUTAM | BQ3: GMMAT | BU3: GMRON
Y4: NT | Z4: M | AA4: L | AB4: VT | AC4: NT | AD4: M | AE4: L | AF4: VT | AG4: NT | AH4: M | AI4: L | AJ4: VT | AK4: NT | AL4: M | AM4: L | AN4: VT | AO4: NT | AP4: M | AQ4: L | AR4: VT | AS4: NT | AT4: M | AU4: L | AV4: VT | AW4: NT | AX4: M | AY4: L | AZ4: VT | BA4: NT | BB4: M | BC4: L | BD4: VT | BE4: NT | BF4: M | BG4: L | BH4: VT | BI4: NT | BJ4: M | BK4: L | BL4: VT | BM4: NT | BN4: M | BO4: L | BP4: VT | BQ4: NT | BR4: M | BS4: L | BT4: VT | BU4: NT | BV4: M | BW4: L | BX4: VT
B5: DOTACION UNIFORME FEMENINO PERSONAL AUXILIAR ADMINISTRATIVO DOTACION DE VESTUARIO CIVIL CLIMA CALIDO Y FRIO NTMD-0359
B6: A-02-02-01-002-008 DOTACIÓN (PRENDAS DE VESTIR Y CALZADO)
B7: ='OFERTA ECONÓMICA'!B5 -> 1 | C7: ='OFERTA ECONÓMICA'!C5 -> 72154101 | D7: ='OFERTA ECONÓMICA'!D5 -> SERVICIO DE MANTENIMIENTO PREVENTIVO Y/O CORRECTIVO PARA COMPRESOR DE UNIDAD ODONTOLÓGICA, QUE INCLUYA: REVISIÓN GENERAL, LIMPIEZA INTERNA, LUBRICACIÓN, AJUSTE DE PRESIÓN, VERIFICACIÓN DE FUGAS, CAMBIO DE FILTROS, PRUEBAS DE FUNCIONAMIENTO, CONTROL DE VIBRACIÓN, REVISIÓN ELÉCTRICA Y ENTREGA DE INFORME TÉCNICO DETALLADO. | E7: ='OFERTA ECONÓMICA'!E5 -> UN | F7: ='OFERTA ECONÓMICA'!#REF! -> #REF! | G7: ='OFERTA ECONÓMICA'!#REF! -> #REF! | H7: ='OFERTA ECONÓMICA'!#REF! -> #REF! | I7: ='OFERTA ECONÓMICA'!#REF! -> #REF! | J7: ='OFERTA ECONÓMICA'!#REF! -> #REF! | K7: ='OFERTA ECONÓMICA'!#REF! -> #REF! | L7: ='OFERTA ECONÓMICA'!#REF! -> #REF! | M7: ='OFERTA ECONÓMICA'!#REF! -> #REF! | ... T7: ='OFERTA ECONÓMICA'!#REF! -> #REF! | W7: ='OFERTA ECONÓMICA'!#REF! -> #REF! | X7: =U7*W7 -> #REF! | Y7: =G7 -> #REF! | Z7: 2 | AB7: =Z7*W7 -> #REF! | AC7: =H7 -> #REF! | AG7: =I7 -> #REF! | AK7: =J7 -> #REF! | AO7: =K7 -> #REF! | AS7: =L7 -> #REF! | AW7: =M7 -> #REF! | BA7: =N7 -> #REF! | BE7: =O7 -> #REF! | BI7: =P7 -> #REF! | BM7: =Q7 -> #REF! | BQ7: =R7 -> #REF! | BU7: =S7 -> #REF!
B8: ='OFERTA ECONÓMICA'!B6 -> 2 | C8: ='OFERTA ECONÓMICA'!C6 -> 41111508 | D8: ='OFERTA ECONÓMICA'!D6 -> BÁSCULA PESA-PERSONAS CON TALLÍMETRO INTEGRADO, CAPACIDAD MÍNIMA 300 KG, PRECISIÓN 50 G, PLATAFORMA ANTIDESLIZANTE, ESTRUCTURA METÁLICA REFORZADA, INDICADOR DIGITAL O MECÁNICO DE FÁCIL LECTURA, TALLÍMETRO GRADUADO MÍNIMO HASTA 2,10 M. DEBE ENTREGARSE CON CERTIFICADO DE CALIBRACIÓN VIGENTE EMITIDO POR LABORATORIO ACREDITADO ANTE ONAC. | E8: ='OFERTA ECONÓMICA'!E6 -> UN | F8: ='OFERTA ECONÓMICA'!#REF! -> #REF! | G8: ='OFERTA ECONÓMICA'!#REF! -> #REF! | H8: ='OFERTA ECONÓMICA'!#REF! -> #REF! | I8: ='OFERTA ECONÓMICA'!#REF! -> #REF! | J8: ='OFERTA ECONÓMICA'!#REF! -> #REF! | K8: ='OFERTA ECONÓMICA'!#REF! -> #REF! | L8: ='OFERTA ECONÓMICA'!#REF! -> #REF! | M8: ='OFERTA ECONÓMICA'!#REF! -> #REF! | ... T8: ='OFERTA ECONÓMICA'!#REF! -> #REF! | W8: ='OFERTA ECONÓMICA'!#REF! -> #REF! | X8: =U8*W8 -> #REF! | Y8: =G8 -> #REF! | Z8: 6 | AB8: =Z8*W8 -> #REF! | AC8: =H8 -> #REF! | AG8: =I8 -> #REF! | AK8: =J8 -> #REF! | AO8: =K8 -> #REF! | AS8: =L8 -> #REF! | AW8: =M8 -> #REF! | BA8: =N8 -> #REF! | BE8: =O8 -> #REF! | BI8: =P8 -> #REF! | BM8: =Q8 -> #REF! | BQ8: =R8 -> #REF! | BU8: =S8 -> #REF!
B9: ='OFERTA ECONÓMICA'!B7 -> 3 | C9: ='OFERTA ECONÓMICA'!C7 -> 42191808 | D9: ='OFERTA ECONÓMICA'!D7 -> CAMA HOSPITALARIA MECÁNICA FABRICADA EN ACERO, CON CINCO POSICIONES AJUSTABLES, TENDIDO TROQUELADO DIVIDIDO EN TRES SECCIONES, DOS BARANDAS LATERALES ECUALIZABLES, ATRIL DOBLE GANCHO, CUATRO RUEDAS GRADO HOSPITALARIO DE 3” CON FRENO, CAPACIDAD MÍNIMA DE CARGA 180 KG, ACABADO EN PINTURA ELECTROSTÁTICA. DIMENSIONES MÍNIMAS: LARGO 1,93 M, ANCHO 0,90 M, ALTO 0,50 M. | E9: ='OFERTA ECONÓMICA'!E7 -> UN | F9: ='OFERTA ECONÓMICA'!#REF! -> #REF! | G9: ='OFERTA ECONÓMICA'!#REF! -> #REF! | H9: ='OFERTA ECONÓMICA'!#REF! -> #REF! | I9: ='OFERTA ECONÓMICA'!#REF! -> #REF! | J9: ='OFERTA ECONÓMICA'!#REF! -> #REF! | K9: ='OFERTA ECONÓMICA'!#REF! -> #REF! | L9: ='OFERTA ECONÓMICA'!#REF! -> #REF! | M9: ='OFERTA ECONÓMICA'!#REF! -> #REF! | ... T9: ='OFERTA ECONÓMICA'!#REF! -> #REF! | W9: ='OFERTA ECONÓMICA'!#REF! -> #REF! | X9: =U9*W9 -> #REF! | Y9: =G9 -> #REF! | Z9: 4 | AB9: =Z9*W9 -> #REF! | AC9: =H9 -> #REF! | AG9: =I9 -> #REF! | AK9: =J9 -> #REF! | AO9: =K9 -> #REF! | AS9: =L9 -> #REF! | AW9: =M9 -> #REF! | BA9: =N9 -> #REF! | BE9: =O9 -> #REF! | BI9: =P9 -> #REF! | BM9: =Q9 -> #REF! | BQ9: =R9 -> #REF! | BU9: =S9 -> #REF!
B10: ='OFERTA ECONÓMICA'!B8 -> 4 | C10: ='OFERTA ECONÓMICA'!C8 -> 42192201 | D10: ='OFERTA ECONÓMICA'!D8 -> CAMILLA HOSPITALARIA FIJA TAPIZADA TIPO CORDOBÁN - CAMILLA HOSPITALARIA FIJA CON ESTRUCTURA METÁLICA REFORZADA, SUPERFICIE ACOLCHADA TAPIZADA EN MATERIAL SINTÉTICO TIPO CORDOBÁN, RESISTENTE A FLUIDOS, DESINFECTANTES Y DESGASTE. DIMENSIONES MÍNIMAS: LARGO 1,70 M, ANCHO 0,60 M, ALTURA 0,60 M. SOLDADURAS REFORZADAS Y PATAS ANTIDESLIZANTES. | E10: ='OFERTA ECONÓMICA'!E8 -> UN | F10: ='OFERTA ECONÓMICA'!#REF! -> #REF! | G10: ='OFERTA ECONÓMICA'!#REF! -> #REF! | H10: ='OFERTA ECONÓMICA'!#REF! -> #REF! | I10: ='OFERTA ECONÓMICA'!#REF! -> #REF! | J10: ='OFERTA ECONÓMICA'!#REF! -> #REF! | K10: ='OFERTA ECONÓMICA'!#REF! -> #REF! | L10: ='OFERTA ECONÓMICA'!#REF! -> #REF! | M10: ='OFERTA ECONÓMICA'!#REF! -> #REF! | ... T10: ='OFERTA ECONÓMICA'!#REF! -> #REF! | W10: ='OFERTA ECONÓMICA'!#REF! -> #REF! | X10: =U10*W10 -> #REF! | Y10: =G10 -> #REF! | Z10: 4 | AB10: =Z10*W10 -> #REF! | AC10: =H10 -> #REF! | AG10: =I10 -> #REF! | AK10: =J10 -> #REF! | AO10: =K10 -> #REF! | AS10: =L10 -> #REF! | AW10: =M10 -> #REF! | BA10: =N10 -> #REF! | BE10: =O10 -> #REF! | BI10: =P10 -> #REF! | BM10: =Q10 -> #REF! | BQ10: =R10 -> #REF! | BU10: =S10 -> #REF!
B11: ='OFERTA ECONÓMICA'!B9 -> 5 | C11: ='OFERTA ECONÓMICA'!C9 -> 42182005 | D11: ='OFERTA ECONÓMICA'!D9 -> EQUIPO DE ÓRGANOS DE PARED (OTOSCOPIO + OFTALMOSCOPIO) EQUIPO DE ÓRGANOS DE PARED CON TRANSFORMADOR DE 3.5V, DOS MANGOS ERGONÓMICOS, CABEZALES DE OTOSCOPIO Y OFTALMOSCOPIO, ILUMINACIÓN LED DE ALTA EFICIENCIA, ENCENDIDO/APAGADO AUTOMÁTICO, FILTROS DIAGNÓSTICOS, COMPATIBILIDAD ELECTROMAGNÉTICA, CARCASA RESISTENTE Y SISTEMA DE MONTAJE SEGURO. | E11: ='OFERTA ECONÓMICA'!E9 -> 0 | F11: ='OFERTA ECONÓMICA'!#REF! -> #REF! | G11: ='OFERTA ECONÓMICA'!#REF! -> #REF! | H11: ='OFERTA ECONÓMICA'!#REF! -> #REF! | I11: ='OFERTA ECONÓMICA'!#REF! -> #REF! | J11: ='OFERTA ECONÓMICA'!#REF! -> #REF! | K11: ='OFERTA ECONÓMICA'!#REF! -> #REF! | L11: ='OFERTA ECONÓMICA'!#REF! -> #REF! | M11: ='OFERTA ECONÓMICA'!#REF! -> #REF! | ... T11: ='OFERTA ECONÓMICA'!#REF! -> #REF! | W11: ='OFERTA ECONÓMICA'!#REF! -> #REF! | X11: =U11*W11 -> #REF! | Y11: =G11 -> #REF! | Z11: 2 | AB11: =Z11*W11 -> #REF! | AC11: =H11 -> #REF! | AG11: =I11 -> #REF! | AK11: =J11 -> #REF! | AO11: =K11 -> #REF! | AS11: =L11 -> #REF! | AW11: =M11 -> #REF! | BA11: =N11 -> #REF! | BE11: =O11 -> #REF! | BI11: =P11 -> #REF! | BM11: =Q11 -> #REF! | BQ11: =R11 -> #REF! | BU11: =S11 -> #REF!
B12: VALOR TOTAL DE LA NECESIDAD | Y12: =SUM(AB7:AB11) -> #REF! | AC12: =SUM(AF7:AF11) -> 0 | AG12: =SUM(AJ7:AJ11) -> 0 | AK12: =SUM(AN7:AN11) -> 0 | AO12: =SUM(AR7:AR11) -> 0 | AS12: =SUM(AV7:AV11) -> 0 | AW12: =SUM(AZ7:AZ11) -> 0 | BA12: =SUM(BD7:BD11) -> 0 | BE12: =SUM(BH7:BH11) -> 0 | BI12: =SUM(BL7:BL11) -> 0 | BM12: =SUM(BP7:BP11) -> 0 | BQ12: =SUM(BT7:BT11) -> 0 | BU12: =SUM(BX7:BX11) -> 0
B13: PRESUPUESTO ASIGNADO | Y13: =SUM(#REF!) -> #REF! | AC13: =SUM(#REF!) -> #REF! | AG13: =SUM(#REF!) -> #REF! | AK13: =SUM(#REF!) -> #REF! | AO13: =SUM(#REF!) -> #REF! | AS13: =SUM(#REF!) -> #REF! | AW13: =SUM(#REF!) -> #REF! | BA13: =SUM(#REF!) -> #REF! | BE13: =SUM(#REF!) -> #REF! | BI13: =SUM(#REF!) -> #REF! | BM13: =SUM(#REF!) -> #REF! | BQ13: =SUM(#REF!) -> #REF! | BU13: =SUM(#REF!) -> #REF!
B14: SALDO | Y14: =Y13-Y12 -> #REF! | AC14: =AC13-AC12 -> #REF! | AG14: =AG13-AG12 -> #REF! | AK14: =AK13-AK12 -> #REF! | AO14: =AO13-AO12 -> #REF! | AS14: =AS13-AS12 -> #REF! | AW14: =AW13-AW12 -> #REF! | BA14: =BA13-BA12 -> #REF! | BE14: =BE13-BE12 -> #REF! | BI14: =BI13-BI12 -> #REF! | BM14: =BM13-BM12 -> #REF! | BQ14: =BQ13-BQ12 -> #REF! | BU14: =BU13-BU12 -> #REF!
B16: DOTACION UNIFORME MASCULINO PERSONAL AUXILIAR ADMINISTRATIVO DOTACION DE VESTUARIO CIVIL CLIMA CALIDO Y FRIO NTMD-0359
B17: A-02-02-01-002-008 DOTACIÓN (PRENDAS DE VESTIR Y CALZADO)
B18: ÍTEM | C18: CÓDIGO DANE | D18: DESCRIPCIÓN DEL BIEN Y/O SERVICIO | E18: UNIDAD MEDIDA | F18: EXISTENCIAS (STOCK - INVENTARIOS) | G18: ='OFERTA ECONÓMICA'!#REF! -> #REF! | H18: ='OFERTA ECONÓMICA'!#REF! -> #REF! | I18: ='OFERTA ECONÓMICA'!#REF! -> #REF! | J18: ='OFERTA ECONÓMICA'!#REF! -> #REF! | K18: ='OFERTA ECONÓMICA'!#REF! -> #REF! | L18: ='OFERTA ECONÓMICA'!#REF! -> #REF! | M18: ='OFERTA ECONÓMICA'!#REF! -> #REF! | N18: ='OFERTA ECONÓMICA'!#REF! -> #REF! | ... S18: ='OFERTA ECONÓMICA'!#REF! -> #REF! | T18: NT | U18: M | V18: L | W18: PRECIO UNITARIO DE REFERENCIA | X18: VALOR TOTAL | Y18: BAACA10 | AC18: BAACA2 | AG18: BACAC | AK18: BAMAD3 | AO18: BAS10 | AS18: BICAR | AW18: BIMOC | BA18: BR10 | BE18: CENAC VALLEDUPAR | BI18: DIM15 | BM18: FUTAM | BQ18: GMMAT | BU18: GMRON
H19: ='OFERTA ECONÓMICA'!#REF! -> #REF! | I19: ='OFERTA ECONÓMICA'!#REF! -> #REF! | J19: ='OFERTA ECONÓMICA'!#REF! -> #REF! | K19: ='OFERTA ECONÓMICA'!#REF! -> #REF! | L19: ='OFERTA ECONÓMICA'!#REF! -> #REF! | M19: ='OFERTA ECONÓMICA'!#REF! -> #REF! | N19: ='OFERTA ECONÓMICA'!#REF! -> #REF! | O19: ='OFERTA ECONÓMICA'!#REF! -> #REF! | ... S19: ='OFERTA ECONÓMICA'!#REF! -> #REF! | Y19: NT | Z19: M | AA19: L | AB19: VT | AC19: NT | AD19: M | AE19: L | AF19: VT | AG19: NT | AH19: M | AI19: L | AJ19: VT | AK19: NT | AL19: M | AM19: L | AN19: VT | AO19: NT | AP19: M | AQ19: L | AR19: VT | AS19: NT | AT19: M | AU19: L | AV19: VT | AW19: NT | AX19: M | AY19: L | AZ19: VT | BA19: NT | BB19: M | BC19: L | BD19: VT | BE19: NT | BF19: M | BG19: L | BH19: VT | BI19: NT | BJ19: M | BK19: L | BL19: VT | BM19: NT | BN19: M | BO19: L | BP19: VT | BQ19: NT | BR19: M | BS19: L | BT19: VT | BU19: NT | BV19: M | BW19: L | BX19: VT
B20: ='OFERTA ECONÓMICA'!#REF! -> #REF! | C20: 2823101 | D20: DOTACIÓN DE VESTUARIO CIVIL CLIMA CÁLIDO Y FRÍO NTMD-0359. 3.1.2.1 Diseño y confección vestido formal. Se compone de dos piezas: saco y pantalón (NTMD-0359). Saco ítem 3.1.2.1.1, pág. 11. Pantalón ítem 3.1.2.1.2, pág. 12. Color (opcional). | E20: UNIDAD | F20: 0 | G20: ='OFERTA ECONÓMICA'!#REF! -> #REF! | H20: ='OFERTA ECONÓMICA'!#REF! -> #REF! | I20: ='OFERTA ECONÓMICA'!#REF! -> #REF! | J20: ='OFERTA ECONÓMICA'!#REF! -> #REF! | K20: ='OFERTA ECONÓMICA'!#REF! -> #REF! | L20: ='OFERTA ECONÓMICA'!#REF! -> #REF! | M20: ='OFERTA ECONÓMICA'!#REF! -> #REF! | N20: ='OFERTA ECONÓMICA'!#REF! -> #REF! | ... T20: ='OFERTA ECONÓMICA'!#REF! -> #REF! | W20: ='OFERTA ECONÓMICA'!#REF! -> #REF! | X20: =U20*W20 -> #REF! | Y20: =G20 -> #REF! | AC20: =H20 -> #REF! | AG20: =I20 -> #REF! | AK20: =J20 -> #REF! | AO20: =K20 -> #REF! | AS20: =L20 -> #REF! | AW20: =M20 -> #REF! | BA20: =N20 -> #REF! | BE20: =O20 -> #REF! | BI20: =P20 -> #REF! | BM20: =Q20 -> #REF! | BQ20: =R20 -> #REF! | BU20: =S20 -> #REF!
B21: =B20+1 -> #REF! | C21: 2823213 | D21: DOTACIÓN DE VESTUARIO CIVIL CLIMA CÁLIDO Y FRÍO NTMD-0359. 3.1.2.2 Diseño y confección camisa formal manga larga. El cuello de la camisa debe ser compuesto tipo corbata con pie de cuello y su respectivo botón; debe ir unido al cuerpo de la camisa mediante costura doble, terminado en puntas con botón para ajustar la punta del cuello al cuerpo de la camisa a cada lado, con un refuerzo como elemento estructural elaborado en un material que no se deforme, no se quiebre ni se marque en el planchado, pág. 12 (NTMD-0359). Color (opcional). | E21: UNIDAD | F21: 0 | G21: ='OFERTA ECONÓMICA'!#REF! -> #REF! | H21: ='OFERTA ECONÓMICA'!#REF! -> #REF! | I21: ='OFERTA ECONÓMICA'!#REF! -> #REF! | J21: ='OFERTA ECONÓMICA'!#REF! -> #REF! | K21: ='OFERTA ECONÓMICA'!#REF! -> #REF! | L21: ='OFERTA ECONÓMICA'!#REF! -> #REF! | M21: ='OFERTA ECONÓMICA'!#REF! -> #REF! | N21: ='OFERTA ECONÓMICA'!#REF! -> #REF! | ... T21: ='OFERTA ECONÓMICA'!#REF! -> #REF! | W21: ='OFERTA ECONÓMICA'!#REF! -> #REF! | X21: =U21*W21 -> #REF! | Y21: =G21 -> #REF! | AC21: =H21 -> #REF! | AG21: =I21 -> #REF! | AK21: =J21 -> #REF! | AO21: =K21 -> #REF! | AS21: =L21 -> #REF! | AW21: =M21 -> #REF! | BA21: =N21 -> #REF! | BE21: =O21 -> #REF! | BI21: =P21 -> #REF! | BM21: =Q21 -> #REF! | BQ21: =R21 -> #REF! | BU21: =S21 -> #REF!
B22: =B21+1 -> #REF! | C22: 2823125 | D22: DOTACIÓN DE VESTUARIO CIVIL CLIMA CÁLIDO Y FRÍO NTMD-0359. 3.1.2.13 Diseño y confección pantalón dril formal. Confeccionado en dos (2) delanteros y dos (2) posteriores de bota semientubada, con pretina elaborada en el mismo material del pantalón, en su contorno con mínimo seis (6) pasadores distribuidos equidistantemente, pág. 17 (NTMD-0359). | E22: UNIDAD | F22: 0 | G22: ='OFERTA ECONÓMICA'!#REF! -> #REF! | H22: ='OFERTA ECONÓMICA'!#REF! -> #REF! | I22: ='OFERTA ECONÓMICA'!#REF! -> #REF! | J22: ='OFERTA ECONÓMICA'!#REF! -> #REF! | K22: ='OFERTA ECONÓMICA'!#REF! -> #REF! | L22: ='OFERTA ECONÓMICA'!#REF! -> #REF! | M22: ='OFERTA ECONÓMICA'!#REF! -> #REF! | N22: ='OFERTA ECONÓMICA'!#REF! -> #REF! | ... T22: ='OFERTA ECONÓMICA'!#REF! -> #REF! | W22: ='OFERTA ECONÓMICA'!#REF! -> #REF! | X22: =U22*W22 -> #REF! | Y22: =G22 -> #REF! | AC22: =H22 -> #REF! | AG22: =I22 -> #REF! | AK22: =J22 -> #REF! | AO22: =K22 -> #REF! | AS22: =L22 -> #REF! | AW22: =M22 -> #REF! | BA22: =N22 -> #REF! | BE22: =O22 -> #REF! | BI22: =P22 -> #REF! | BM22: =Q22 -> #REF! | BQ22: =R22 -> #REF! | BU22: =S22 -> #REF!
B23: =B22+1 -> #REF! | C23: 2824199 | D23: CALZADO PARA DAMA Y CABALLERO PERSONAL CIVIL NTMD-0361, pág. 12. 3.1.3 Calzado caballero. 3.1.3.1 Calzado de calle para caballero formal. 3.1.3.1.1 Modelos: mínimo cuatro (4) modelos en colores sobrios. 3.1.3.1.2 Cuero: debe ser flexible y uniforme, y no debe presentar eflorescencias de grasas o de sales. | E23: PAR | F23: 0 | G23: ='OFERTA ECONÓMICA'!#REF! -> #REF! | H23: ='OFERTA ECONÓMICA'!#REF! -> #REF! | I23: ='OFERTA ECONÓMICA'!#REF! -> #REF! | J23: ='OFERTA ECONÓMICA'!#REF! -> #REF! | K23: ='OFERTA ECONÓMICA'!#REF! -> #REF! | L23: ='OFERTA ECONÓMICA'!#REF! -> #REF! | M23: ='OFERTA ECONÓMICA'!#REF! -> #REF! | N23: ='OFERTA ECONÓMICA'!#REF! -> #REF! | ... T23: ='OFERTA ECONÓMICA'!#REF! -> #REF! | W23: ='OFERTA ECONÓMICA'!#REF! -> #REF! | X23: =U23*W23 -> #REF! | Y23: =G23 -> #REF! | AC23: =H23 -> #REF! | AG23: =I23 -> #REF! | AK23: =J23 -> #REF! | AO23: =K23 -> #REF! | AS23: =L23 -> #REF! | AW23: =M23 -> #REF! | BA23: =N23 -> #REF! | BE23: =O23 -> #REF! | BI23: =P23 -> #REF! | BM23: =Q23 -> #REF! | BQ23: =R23 -> #REF! | BU23: =S23 -> #REF!
B24: VALOR TOTAL DE LA NECESIDAD | Y24: =SUM(AB19:AB23) -> 0 | AC24: =SUM(AF19:AF23) -> 0 | AG24: =SUM(AJ19:AJ23) -> 0 | AK24: =SUM(AN19:AN23) -> 0 | AO24: =SUM(AR19:AR23) -> 0 | AS24: =SUM(AV19:AV23) -> 0 | AW24: =SUM(AZ19:AZ23) -> 0 | BA24: =SUM(BD19:BD23) -> 0 | BE24: =SUM(BH19:BH23) -> 0 | BI24: =SUM(BL19:BL23) -> 0 | BM24: =SUM(BP19:BP23) -> 0 | BQ24: =SUM(BT19:BT23) -> 0 | BU24: =SUM(BX19:BX23) -> 0
B25: PRESUPUESTO ASIGNADO
B26: SALDO | Y26: =Y25-Y24 -> 0 | AC26: =AC25-AC24 -> 0 | AG26: =AG25-AG24 -> 0 | AK26: =AK25-AK24 -> 0 | AO26: =AO25-AO24 -> 0 | AS26: =AS25-AS24 -> 0 | AW26: =AW25-AW24 -> 0 | BA26: =BA25-BA24 -> 0 | BE26: =BE25-BE24 -> 0 | BI26: =BI25-BI24 -> 0 | BM26: =BM25-BM24 -> 0 | BQ26: =BQ25-BQ24 -> 0 | BU26: =BU25-BU24 -> 0
B28: DOTACION ORIENTADORES ESPIRITUALES JEMPP-CEDE4-DIETE-ET-04693 INT-0
B29: A-02-02-01-002-008 DOTACIÓN (PRENDAS DE VESTIR Y CALZADO)
B30: ÍTEM | C30: CÓDIGO DANE | D30: DESCRIPCIÓN DEL BIEN Y/O SERVICIO | E30: UNIDAD MEDIDA | F30: EXISTENCIAS (STOCK - INVENTARIOS) | G30: ='OFERTA ECONÓMICA'!#REF! -> #REF! | H30: ='OFERTA ECONÓMICA'!#REF! -> #REF! | I30: ='OFERTA ECONÓMICA'!#REF! -> #REF! | J30: ='OFERTA ECONÓMICA'!#REF! -> #REF! | K30: ='OFERTA ECONÓMICA'!#REF! -> #REF! | L30: ='OFERTA ECONÓMICA'!#REF! -> #REF! | M30: ='OFERTA ECONÓMICA'!#REF! -> #REF! | N30: ='OFERTA ECONÓMICA'!#REF! -> #REF! | ... S30: ='OFERTA ECONÓMICA'!#REF! -> #REF! | T30: NT | U30: M | V30: L | W30: PRECIO UNITARIO DE REFERENCIA | X30: VALOR TOTAL | Y30: BAACA10 | AC30: BAACA2 | AG30: BACAC | AK30: BAMAD3 | AO30: BAS10 | AS30: BICAR | AW30: BIMOC | BA30: BR10 | BE30: CENAC VALLEDUPAR | BI30: DIM15 | BM30: FUTAM | BQ30: GMMAT | BU30: GMRON
G31: ='OFERTA ECONÓMICA'!#REF! -> #REF! | H31: ='OFERTA ECONÓMICA'!#REF! -> #REF! | I31: ='OFERTA ECONÓMICA'!#REF! -> #REF! | J31: ='OFERTA ECONÓMICA'!#REF! -> #REF! | K31: ='OFERTA ECONÓMICA'!#REF! -> #REF! | L31: ='OFERTA ECONÓMICA'!#REF! -> #REF! | M31: ='OFERTA ECONÓMICA'!#REF! -> #REF! | N31: ='OFERTA ECONÓMICA'!#REF! -> #REF! | ... S31: ='OFERTA ECONÓMICA'!#REF! -> #REF! | Y31: NT | Z31: M | AA31: L | AB31: VT | AC31: NT | AD31: M | AE31: L | AF31: VT | AG31: NT | AH31: M | AI31: L | AJ31: VT | AK31: NT | AL31: M | AM31: L | AN31: VT | AO31: NT | AP31: M | AQ31: L | AR31: VT | AS31: NT | AT31: M | AU31: L | AV31: VT | AW31: NT | AX31: M | AY31: L | AZ31: VT | BA31: NT | BB31: M | BC31: L | BD31: VT | BE31: NT | BF31: M | BG31: L | BH31: VT | BI31: NT | BJ31: M | BK31: L | BL31: VT | BM31: NT | BN31: M | BO31: L | BP31: VT | BQ31: NT | BR31: M | BS31: L | BT31: VT | BU31: NT | BV31: M | BW31: L | BX31: VT
B32: ='OFERTA ECONÓMICA'!#REF! -> #REF! | C32: ='OFERTA ECONÓMICA'!#REF! -> #REF! | D32: ='OFERTA ECONÓMICA'!#REF! -> #REF! | E32: ='OFERTA ECONÓMICA'!#REF! -> #REF! | F32: ='OFERTA ECONÓMICA'!#REF! -> #REF! | G32: ='OFERTA ECONÓMICA'!#REF! -> #REF! | H32: ='OFERTA ECONÓMICA'!#REF! -> #REF! | I32: ='OFERTA ECONÓMICA'!#REF! -> #REF! | ... T32: ='OFERTA ECONÓMICA'!#REF! -> #REF! | W32: ='OFERTA ECONÓMICA'!#REF! -> #REF! | X32: =U32*W32 -> #REF! | Y32: =G32 -> #REF! | AC32: =H32 -> #REF! | AG32: =I32 -> #REF! | AK32: =J32 -> #REF! | AO32: =K32 -> #REF! | AS32: =L32 -> #REF! | AW32: =M32 -> #REF! | BA32: =N32 -> #REF! | BE32: =O32 -> #REF! | BI32: =P32 -> #REF! | BM32: =Q32 -> #REF! | BQ32: =R32 -> #REF! | BU32: =S32 -> #REF!
B33: ='OFERTA ECONÓMICA'!#REF! -> #REF! | C33: ='OFERTA ECONÓMICA'!#REF! -> #REF! | D33: ='OFERTA ECONÓMICA'!#REF! -> #REF! | E33: ='OFERTA ECONÓMICA'!#REF! -> #REF! | F33: ='OFERTA ECONÓMICA'!#REF! -> #REF! | G33: ='OFERTA ECONÓMICA'!#REF! -> #REF! | H33: ='OFERTA ECONÓMICA'!#REF! -> #REF! | I33: ='OFERTA ECONÓMICA'!#REF! -> #REF! | ... T33: ='OFERTA ECONÓMICA'!#REF! -> #REF! | W33: ='OFERTA ECONÓMICA'!#REF! -> #REF! | X33: =U33*W33 -> #REF! | Y33: =G33 -> #REF! | AC33: =H33 -> #REF! | AG33: =I33 -> #REF! | AK33: =J33 -> #REF! | AO33: =K33 -> #REF! | AS33: =L33 -> #REF! | AW33: =M33 -> #REF! | BA33: =N33 -> #REF! | BE33: =O33 -> #REF! | BI33: =P33 -> #REF! | BM33: =Q33 -> #REF! | BQ33: =R33 -> #REF! | BU33: =S33 -> #REF!
B34: ='OFERTA ECONÓMICA'!#REF! -> #REF! | C34: ='OFERTA ECONÓMICA'!#REF! -> #REF! | D34: ='OFERTA ECONÓMICA'!#REF! -> #REF! | E34: ='OFERTA ECONÓMICA'!#REF! -> #REF! | F34: ='OFERTA ECONÓMICA'!#REF! -> #REF! | G34: ='OFERTA ECONÓMICA'!#REF! -> #REF! | H34: ='OFERTA ECONÓMICA'!#REF! -> #REF! | I34: ='OFERTA ECONÓMICA'!#REF! -> #REF! | ... T34: ='OFERTA ECONÓMICA'!#REF! -> #REF! | W34: ='OFERTA ECONÓMICA'!#REF! -> #REF! | X34: =U34*W34 -> #REF! | Y34: =G34 -> #REF! | AC34: =H34 -> #REF! | AG34: =I34 -> #REF! | AK34: =J34 -> #REF! | AO34: =K34 -> #REF! | AS34: =L34 -> #REF! | AW34: =M34 -> #REF! | BA34: =N34 -> #REF! | BE34: =O34 -> #REF! | BI34: =P34 -> #REF! | BM34: =Q34 -> #REF! | BQ34: =R34 -> #REF! | BU34: =S34 -> #REF!
B35: ='OFERTA ECONÓMICA'!#REF! -> #REF! | C35: ='OFERTA ECONÓMICA'!#REF! -> #REF! | D35: ='OFERTA ECONÓMICA'!#REF! -> #REF! | E35: ='OFERTA ECONÓMICA'!#REF! -> #REF! | F35: ='OFERTA ECONÓMICA'!#REF! -> #REF! | G35: ='OFERTA ECONÓMICA'!#REF! -> #REF! | H35: ='OFERTA ECONÓMICA'!#REF! -> #REF! | I35: ='OFERTA ECONÓMICA'!#REF! -> #REF! | ... T35: ='OFERTA ECONÓMICA'!#REF! -> #REF! | W35: ='OFERTA ECONÓMICA'!#REF! -> #REF! | X35: =U35*W35 -> #REF! | Y35: =G35 -> #REF! | AC35: =H35 -> #REF! | AG35: =I35 -> #REF! | AK35: =J35 -> #REF! | AO35: =K35 -> #REF! | AS35: =L35 -> #REF! | AW35: =M35 -> #REF! | BA35: =N35 -> #REF! | BE35: =O35 -> #REF! | BI35: =P35 -> #REF! | BM35: =Q35 -> #REF! | BQ35: =R35 -> #REF! | BU35: =S35 -> #REF!
B36: ='OFERTA ECONÓMICA'!#REF! -> #REF! | C36: ='OFERTA ECONÓMICA'!#REF! -> #REF! | D36: ='OFERTA ECONÓMICA'!#REF! -> #REF! | E36: ='OFERTA ECONÓMICA'!#REF! -> #REF! | F36: ='OFERTA ECONÓMICA'!#REF! -> #REF! | G36: ='OFERTA ECONÓMICA'!#REF! -> #REF! | H36: ='OFERTA ECONÓMICA'!#REF! -> #REF! | I36: ='OFERTA ECONÓMICA'!#REF! -> #REF! | ... T36: ='OFERTA ECONÓMICA'!#REF! -> #REF! | W36: ='OFERTA ECONÓMICA'!#REF! -> #REF! | X36: =U36*W36 -> #REF! | Y36: =G36 -> #REF! | AC36: =H36 -> #REF! | AG36: =I36 -> #REF! | AK36: =J36 -> #REF! | AO36: =K36 -> #REF! | AS36: =L36 -> #REF! | AW36: =M36 -> #REF! | BA36: =N36 -> #REF! | BE36: =O36 -> #REF! | BI36: =P36 -> #REF! | BM36: =Q36 -> #REF! | BQ36: =R36 -> #REF! | BU36: =S36 -> #REF!
B37: VALOR TOTAL DE LA NECESIDAD | Y37: =SUM(AB32:AB36) -> 0 | AC37: =SUM(AF32:AF36) -> 0 | AG37: =SUM(AJ32:AJ36) -> 0 | AK37: =SUM(AN32:AN36) -> 0 | AO37: =SUM(AR32:AR36) -> 0 | AS37: =SUM(AV32:AV36) -> 0 | AW37: =SUM(AZ32:AZ36) -> 0 | BA37: =SUM(BD32:BD36) -> 0 | BE37: =SUM(BH32:BH36) -> 0 | BI37: =SUM(BL32:BL36) -> 0 | BM37: =SUM(BP32:BP36) -> 0 | BQ37: =SUM(BT32:BT36) -> 0 | BU37: =SUM(BX32:BX36) -> 0
B38: PRESUPUESTO ASIGNADO
B39: SALDO | Y39: =Y38-Y37 -> 0 | AC39: =AC38-AC37 -> 0 | AG39: =AG38-AG37 -> 0 | AK39: =AK38-AK37 -> 0 | AO39: =AO38-AO37 -> 0 | AS39: =AS38-AS37 -> 0 | AW39: =AW38-AW37 -> 0 | BA39: =BA38-BA37 -> 0 | BE39: =BE38-BE37 -> 0 | BI39: =BI38-BI37 -> 0 | BM39: =BM38-BM37 -> 0 | BQ39: =BQ38-BQ37 -> 0 | BU39: =BU38-BU37 -> 0
B41: DOTACION PERSONAL MUSICO UNIFORME BANDA SINFONICA Y BANDA DE MUSICOS CLIMA FRIO Y CLIMA CALIDO JEMPP-CEDE4-DIETE-ET-04692/INT-0
B42: A-02-02-01-002-008 DOTACIÓN (PRENDAS DE VESTIR Y CALZADO)
B43: ÍTEM | C43: CÓDIGO DANE | D43: DESCRIPCIÓN DEL BIEN Y/O SERVICIO | E43: UNIDAD MEDIDA | F43: EXISTENCIAS (STOCK - INVENTARIOS) | G43: ='OFERTA ECONÓMICA'!#REF! -> #REF! | H43: ='OFERTA ECONÓMICA'!#REF! -> #REF! | I43: ='OFERTA ECONÓMICA'!#REF! -> #REF! | J43: ='OFERTA ECONÓMICA'!#REF! -> #REF! | K43: ='OFERTA ECONÓMICA'!#REF! -> #REF! | L43: ='OFERTA ECONÓMICA'!#REF! -> #REF! | M43: ='OFERTA ECONÓMICA'!#REF! -> #REF! | N43: ='OFERTA ECONÓMICA'!#REF! -> #REF! | ... S43: ='OFERTA ECONÓMICA'!#REF! -> #REF! | T43: NT | U43: M | V43: L | W43: PRECIO UNITARIO DE REFERENCIA | X43: VALOR TOTAL | Y43: BAACA10 | AC43: BAACA2 | AG43: BACAC | AK43: BAMAD3 | AO43: BAS10 | AS43: BICAR | AW43: BIMOC | BA43: BR10 | BE43: CENAC VALLEDUPAR | BI43: DIM15 | BM43: FUTAM | BQ43: GMMAT | BU43: GMRON
G44: ='OFERTA ECONÓMICA'!#REF! -> #REF! | H44: ='OFERTA ECONÓMICA'!#REF! -> #REF! | I44: ='OFERTA ECONÓMICA'!#REF! -> #REF! | J44: ='OFERTA ECONÓMICA'!#REF! -> #REF! | K44: ='OFERTA ECONÓMICA'!#REF! -> #REF! | L44: ='OFERTA ECONÓMICA'!#REF! -> #REF! | M44: ='OFERTA ECONÓMICA'!#REF! -> #REF! | N44: ='OFERTA ECONÓMICA'!#REF! -> #REF! | ... S44: ='OFERTA ECONÓMICA'!#REF! -> #REF! | Y44: NT | Z44: M | AA44: L | AB44: VT | AC44: NT | AD44: M | AE44: L | AF44: VT | AG44: NT | AH44: M | AI44: L | AJ44: VT | AK44: NT | AL44: M | AM44: L | AN44: VT | AO44: NT | AP44: M | AQ44: L | AR44: VT | AS44: NT | AT44: M | AU44: L | AV44: VT | AW44: NT | AX44: M | AY44: L | AZ44: VT | BA44: NT | BB44: M | BC44: L | BD44: VT | BE44: NT | BF44: M | BG44: L | BH44: VT | BI44: NT | BJ44: M | BK44: L | BL44: VT | BM44: NT | BN44: M | BO44: L | BP44: VT | BQ44: NT | BR44: M | BS44: L | BT44: VT | BU44: NT | BV44: M | BW44: L | BX44: VT
B45: ='OFERTA ECONÓMICA'!#REF! -> #REF! | C45: ='OFERTA ECONÓMICA'!#REF! -> #REF! | D45: ='OFERTA ECONÓMICA'!#REF! -> #REF! | E45: ='OFERTA ECONÓMICA'!#REF! -> #REF! | F45: ='OFERTA ECONÓMICA'!#REF! -> #REF! | G45: ='OFERTA ECONÓMICA'!#REF! -> #REF! | H45: ='OFERTA ECONÓMICA'!#REF! -> #REF! | I45: ='OFERTA ECONÓMICA'!#REF! -> #REF! | ... T45: ='OFERTA ECONÓMICA'!#REF! -> #REF! | W45: ='OFERTA ECONÓMICA'!#REF! -> #REF! | X45: =U45*W45 -> #REF! | Y45: =G45 -> #REF! | AC45: =H45 -> #REF! | AG45: =I45 -> #REF! | AK45: =J45 -> #REF! | AO45: =K45 -> #REF! | AS45: =L45 -> #REF! | AW45: =M45 -> #REF! | BA45: =N45 -> #REF! | BE45: =O45 -> #REF! | BI45: =P45 -> #REF! | BM45: =Q45 -> #REF! | BQ45: =R45 -> #REF! | BU45: =S45 -> #REF!
B46: ='OFERTA ECONÓMICA'!#REF! -> #REF! | C46: ='OFERTA ECONÓMICA'!#REF! -> #REF! | D46: ='OFERTA ECONÓMICA'!#REF! -> #REF! | E46: ='OFERTA ECONÓMICA'!#REF! -> #REF! | F46: ='OFERTA ECONÓMICA'!#REF! -> #REF! | G46: ='OFERTA ECONÓMICA'!#REF! -> #REF! | H46: ='OFERTA ECONÓMICA'!#REF! -> #REF! | I46: ='OFERTA ECONÓMICA'!#REF! -> #REF! | ... T46: ='OFERTA ECONÓMICA'!#REF! -> #REF! | W46: ='OFERTA ECONÓMICA'!#REF! -> #REF! | X46: =U46*W46 -> #REF! | Y46: =G46 -> #REF! | AC46: =H46 -> #REF! | AG46: =I46 -> #REF! | AK46: =J46 -> #REF! | AO46: =K46 -> #REF! | AS46: =L46 -> #REF! | AW46: =M46 -> #REF! | BA46: =N46 -> #REF! | BE46: =O46 -> #REF! | BI46: =P46 -> #REF! | BM46: =Q46 -> #REF! | BQ46: =R46 -> #REF! | BU46: =S46 -> #REF!
B47: ='OFERTA ECONÓMICA'!#REF! -> #REF! | C47: ='OFERTA ECONÓMICA'!#REF! -> #REF! | D47: ='OFERTA ECONÓMICA'!#REF! -> #REF! | E47: ='OFERTA ECONÓMICA'!#REF! -> #REF! | F47: ='OFERTA ECONÓMICA'!#REF! -> #REF! | G47: ='OFERTA ECONÓMICA'!#REF! -> #REF! | H47: ='OFERTA ECONÓMICA'!#REF! -> #REF! | I47: ='OFERTA ECONÓMICA'!#REF! -> #REF! | ... T47: ='OFERTA ECONÓMICA'!#REF! -> #REF! | W47: ='OFERTA ECONÓMICA'!#REF! -> #REF! | X47: =U47*W47 -> #REF! | Y47: =G47 -> #REF! | AC47: =H47 -> #REF! | AG47: =I47 -> #REF! | AK47: =J47 -> #REF! | AO47: =K47 -> #REF! | AS47: =L47 -> #REF! | AW47: =M47 -> #REF! | BA47: =N47 -> #REF! | BE47: =O47 -> #REF! | BI47: =P47 -> #REF! | BM47: =Q47 -> #REF! | BQ47: =R47 -> #REF! | BU47: =S47 -> #REF!
B48: ='OFERTA ECONÓMICA'!#REF! -> #REF! | C48: ='OFERTA ECONÓMICA'!#REF! -> #REF! | D48: ='OFERTA ECONÓMICA'!#REF! -> #REF! | E48: ='OFERTA ECONÓMICA'!#REF! -> #REF! | F48: ='OFERTA ECONÓMICA'!#REF! -> #REF! | G48: ='OFERTA ECONÓMICA'!#REF! -> #REF! | H48: ='OFERTA ECONÓMICA'!#REF! -> #REF! | I48: ='OFERTA ECONÓMICA'!#REF! -> #REF! | ... T48: ='OFERTA ECONÓMICA'!#REF! -> #REF! | W48: ='OFERTA ECONÓMICA'!#REF! -> #REF! | X48: =U48*W48 -> #REF! | Y48: =G48 -> #REF! | AC48: =H48 -> #REF! | AG48: =I48 -> #REF! | AK48: =J48 -> #REF! | AO48: =K48 -> #REF! | AS48: =L48 -> #REF! | AW48: =M48 -> #REF! | BA48: =N48 -> #REF! | BE48: =O48 -> #REF! | BI48: =P48 -> #REF! | BM48: =Q48 -> #REF! | BQ48: =R48 -> #REF! | BU48: =S48 -> #REF!
B49: VALOR TOTAL DE LA NECESIDAD | Y49: =SUM(AB44:AB48) -> 0 | AC49: =SUM(AF44:AF48) -> 0 | AG49: =SUM(AJ44:AJ48) -> 0 | AK49: =SUM(AN44:AN48) -> 0 | AO49: =SUM(AR44:AR48) -> 0 | AS49: =SUM(AV44:AV48) -> 0 | AW49: =SUM(AZ44:AZ48) -> 0 | BA49: =SUM(BD44:BD48) -> 0 | BE49: =SUM(BH44:BH48) -> 0 | BI49: =SUM(BL44:BL48) -> 0 | BM49: =SUM(BP44:BP48) -> 0 | BQ49: =SUM(BT44:BT48) -> 0 | BU49: =SUM(BX44:BX48) -> 0
B50: PRESUPUESTO ASIGNADO
B51: SALDO | Y51: =Y50-Y49 -> 0 | AC51: =AC50-AC49 -> 0 | AG51: =AG50-AG49 -> 0 | AK51: =AK50-AK49 -> 0 | AO51: =AO50-AO49 -> 0 | AS51: =AS50-AS49 -> 0 | AW51: =AW50-AW49 -> 0 | BA51: =BA50-BA49 -> 0 | BE51: =BE50-BE49 -> 0 | BI51: =BI50-BI49 -> 0 | BM51: =BM50-BM49 -> 0 | BQ51: =BQ50-BQ49 -> 0 | BU51: =BU50-BU49 -> 0
B53: DOTACION UNIFORME PERSONAL MESA Y BAR MASCULINO UNIFORME CAFETERIA, MESEROS, BAR Y TECNICO HOTELERO JEMPP-CEDE4-DIETE-ET-04685/INT-0
B54: A-02-02-01-002-008 DOTACIÓN (PRENDAS DE VESTIR Y CALZADO)
B55: ÍTEM | C55: CÓDIGO DANE | D55: DESCRIPCIÓN DEL BIEN Y/O SERVICIO | E55: UNIDAD MEDIDA | F55: EXISTENCIAS (STOCK - INVENTARIOS) | G55: ='OFERTA ECONÓMICA'!#REF! -> #REF! | H55: ='OFERTA ECONÓMICA'!#REF! -> #REF! | I55: ='OFERTA ECONÓMICA'!#REF! -> #REF! | J55: ='OFERTA ECONÓMICA'!#REF! -> #REF! | K55: ='OFERTA ECONÓMICA'!#REF! -> #REF! | L55: ='OFERTA ECONÓMICA'!#REF! -> #REF! | M55: ='OFERTA ECONÓMICA'!#REF! -> #REF! | N55: ='OFERTA ECONÓMICA'!#REF! -> #REF! | ... S55: ='OFERTA ECONÓMICA'!#REF! -> #REF! | T55: NT | U55: M | V55: L | W55: PRECIO UNITARIO DE REFERENCIA | X55: VALOR TOTAL | Y55: BAACA10 | AC55: BAACA2 | AG55: BACAC | AK55: BAMAD3 | AO55: BAS10 | AS55: BICAR | AW55: BIMOC | BA55: BR10 | BE55: CENAC VALLEDUPAR | BI55: DIM15 | BM55: FUTAM | BQ55: GMMAT | BU55: GMRON
G56: ='OFERTA ECONÓMICA'!#REF! -> #REF! | H56: ='OFERTA ECONÓMICA'!#REF! -> #REF! | I56: ='OFERTA ECONÓMICA'!#REF! -> #REF! | J56: ='OFERTA ECONÓMICA'!#REF! -> #REF! | K56: ='OFERTA ECONÓMICA'!#REF! -> #REF! | L56: ='OFERTA ECONÓMICA'!#REF! -> #REF! | M56: ='OFERTA ECONÓMICA'!#REF! -> #REF! | N56: ='OFERTA ECONÓMICA'!#REF! -> #REF! | ... S56: ='OFERTA ECONÓMICA'!#REF! -> #REF! | Y56: NT | Z56: M | AA56: L | AB56: VT | AC56: NT | AD56: M | AE56: L | AF56: VT | AG56: NT | AH56: M | AI56: L | AJ56: VT | AK56: NT | AL56: M | AM56: L | AN56: VT | AO56: NT | AP56: M | AQ56: L | AR56: VT | AS56: NT | AT56: M | AU56: L | AV56: VT | AW56: NT | AX56: M | AY56: L | AZ56: VT | BA56: NT | BB56: M | BC56: L | BD56: VT | BE56: NT | BF56: M | BG56: L | BH56: VT | BI56: NT | BJ56: M | BK56: L | BL56: VT | BM56: NT | BN56: M | BO56: L | BP56: VT | BQ56: NT | BR56: M | BS56: L | BT56: VT | BU56: NT | BV56: M | BW56: L | BX56: VT
B57: ='OFERTA ECONÓMICA'!#REF! -> #REF! | C57: ='OFERTA ECONÓMICA'!#REF! -> #REF! | D57: ='OFERTA ECONÓMICA'!#REF! -> #REF! | E57: ='OFERTA ECONÓMICA'!#REF! -> #REF! | F57: ='OFERTA ECONÓMICA'!#REF! -> #REF! | G57: ='OFERTA ECONÓMICA'!#REF! -> #REF! | H57: ='OFERTA ECONÓMICA'!#REF! -> #REF! | I57: ='OFERTA ECONÓMICA'!#REF! -> #REF! | ... T57: ='OFERTA ECONÓMICA'!#REF! -> #REF! | W57: ='OFERTA ECONÓMICA'!#REF! -> #REF! | X57: =U57*W57 -> #REF! | Y57: =G57 -> #REF! | AC57: =H57 -> #REF! | AG57: =I57 -> #REF! | AK57: =J57 -> #REF! | AO57: =K57 -> #REF! | AS57: =L57 -> #REF! | AW57: =M57 -> #REF! | BA57: =N57 -> #REF! | BE57: =O57 -> #REF! | BI57: =P57 -> #REF! | BM57: =Q57 -> #REF! | BQ57: =R57 -> #REF! | BU57: =S57 -> #REF!
B58: ='OFERTA ECONÓMICA'!#REF! -> #REF! | C58: ='OFERTA ECONÓMICA'!#REF! -> #REF! | D58: ='OFERTA ECONÓMICA'!#REF! -> #REF! | E58: ='OFERTA ECONÓMICA'!#REF! -> #REF! | F58: ='OFERTA ECONÓMICA'!#REF! -> #REF! | G58: ='OFERTA ECONÓMICA'!#REF! -> #REF! | H58: ='OFERTA ECONÓMICA'!#REF! -> #REF! | I58: ='OFERTA ECONÓMICA'!#REF! -> #REF! | ... T58: ='OFERTA ECONÓMICA'!#REF! -> #REF! | W58: ='OFERTA ECONÓMICA'!#REF! -> #REF! | X58: =U58*W58 -> #REF! | Y58: =G58 -> #REF! | AC58: =H58 -> #REF! | AG58: =I58 -> #REF! | AK58: =J58 -> #REF! | AO58: =K58 -> #REF! | AS58: =L58 -> #REF! | AW58: =M58 -> #REF! | BA58: =N58 -> #REF! | BE58: =O58 -> #REF! | BI58: =P58 -> #REF! | BM58: =Q58 -> #REF! | BQ58: =R58 -> #REF! | BU58: =S58 -> #REF!
B59: ='OFERTA ECONÓMICA'!#REF! -> #REF! | C59: ='OFERTA ECONÓMICA'!#REF! -> #REF! | D59: ='OFERTA ECONÓMICA'!#REF! -> #REF! | E59: ='OFERTA ECONÓMICA'!#REF! -> #REF! | F59: ='OFERTA ECONÓMICA'!#REF! -> #REF! | G59: ='OFERTA ECONÓMICA'!#REF! -> #REF! | H59: ='OFERTA ECONÓMICA'!#REF! -> #REF! | I59: ='OFERTA ECONÓMICA'!#REF! -> #REF! | ... T59: ='OFERTA ECONÓMICA'!#REF! -> #REF! | W59: ='OFERTA ECONÓMICA'!#REF! -> #REF! | X59: =U59*W59 -> #REF! | Y59: =G59 -> #REF! | AC59: =H59 -> #REF! | AG59: =I59 -> #REF! | AK59: =J59 -> #REF! | AO59: =K59 -> #REF! | AS59: =L59 -> #REF! | AW59: =M59 -> #REF! | BA59: =N59 -> #REF! | BE59: =O59 -> #REF! | BI59: =P59 -> #REF! | BM59: =Q59 -> #REF! | BQ59: =R59 -> #REF! | BU59: =S59 -> #REF!
B60: ='OFERTA ECONÓMICA'!#REF! -> #REF! | C60: ='OFERTA ECONÓMICA'!#REF! -> #REF! | D60: ='OFERTA ECONÓMICA'!#REF! -> #REF! | E60: ='OFERTA ECONÓMICA'!#REF! -> #REF! | F60: ='OFERTA ECONÓMICA'!#REF! -> #REF! | G60: ='OFERTA ECONÓMICA'!#REF! -> #REF! | H60: ='OFERTA ECONÓMICA'!#REF! -> #REF! | I60: ='OFERTA ECONÓMICA'!#REF! -> #REF! | ... T60: ='OFERTA ECONÓMICA'!#REF! -> #REF! | W60: ='OFERTA ECONÓMICA'!#REF! -> #REF! | X60: =U60*W60 -> #REF! | Y60: =G60 -> #REF! | AC60: =H60 -> #REF! | AG60: =I60 -> #REF! | AK60: =J60 -> #REF! | AO60: =K60 -> #REF! | AS60: =L60 -> #REF! | AW60: =M60 -> #REF! | BA60: =N60 -> #REF! | BE60: =O60 -> #REF! | BI60: =P60 -> #REF! | BM60: =Q60 -> #REF! | BQ60: =R60 -> #REF! | BU60: =S60 -> #REF!
B61: VALOR TOTAL DE LA NECESIDAD | Y61: =SUM(AB56:AB60) -> 0 | AC61: =SUM(AF56:AF60) -> 0 | AG61: =SUM(AJ56:AJ60) -> 0 | AK61: =SUM(AN56:AN60) -> 0 | AO61: =SUM(AR56:AR60) -> 0 | AS61: =SUM(AV56:AV60) -> 0 | AW61: =SUM(AZ56:AZ60) -> 0 | BA61: =SUM(BD56:BD60) -> 0 | BE61: =SUM(BH56:BH60) -> 0 | BI61: =SUM(BL56:BL60) -> 0 | BM61: =SUM(BP56:BP60) -> 0 | BQ61: =SUM(BT56:BT60) -> 0 | BU61: =SUM(BX56:BX60) -> 0
B62: PRESUPUESTO ASIGNADO
B63: SALDO | Y63: =Y62-Y61 -> 0 | AC63: =AC62-AC61 -> 0 | AG63: =AG62-AG61 -> 0 | AK63: =AK62-AK61 -> 0 | AO63: =AO62-AO61 -> 0 | AS63: =AS62-AS61 -> 0 | AW63: =AW62-AW61 -> 0 | BA63: =BA62-BA61 -> 0 | BE63: =BE62-BE61 -> 0 | BI63: =BI62-BI61 -> 0 | BM63: =BM62-BM61 -> 0 | BQ63: =BQ62-BQ61 -> 0 | BU63: =BU62-BU61 -> 0
B65: DOTACION UNIFORME PERSONAL FEMENINO SERVICIOS GENERALES CLIMA CALIDO JEMPP-CEDE4-DIETE-ET-04695 INT-0
B66: A-02-02-01-002-008 DOTACIÓN (PRENDAS DE VESTIR Y CALZADO)
B67: ÍTEM | C67: CÓDIGO DANE | D67: DESCRIPCIÓN DEL BIEN Y/O SERVICIO | E67: UNIDAD MEDIDA | F67: EXISTENCIAS (STOCK - INVENTARIOS) | G67: ='OFERTA ECONÓMICA'!#REF! -> #REF! | H67: ='OFERTA ECONÓMICA'!#REF! -> #REF! | I67: ='OFERTA ECONÓMICA'!#REF! -> #REF! | J67: ='OFERTA ECONÓMICA'!#REF! -> #REF! | K67: ='OFERTA ECONÓMICA'!#REF! -> #REF! | L67: ='OFERTA ECONÓMICA'!#REF! -> #REF! | M67: ='OFERTA ECONÓMICA'!#REF! -> #REF! | N67: ='OFERTA ECONÓMICA'!#REF! -> #REF! | ... S67: ='OFERTA ECONÓMICA'!#REF! -> #REF! | T67: NT | U67: M | V67: L | W67: PRECIO UNITARIO DE REFERENCIA | X67: VALOR TOTAL | Y67: BAACA10 | AC67: BAACA2 | AG67: BACAC | AK67: BAMAD3 | AO67: BAS10 | AS67: BICAR | AW67: BIMOC | BA67: BR10 | BE67: CENAC VALLEDUPAR | BI67: DIM15 | BM67: FUTAM | BQ67: GMMAT | BU67: GMRON
G68: ='OFERTA ECONÓMICA'!#REF! -> #REF! | H68: ='OFERTA ECONÓMICA'!#REF! -> #REF! | I68: ='OFERTA ECONÓMICA'!#REF! -> #REF! | J68: ='OFERTA ECONÓMICA'!#REF! -> #REF! | K68: ='OFERTA ECONÓMICA'!#REF! -> #REF! | L68: ='OFERTA ECONÓMICA'!#REF! -> #REF! | M68: ='OFERTA ECONÓMICA'!#REF! -> #REF! | N68: ='OFERTA ECONÓMICA'!#REF! -> #REF! | ... S68: ='OFERTA ECONÓMICA'!#REF! -> #REF! | Y68: NT | Z68: M | AA68: L | AB68: VT | AC68: NT | AD68: M | AE68: L | AF68: VT | AG68: NT | AH68: M | AI68: L | AJ68: VT | AK68: NT | AL68: M | AM68: L | AN68: VT | AO68: NT | AP68: M | AQ68: L | AR68: VT | AS68: NT | AT68: M | AU68: L | AV68: VT | AW68: NT | AX68: M | AY68: L | AZ68: VT | BA68: NT | BB68: M | BC68: L | BD68: VT | BE68: NT | BF68: M | BG68: L | BH68: VT | BI68: NT | BJ68: M | BK68: L | BL68: VT | BM68: NT | BN68: M | BO68: L | BP68: VT | BQ68: NT | BR68: M | BS68: L | BT68: VT | BU68: NT | BV68: M | BW68: L | BX68: VT
B69: ='OFERTA ECONÓMICA'!#REF! -> #REF! | C69: ='OFERTA ECONÓMICA'!#REF! -> #REF! | D69: ='OFERTA ECONÓMICA'!#REF! -> #REF! | E69: ='OFERTA ECONÓMICA'!#REF! -> #REF! | F69: ='OFERTA ECONÓMICA'!#REF! -> #REF! | G69: ='OFERTA ECONÓMICA'!#REF! -> #REF! | H69: ='OFERTA ECONÓMICA'!#REF! -> #REF! | I69: ='OFERTA ECONÓMICA'!#REF! -> #REF! | ... T69: ='OFERTA ECONÓMICA'!#REF! -> #REF! | W69: ='OFERTA ECONÓMICA'!#REF! -> #REF! | X69: =U69*W69 -> #REF! | Y69: =G69 -> #REF! | AC69: =H69 -> #REF! | AG69: =I69 -> #REF! | AK69: =J69 -> #REF! | AO69: =K69 -> #REF! | AS69: =L69 -> #REF! | AW69: =M69 -> #REF! | BA69: =N69 -> #REF! | BE69: =O69 -> #REF! | BI69: =P69 -> #REF! | BM69: =Q69 -> #REF! | BQ69: =R69 -> #REF! | BU69: =S69 -> #REF!
B70: ='OFERTA ECONÓMICA'!#REF! -> #REF! | C70: ='OFERTA ECONÓMICA'!#REF! -> #REF! | D70: ='OFERTA ECONÓMICA'!#REF! -> #REF! | E70: ='OFERTA ECONÓMICA'!#REF! -> #REF! | F70: ='OFERTA ECONÓMICA'!#REF! -> #REF! | G70: ='OFERTA ECONÓMICA'!#REF! -> #REF! | H70: ='OFERTA ECONÓMICA'!#REF! -> #REF! | I70: ='OFERTA ECONÓMICA'!#REF! -> #REF! | ... T70: ='OFERTA ECONÓMICA'!#REF! -> #REF! | W70: ='OFERTA ECONÓMICA'!#REF! -> #REF! | X70: =U70*W70 -> #REF! | Y70: =G70 -> #REF! | AC70: =H70 -> #REF! | AG70: =I70 -> #REF! | AK70: =J70 -> #REF! | AO70: =K70 -> #REF! | AS70: =L70 -> #REF! | AW70: =M70 -> #REF! | BA70: =N70 -> #REF! | BE70: =O70 -> #REF! | BI70: =P70 -> #REF! | BM70: =Q70 -> #REF! | BQ70: =R70 -> #REF! | BU70: =S70 -> #REF!
B71: ='OFERTA ECONÓMICA'!#REF! -> #REF! | C71: ='OFERTA ECONÓMICA'!#REF! -> #REF! | D71: ='OFERTA ECONÓMICA'!#REF! -> #REF! | E71: ='OFERTA ECONÓMICA'!#REF! -> #REF! | F71: ='OFERTA ECONÓMICA'!#REF! -> #REF! | G71: ='OFERTA ECONÓMICA'!#REF! -> #REF! | H71: ='OFERTA ECONÓMICA'!#REF! -> #REF! | I71: ='OFERTA ECONÓMICA'!#REF! -> #REF! | ... T71: ='OFERTA ECONÓMICA'!#REF! -> #REF! | W71: ='OFERTA ECONÓMICA'!#REF! -> #REF! | X71: =U71*W71 -> #REF! | Y71: =G71 -> #REF! | AC71: =H71 -> #REF! | AG71: =I71 -> #REF! | AK71: =J71 -> #REF! | AO71: =K71 -> #REF! | AS71: =L71 -> #REF! | AW71: =M71 -> #REF! | BA71: =N71 -> #REF! | BE71: =O71 -> #REF! | BI71: =P71 -> #REF! | BM71: =Q71 -> #REF! | BQ71: =R71 -> #REF! | BU71: =S71 -> #REF!
B72: ='OFERTA ECONÓMICA'!#REF! -> #REF! | C72: ='OFERTA ECONÓMICA'!#REF! -> #REF! | D72: ='OFERTA ECONÓMICA'!#REF! -> #REF! | E72: ='OFERTA ECONÓMICA'!#REF! -> #REF! | F72: ='OFERTA ECONÓMICA'!#REF! -> #REF! | G72: ='OFERTA ECONÓMICA'!#REF! -> #REF! | H72: ='OFERTA ECONÓMICA'!#REF! -> #REF! | I72: ='OFERTA ECONÓMICA'!#REF! -> #REF! | ... T72: ='OFERTA ECONÓMICA'!#REF! -> #REF! | W72: ='OFERTA ECONÓMICA'!#REF! -> #REF! | X72: =U72*W72 -> #REF! | Y72: =G72 -> #REF! | AC72: =H72 -> #REF! | AG72: =I72 -> #REF! | AK72: =J72 -> #REF! | AO72: =K72 -> #REF! | AS72: =L72 -> #REF! | AW72: =M72 -> #REF! | BA72: =N72 -> #REF! | BE72: =O72 -> #REF! | BI72: =P72 -> #REF! | BM72: =Q72 -> #REF! | BQ72: =R72 -> #REF! | BU72: =S72 -> #REF!
B73: VALOR TOTAL DE LA NECESIDAD | Y73: =SUM(AB68:AB72) -> 0 | AC73: =SUM(AF68:AF72) -> 0 | AG73: =SUM(AJ68:AJ72) -> 0 | AK73: =SUM(AN68:AN72) -> 0 | AO73: =SUM(AR68:AR72) -> 0 | AS73: =SUM(AV68:AV72) -> 0 | AW73: =SUM(AZ68:AZ72) -> 0 | BA73: =SUM(BD68:BD72) -> 0 | BE73: =SUM(BH68:BH72) -> 0 | BI73: =SUM(BL68:BL72) -> 0 | BM73: =SUM(BP68:BP72) -> 0 | BQ73: =SUM(BT68:BT72) -> 0 | BU73: =SUM(BX68:BX72) -> 0
B74: PRESUPUESTO ASIGNADO
B75: SALDO | Y75: =Y74-Y73 -> 0 | AC75: =AC74-AC73 -> 0 | AG75: =AG74-AG73 -> 0 | AK75: =AK74-AK73 -> 0 | AO75: =AO74-AO73 -> 0 | AS75: =AS74-AS73 -> 0 | AW75: =AW74-AW73 -> 0 | BA75: =BA74-BA73 -> 0 | BE75: =BE74-BE73 -> 0 | BI75: =BI74-BI73 -> 0 | BM75: =BM74-BM73 -> 0 | BQ75: =BQ74-BQ73 -> 0 | BU75: =BU74-BU73 -> 0
B77: DOTACION UNIFORME PERSONAL MASCULINO SERVICIOS GENERALES CLIMA CALIDO JEMPP-CEDE4-DIETE-ET-04695 INT-0
B78: A-02-02-01-002-008 DOTACIÓN (PRENDAS DE VESTIR Y CALZADO)
B79: ÍTEM | C79: CÓDIGO DANE | D79: DESCRIPCIÓN DEL BIEN Y/O SERVICIO | E79: UNIDAD MEDIDA | F79: EXISTENCIAS (STOCK - INVENTARIOS) | G79: ='OFERTA ECONÓMICA'!#REF! -> #REF! | H79: ='OFERTA ECONÓMICA'!#REF! -> #REF! | I79: ='OFERTA ECONÓMICA'!#REF! -> #REF! | J79: ='OFERTA ECONÓMICA'!#REF! -> #REF! | K79: ='OFERTA ECONÓMICA'!#REF! -> #REF! | L79: ='OFERTA ECONÓMICA'!#REF! -> #REF! | M79: ='OFERTA ECONÓMICA'!#REF! -> #REF! | N79: ='OFERTA ECONÓMICA'!#REF! -> #REF! | ... S79: ='OFERTA ECONÓMICA'!#REF! -> #REF! | T79: NT | U79: M | V79: L | W79: PRECIO UNITARIO DE REFERENCIA | X79: VALOR TOTAL | Y79: BAACA10 | AC79: BAACA2 | AG79: BACAC | AK79: BAMAD3 | AO79: BAS10 | AS79: BICAR | AW79: BIMOC | BA79: BR10 | BE79: CENAC VALLEDUPAR | BI79: DIM15 | BM79: FUTAM | BQ79: GMMAT | BU79: GMRON
G80: ='OFERTA ECONÓMICA'!#REF! -> #REF! | H80: ='OFERTA ECONÓMICA'!#REF! -> #REF! | I80: ='OFERTA ECONÓMICA'!#REF! -> #REF! | J80: ='OFERTA ECONÓMICA'!#REF! -> #REF! | K80: ='OFERTA ECONÓMICA'!#REF! -> #REF! | L80: ='OFERTA ECONÓMICA'!#REF! -> #REF! | M80: ='OFERTA ECONÓMICA'!#REF! -> #REF! | N80: ='OFERTA ECONÓMICA'!#REF! -> #REF! | ... S80: ='OFERTA ECONÓMICA'!#REF! -> #REF! | Y80: NT | Z80: M | AA80: L | AB80: VT | AC80: NT | AD80: M | AE80: L | AF80: VT | AG80: NT | AH80: M | AI80: L | AJ80: VT | AK80: NT | AL80: M | AM80: L | AN80: VT | AO80: NT | AP80: M | AQ80: L | AR80: VT | AS80: NT | AT80: M | AU80: L | AV80: VT | AW80: NT | AX80: M | AY80: L | AZ80: VT | BA80: NT | BB80: M | BC80: L | BD80: VT | BE80: NT | BF80: M | BG80: L | BH80: VT | BI80: NT | BJ80: M | BK80: L | BL80: VT | BM80: NT | BN80: M | BO80: L | BP80: VT | BQ80: NT | BR80: M | BS80: L | BT80: VT | BU80: NT | BV80: M | BW80: L | BX80: VT
B81: ='OFERTA ECONÓMICA'!#REF! -> #REF! | C81: ='OFERTA ECONÓMICA'!#REF! -> #REF! | D81: ='OFERTA ECONÓMICA'!#REF! -> #REF! | E81: ='OFERTA ECONÓMICA'!#REF! -> #REF! | F81: ='OFERTA ECONÓMICA'!#REF! -> #REF! | G81: ='OFERTA ECONÓMICA'!#REF! -> #REF! | H81: ='OFERTA ECONÓMICA'!#REF! -> #REF! | I81: ='OFERTA ECONÓMICA'!#REF! -> #REF! | ... T81: ='OFERTA ECONÓMICA'!#REF! -> #REF! | W81: ='OFERTA ECONÓMICA'!#REF! -> #REF! | X81: =U81*W81 -> #REF! | Y81: =G81 -> #REF! | AC81: =H81 -> #REF! | AG81: =I81 -> #REF! | AK81: =J81 -> #REF! | AO81: =K81 -> #REF! | AS81: =L81 -> #REF! | AW81: =M81 -> #REF! | BA81: =N81 -> #REF! | BE81: =O81 -> #REF! | BI81: =P81 -> #REF! | BM81: =Q81 -> #REF! | BQ81: =R81 -> #REF! | BU81: =S81 -> #REF!
B82: ='OFERTA ECONÓMICA'!#REF! -> #REF! | C82: ='OFERTA ECONÓMICA'!#REF! -> #REF! | D82: ='OFERTA ECONÓMICA'!#REF! -> #REF! | E82: ='OFERTA ECONÓMICA'!#REF! -> #REF! | F82: ='OFERTA ECONÓMICA'!#REF! -> #REF! | G82: ='OFERTA ECONÓMICA'!#REF! -> #REF! | H82: ='OFERTA ECONÓMICA'!#REF! -> #REF! | I82: ='OFERTA ECONÓMICA'!#REF! -> #REF! | ... T82: ='OFERTA ECONÓMICA'!#REF! -> #REF! | W82: ='OFERTA ECONÓMICA'!#REF! -> #REF! | X82: =U82*W82 -> #REF! | Y82: =G82 -> #REF! | AC82: =H82 -> #REF! | AG82: =I82 -> #REF! | AK82: =J82 -> #REF! | AO82: =K82 -> #REF! | AS82: =L82 -> #REF! | AW82: =M82 -> #REF! | BA82: =N82 -> #REF! | BE82: =O82 -> #REF! | BI82: =P82 -> #REF! | BM82: =Q82 -> #REF! | BQ82: =R82 -> #REF! | BU82: =S82 -> #REF!
B83: ='OFERTA ECONÓMICA'!#REF! -> #REF! | C83: ='OFERTA ECONÓMICA'!#REF! -> #REF! | D83: ='OFERTA ECONÓMICA'!#REF! -> #REF! | E83: ='OFERTA ECONÓMICA'!#REF! -> #REF! | F83: ='OFERTA ECONÓMICA'!#REF! -> #REF! | G83: ='OFERTA ECONÓMICA'!#REF! -> #REF! | H83: ='OFERTA ECONÓMICA'!#REF! -> #REF! | I83: ='OFERTA ECONÓMICA'!#REF! -> #REF! | ... T83: ='OFERTA ECONÓMICA'!#REF! -> #REF! | W83: ='OFERTA ECONÓMICA'!#REF! -> #REF! | X83: =U83*W83 -> #REF! | Y83: =G83 -> #REF! | AC83: =H83 -> #REF! | AG83: =I83 -> #REF! | AK83: =J83 -> #REF! | AO83: =K83 -> #REF! | AS83: =L83 -> #REF! | AW83: =M83 -> #REF! | BA83: =N83 -> #REF! | BE83: =O83 -> #REF! | BI83: =P83 -> #REF! | BM83: =Q83 -> #REF! | BQ83: =R83 -> #REF! | BU83: =S83 -> #REF!
B84: ='OFERTA ECONÓMICA'!#REF! -> #REF! | C84: ='OFERTA ECONÓMICA'!#REF! -> #REF! | D84: ='OFERTA ECONÓMICA'!#REF! -> #REF! | E84: ='OFERTA ECONÓMICA'!#REF! -> #REF! | F84: ='OFERTA ECONÓMICA'!#REF! -> #REF! | G84: ='OFERTA ECONÓMICA'!#REF! -> #REF! | H84: ='OFERTA ECONÓMICA'!#REF! -> #REF! | I84: ='OFERTA ECONÓMICA'!#REF! -> #REF! | ... T84: ='OFERTA ECONÓMICA'!#REF! -> #REF! | W84: ='OFERTA ECONÓMICA'!#REF! -> #REF! | X84: =U84*W84 -> #REF! | Y84: =G84 -> #REF! | AC84: =H84 -> #REF! | AG84: =I84 -> #REF! | AK84: =J84 -> #REF! | AO84: =K84 -> #REF! | AS84: =L84 -> #REF! | AW84: =M84 -> #REF! | BA84: =N84 -> #REF! | BE84: =O84 -> #REF! | BI84: =P84 -> #REF! | BM84: =Q84 -> #REF! | BQ84: =R84 -> #REF! | BU84: =S84 -> #REF!
B85: VALOR TOTAL DE LA NECESIDAD | Y85: =SUM(AB80:AB84) -> 0 | AC85: =SUM(AF80:AF84) -> 0 | AG85: =SUM(AJ80:AJ84) -> 0 | AK85: =SUM(AN80:AN84) -> 0 | AO85: =SUM(AR80:AR84) -> 0 | AS85: =SUM(AV80:AV84) -> 0 | AW85: =SUM(AZ80:AZ84) -> 0 | BA85: =SUM(BD80:BD84) -> 0 | BE85: =SUM(BH80:BH84) -> 0 | BI85: =SUM(BL80:BL84) -> 0 | BM85: =SUM(BP80:BP84) -> 0 | BQ85: =SUM(BT80:BT84) -> 0 | BU85: =SUM(BX80:BX84) -> 0
B86: PRESUPUESTO ASIGNADO
B87: SALDO | Y87: =Y86-Y85 -> 0 | AC87: =AC86-AC85 -> 0 | AG87: =AG86-AG85 -> 0 | AK87: =AK86-AK85 -> 0 | AO87: =AO86-AO85 -> 0 | AS87: =AS86-AS85 -> 0 | AW87: =AW86-AW85 -> 0 | BA87: =BA86-BA85 -> 0 | BE87: =BE86-BE85 -> 0 | BI87: =BI86-BI85 -> 0 | BM87: =BM86-BM85 -> 0 | BQ87: =BQ86-BQ85 -> 0 | BU87: =BU86-BU85 -> 0
B89: DOTACION PERSONAL FEMENINO UNIFORME ESTILISTA, CLIMA CALIDO JEMPP-CEDE4-DIETE-ET-04695 INT-0
B90: A-02-02-01-002-008 DOTACIÓN (PRENDAS DE VESTIR Y CALZADO)
B91: ÍTEM | C91: CÓDIGO DANE | D91: DESCRIPCIÓN DEL BIEN Y/O SERVICIO | E91: UNIDAD MEDIDA | F91: EXISTENCIAS (STOCK - INVENTARIOS) | G91: ='OFERTA ECONÓMICA'!#REF! -> #REF! | H91: ='OFERTA ECONÓMICA'!#REF! -> #REF! | I91: ='OFERTA ECONÓMICA'!#REF! -> #REF! | J91: ='OFERTA ECONÓMICA'!#REF! -> #REF! | K91: ='OFERTA ECONÓMICA'!#REF! -> #REF! | L91: ='OFERTA ECONÓMICA'!#REF! -> #REF! | M91: ='OFERTA ECONÓMICA'!#REF! -> #REF! | N91: ='OFERTA ECONÓMICA'!#REF! -> #REF! | ... S91: ='OFERTA ECONÓMICA'!#REF! -> #REF! | T91: NT | U91: M | V91: L | W91: PRECIO UNITARIO DE REFERENCIA | X91: VALOR TOTAL | Y91: BAACA10 | AC91: BAACA2 | AG91: BACAC | AK91: BAMAD3 | AO91: BAS10 | AS91: BICAR | AW91: BIMOC | BA91: BR10 | BE91: CENAC VALLEDUPAR | BI91: DIM15 | BM91: FUTAM | BQ91: GMMAT | BU91: GMRON
G92: ='OFERTA ECONÓMICA'!#REF! -> #REF! | H92: ='OFERTA ECONÓMICA'!#REF! -> #REF! | I92: ='OFERTA ECONÓMICA'!#REF! -> #REF! | J92: ='OFERTA ECONÓMICA'!#REF! -> #REF! | K92: ='OFERTA ECONÓMICA'!#REF! -> #REF! | L92: ='OFERTA ECONÓMICA'!#REF! -> #REF! | M92: ='OFERTA ECONÓMICA'!#REF! -> #REF! | N92: ='OFERTA ECONÓMICA'!#REF! -> #REF! | ... S92: ='OFERTA ECONÓMICA'!#REF! -> #REF! | Y92: NT | Z92: M | AA92: L | AB92: VT | AC92: NT | AD92: M | AE92: L | AF92: VT | AG92: NT | AH92: M | AI92: L | AJ92: VT | AK92: NT | AL92: M | AM92: L | AN92: VT | AO92: NT | AP92: M | AQ92: L | AR92: VT | AS92: NT | AT92: M | AU92: L | AV92: VT | AW92: NT | AX92: M | AY92: L | AZ92: VT | BA92: NT | BB92: M | BC92: L | BD92: VT | BE92: NT | BF92: M | BG92: L | BH92: VT | BI92: NT | BJ92: M | BK92: L | BL92: VT | BM92: NT | BN92: M | BO92: L | BP92: VT | BQ92: NT | BR92: M | BS92: L | BT92: VT | BU92: NT | BV92: M | BW92: L | BX92: VT
B93: ='OFERTA ECONÓMICA'!#REF! -> #REF! | C93: ='OFERTA ECONÓMICA'!#REF! -> #REF! | D93: ='OFERTA ECONÓMICA'!#REF! -> #REF! | E93: ='OFERTA ECONÓMICA'!#REF! -> #REF! | F93: ='OFERTA ECONÓMICA'!#REF! -> #REF! | G93: ='OFERTA ECONÓMICA'!#REF! -> #REF! | H93: ='OFERTA ECONÓMICA'!#REF! -> #REF! | I93: ='OFERTA ECONÓMICA'!#REF! -> #REF! | ... T93: ='OFERTA ECONÓMICA'!#REF! -> #REF! | W93: ='OFERTA ECONÓMICA'!#REF! -> #REF! | X93: =U93*W93 -> #REF! | Y93: =G93 -> #REF! | AC93: =H93 -> #REF! | AG93: =I93 -> #REF! | AK93: =J93 -> #REF! | AO93: =K93 -> #REF! | AS93: =L93 -> #REF! | AW93: =M93 -> #REF! | BA93: =N93 -> #REF! | BE93: =O93 -> #REF! | BI93: =P93 -> #REF! | BM93: =Q93 -> #REF! | BQ93: =R93 -> #REF! | BU93: =S93 -> #REF!
B94: ='OFERTA ECONÓMICA'!#REF! -> #REF! | C94: ='OFERTA ECONÓMICA'!#REF! -> #REF! | D94: ='OFERTA ECONÓMICA'!#REF! -> #REF! | E94: ='OFERTA ECONÓMICA'!#REF! -> #REF! | F94: ='OFERTA ECONÓMICA'!#REF! -> #REF! | G94: ='OFERTA ECONÓMICA'!#REF! -> #REF! | H94: ='OFERTA ECONÓMICA'!#REF! -> #REF! | I94: ='OFERTA ECONÓMICA'!#REF! -> #REF! | ... T94: ='OFERTA ECONÓMICA'!#REF! -> #REF! | W94: ='OFERTA ECONÓMICA'!#REF! -> #REF! | X94: =U94*W94 -> #REF! | Y94: =G94 -> #REF! | AC94: =H94 -> #REF! | AG94: =I94 -> #REF! | AK94: =J94 -> #REF! | AO94: =K94 -> #REF! | AS94: =L94 -> #REF! | AW94: =M94 -> #REF! | BA94: =N94 -> #REF! | BE94: =O94 -> #REF! | BI94: =P94 -> #REF! | BM94: =Q94 -> #REF! | BQ94: =R94 -> #REF! | BU94: =S94 -> #REF!
B95: ='OFERTA ECONÓMICA'!#REF! -> #REF! | C95: ='OFERTA ECONÓMICA'!#REF! -> #REF! | D95: ='OFERTA ECONÓMICA'!#REF! -> #REF! | E95: ='OFERTA ECONÓMICA'!#REF! -> #REF! | F95: ='OFERTA ECONÓMICA'!#REF! -> #REF! | G95: ='OFERTA ECONÓMICA'!#REF! -> #REF! | H95: ='OFERTA ECONÓMICA'!#REF! -> #REF! | I95: ='OFERTA ECONÓMICA'!#REF! -> #REF! | ... T95: ='OFERTA ECONÓMICA'!#REF! -> #REF! | W95: ='OFERTA ECONÓMICA'!#REF! -> #REF! | X95: =U95*W95 -> #REF! | Y95: =G95 -> #REF! | AC95: =H95 -> #REF! | AG95: =I95 -> #REF! | AK95: =J95 -> #REF! | AO95: =K95 -> #REF! | AS95: =L95 -> #REF! | AW95: =M95 -> #REF! | BA95: =N95 -> #REF! | BE95: =O95 -> #REF! | BI95: =P95 -> #REF! | BM95: =Q95 -> #REF! | BQ95: =R95 -> #REF! | BU95: =S95 -> #REF!
B96: ='OFERTA ECONÓMICA'!#REF! -> #REF! | C96: ='OFERTA ECONÓMICA'!#REF! -> #REF! | D96: ='OFERTA ECONÓMICA'!#REF! -> #REF! | E96: ='OFERTA ECONÓMICA'!#REF! -> #REF! | F96: ='OFERTA ECONÓMICA'!#REF! -> #REF! | G96: ='OFERTA ECONÓMICA'!#REF! -> #REF! | H96: ='OFERTA ECONÓMICA'!#REF! -> #REF! | I96: ='OFERTA ECONÓMICA'!#REF! -> #REF! | ... T96: ='OFERTA ECONÓMICA'!#REF! -> #REF! | W96: ='OFERTA ECONÓMICA'!#REF! -> #REF! | X96: =U96*W96 -> #REF! | Y96: =G96 -> #REF! | AC96: =H96 -> #REF! | AG96: =I96 -> #REF! | AK96: =J96 -> #REF! | AO96: =K96 -> #REF! | AS96: =L96 -> #REF! | AW96: =M96 -> #REF! | BA96: =N96 -> #REF! | BE96: =O96 -> #REF! | BI96: =P96 -> #REF! | BM96: =Q96 -> #REF! | BQ96: =R96 -> #REF! | BU96: =S96 -> #REF!
B97: VALOR TOTAL DE LA NECESIDAD | Y97: =SUM(AB92:AB96) -> 0 | AC97: =SUM(AF92:AF96) -> 0 | AG97: =SUM(AJ92:AJ96) -> 0 | AK97: =SUM(AN92:AN96) -> 0 | AO97: =SUM(AR92:AR96) -> 0 | AS97: =SUM(AV92:AV96) -> 0 | AW97: =SUM(AZ92:AZ96) -> 0 | BA97: =SUM(BD92:BD96) -> 0 | BE97: =SUM(BH92:BH96) -> 0 | BI97: =SUM(BL92:BL96) -> 0 | BM97: =SUM(BP92:BP96) -> 0 | BQ97: =SUM(BT92:BT96) -> 0 | BU97: =SUM(BX92:BX96) -> 0
B98: PRESUPUESTO ASIGNADO
B99: SALDO | Y99: =Y98-Y97 -> 0 | AC99: =AC98-AC97 -> 0 | AG99: =AG98-AG97 -> 0 | AK99: =AK98-AK97 -> 0 | AO99: =AO98-AO97 -> 0 | AS99: =AS98-AS97 -> 0 | AW99: =AW98-AW97 -> 0 | BA99: =BA98-BA97 -> 0 | BE99: =BE98-BE97 -> 0 | BI99: =BI98-BI97 -> 0 | BM99: =BM98-BM97 -> 0 | BQ99: =BQ98-BQ97 -> 0 | BU99: =BU98-BU97 -> 0
B101: DOTACION PERSONAL MASCULINO UNIFORME ESTILISTA, CLIMA CALIDO JEMPP-CEDE4-DIETE-ET-04695 INT-0
B102: A-02-02-01-002-008 DOTACIÓN (PRENDAS DE VESTIR Y CALZADO)
B103: ÍTEM | C103: CÓDIGO DANE | D103: DESCRIPCIÓN DEL BIEN Y/O SERVICIO | E103: UNIDAD MEDIDA | F103: EXISTENCIAS (STOCK - INVENTARIOS) | G103: ='OFERTA ECONÓMICA'!#REF! -> #REF! | H103: ='OFERTA ECONÓMICA'!#REF! -> #REF! | I103: ='OFERTA ECONÓMICA'!#REF! -> #REF! | J103: ='OFERTA ECONÓMICA'!#REF! -> #REF! | K103: ='OFERTA ECONÓMICA'!#REF! -> #REF! | L103: ='OFERTA ECONÓMICA'!#REF! -> #REF! | M103: ='OFERTA ECONÓMICA'!#REF! -> #REF! | N103: ='OFERTA ECONÓMICA'!#REF! -> #REF! | ... S103: ='OFERTA ECONÓMICA'!#REF! -> #REF! | T103: NT | U103: M | V103: L | W103: PRECIO UNITARIO DE REFERENCIA | X103: VALOR TOTAL | Y103: BAACA10 | AC103: BAACA2 | AG103: BACAC | AK103: BAMAD3 | AO103: BAS10 | AS103: BICAR | AW103: BIMOC | BA103: BR10 | BE103: CENAC VALLEDUPAR | BI103: DIM15 | BM103: FUTAM | BQ103: GMMAT | BU103: GMRON
G104: ='OFERTA ECONÓMICA'!#REF! -> #REF! | H104: ='OFERTA ECONÓMICA'!#REF! -> #REF! | I104: ='OFERTA ECONÓMICA'!#REF! -> #REF! | J104: ='OFERTA ECONÓMICA'!#REF! -> #REF! | K104: ='OFERTA ECONÓMICA'!#REF! -> #REF! | L104: ='OFERTA ECONÓMICA'!#REF! -> #REF! | M104: ='OFERTA ECONÓMICA'!#REF! -> #REF! | N104: ='OFERTA ECONÓMICA'!#REF! -> #REF! | ... S104: ='OFERTA ECONÓMICA'!#REF! -> #REF! | Y104: NT | Z104: M | AA104: L | AB104: VT | AC104: NT | AD104: M | AE104: L | AF104: VT | AG104: NT | AH104: M | AI104: L | AJ104: VT | AK104: NT | AL104: M | AM104: L | AN104: VT | AO104: NT | AP104: M | AQ104: L | AR104: VT | AS104: NT | AT104: M | AU104: L | AV104: VT | AW104: NT | AX104: M | AY104: L | AZ104: VT | BA104: NT | BB104: M | BC104: L | BD104: VT | BE104: NT | BF104: M | BG104: L | BH104: VT | BI104: NT | BJ104: M | BK104: L | BL104: VT | BM104: NT | BN104: M | BO104: L | BP104: VT | BQ104: NT | BR104: M | BS104: L | BT104: VT | BU104: NT | BV104: M | BW104: L | BX104: VT
B105: ='OFERTA ECONÓMICA'!#REF! -> #REF! | C105: ='OFERTA ECONÓMICA'!#REF! -> #REF! | D105: ='OFERTA ECONÓMICA'!#REF! -> #REF! | E105: ='OFERTA ECONÓMICA'!#REF! -> #REF! | F105: ='OFERTA ECONÓMICA'!#REF! -> #REF! | G105: ='OFERTA ECONÓMICA'!#REF! -> #REF! | H105: ='OFERTA ECONÓMICA'!#REF! -> #REF! | I105: ='OFERTA ECONÓMICA'!#REF! -> #REF! | ... T105: ='OFERTA ECONÓMICA'!#REF! -> #REF! | W105: ='OFERTA ECONÓMICA'!#REF! -> #REF! | X105: =U105*W105 -> #REF! | Y105: =G105 -> #REF! | AC105: =H105 -> #REF! | AG105: =I105 -> #REF! | AK105: =J105 -> #REF! | AO105: =K105 -> #REF! | AS105: =L105 -> #REF! | AW105: =M105 -> #REF! | BA105: =N105 -> #REF! | BE105: =O105 -> #REF! | BI105: =P105 -> #REF! | BM105: =Q105 -> #REF! | BQ105: =R105 -> #REF! | BU105: =S105 -> #REF!
B106: ='OFERTA ECONÓMICA'!#REF! -> #REF! | C106: ='OFERTA ECONÓMICA'!#REF! -> #REF! | D106: ='OFERTA ECONÓMICA'!#REF! -> #REF! | E106: ='OFERTA ECONÓMICA'!#REF! -> #REF! | F106: ='OFERTA ECONÓMICA'!#REF! -> #REF! | G106: ='OFERTA ECONÓMICA'!#REF! -> #REF! | H106: ='OFERTA ECONÓMICA'!#REF! -> #REF! | I106: ='OFERTA ECONÓMICA'!#REF! -> #REF! | ... T106: ='OFERTA ECONÓMICA'!#REF! -> #REF! | W106: ='OFERTA ECONÓMICA'!#REF! -> #REF! | X106: =U106*W106 -> #REF! | Y106: =G106 -> #REF! | AC106: =H106 -> #REF! | AG106: =I106 -> #REF! | AK106: =J106 -> #REF! | AO106: =K106 -> #REF! | AS106: =L106 -> #REF! | AW106: =M106 -> #REF! | BA106: =N106 -> #REF! | BE106: =O106 -> #REF! | BI106: =P106 -> #REF! | BM106: =Q106 -> #REF! | BQ106: =R106 -> #REF! | BU106: =S106 -> #REF!
B107: ='OFERTA ECONÓMICA'!#REF! -> #REF! | C107: ='OFERTA ECONÓMICA'!#REF! -> #REF! | D107: ='OFERTA ECONÓMICA'!#REF! -> #REF! | E107: ='OFERTA ECONÓMICA'!#REF! -> #REF! | F107: ='OFERTA ECONÓMICA'!#REF! -> #REF! | G107: ='OFERTA ECONÓMICA'!#REF! -> #REF! | H107: ='OFERTA ECONÓMICA'!#REF! -> #REF! | I107: ='OFERTA ECONÓMICA'!#REF! -> #REF! | ... T107: ='OFERTA ECONÓMICA'!#REF! -> #REF! | W107: ='OFERTA ECONÓMICA'!#REF! -> #REF! | X107: =U107*W107 -> #REF! | Y107: =G107 -> #REF! | AC107: =H107 -> #REF! | AG107: =I107 -> #REF! | AK107: =J107 -> #REF! | AO107: =K107 -> #REF! | AS107: =L107 -> #REF! | AW107: =M107 -> #REF! | BA107: =N107 -> #REF! | BE107: =O107 -> #REF! | BI107: =P107 -> #REF! | BM107: =Q107 -> #REF! | BQ107: =R107 -> #REF! | BU107: =S107 -> #REF!
B108: ='OFERTA ECONÓMICA'!#REF! -> #REF! | C108: ='OFERTA ECONÓMICA'!#REF! -> #REF! | D108: ='OFERTA ECONÓMICA'!#REF! -> #REF! | E108: ='OFERTA ECONÓMICA'!#REF! -> #REF! | F108: ='OFERTA ECONÓMICA'!#REF! -> #REF! | G108: ='OFERTA ECONÓMICA'!#REF! -> #REF! | H108: ='OFERTA ECONÓMICA'!#REF! -> #REF! | I108: ='OFERTA ECONÓMICA'!#REF! -> #REF! | ... T108: ='OFERTA ECONÓMICA'!#REF! -> #REF! | W108: ='OFERTA ECONÓMICA'!#REF! -> #REF! | X108: =U108*W108 -> #REF! | Y108: =G108 -> #REF! | AC108: =H108 -> #REF! | AG108: =I108 -> #REF! | AK108: =J108 -> #REF! | AO108: =K108 -> #REF! | AS108: =L108 -> #REF! | AW108: =M108 -> #REF! | BA108: =N108 -> #REF! | BE108: =O108 -> #REF! | BI108: =P108 -> #REF! | BM108: =Q108 -> #REF! | BQ108: =R108 -> #REF! | BU108: =S108 -> #REF!
B109: VALOR TOTAL DE LA NECESIDAD | Y109: =SUM(AB104:AB108) -> 0 | AC109: =SUM(AF104:AF108) -> 0 | AG109: =SUM(AJ104:AJ108) -> 0 | AK109: =SUM(AN104:AN108) -> 0 | AO109: =SUM(AR104:AR108) -> 0 | AS109: =SUM(AV104:AV108) -> 0 | AW109: =SUM(AZ104:AZ108) -> 0 | BA109: =SUM(BD104:BD108) -> 0 | BE109: =SUM(BH104:BH108) -> 0 | BI109: =SUM(BL104:BL108) -> 0 | BM109: =SUM(BP104:BP108) -> 0 | BQ109: =SUM(BT104:BT108) -> 0 | BU109: =SUM(BX104:BX108) -> 0
B110: PRESUPUESTO ASIGNADO
...

Sheet MÍNIMAS
B2: =#REF! -> #REF!
B3: ÍTEM | C3: CÓDIGO DANE | D3: DESCRIPCIÓN DEL BIEN Y/O SERVICIO | E3: UNIDAD MEDIDA | F3: EXISTENCIAS (STOCK - INVENTARIOS) | G3: NECESIDAD | H3: UNSPSC (CCE) | I3: CÓDIGO MATERIAL SAP (OPCIONAL) | J3: CÓDIGO OTAN - NOC (OPCIONAL) | K3: NECESIDAD TOTAL | L3: VALOR ADJUDICACIÓN | M3: VALOR TOTAL
N4: N | O4: VALOR TOTAL NECESIDAD | P4: N | Q4: VALOR TOTAL NECESIDAD | R4: N | S4: VALOR TOTAL NECESIDAD | T4: N | U4: VALOR TOTAL NECESIDAD | V4: N | W4: VALOR TOTAL NECESIDAD | X4: N | Y4: VALOR TOTAL NECESIDAD | Z4: N | AA4: VALOR TOTAL NECESIDAD | AB4: N | AC4: VALOR TOTAL NECESIDAD | AD4: N | AE4: VALOR TOTAL NECESIDAD | AF4: N | AG4: VALOR TOTAL NECESIDAD | AH4: N | AI4: VALOR TOTAL NECESIDAD | AJ4: N | AK4: VALOR TOTAL NECESIDAD | AL4: N | AM4: VALOR TOTAL NECESIDAD | AN4: N | AO4: VALOR TOTAL NECESIDAD | AP4: N | AQ4: VALOR TOTAL NECESIDAD | AR4: N | AS4: VALOR TOTAL NECESIDAD | AT4: N | AU4: VALOR TOTAL NECESIDAD | AV4: N | AW4: VALOR TOTAL NECESIDAD | AX4: N | AY4: VALOR TOTAL NECESIDAD | AZ4: N | BA4: VALOR TOTAL NECESIDAD | BB4: N | BC4: VALOR TOTAL NECESIDAD | BD4: N | BE4: VALOR TOTAL NECESIDAD | BF4: N | BG4: VALOR TOTAL NECESIDAD | BH4: N | BI4: VALOR TOTAL NECESIDAD | BJ4: N | BK4: VALOR TOTAL NECESIDAD
B5: ='OFERTA ECONÓMICA'!B5 -> 1 | C5: ='OFERTA ECONÓMICA'!C5 -> 72154101 | D5: ='OFERTA ECONÓMICA'!D5 -> SERVICIO DE MANTENIMIENTO PREVENTIVO Y/O CORRECTIVO PARA COMPRESOR DE UNIDAD ODONTOLÓGICA, QUE INCLUYA: REVISIÓN GENERAL, LIMPIEZA INTERNA, LUBRICACIÓN, AJUSTE DE PRESIÓN, VERIFICACIÓN DE FUGAS, CAMBIO DE FILTROS, PRUEBAS DE FUNCIONAMIENTO, CONTROL DE VIBRACIÓN, REVISIÓN ELÉCTRICA Y ENTREGA DE INFORME TÉCNICO DETALLADO. | E5: ='OFERTA ECONÓMICA'!E5 -> UN | F5: ='OFERTA ECONÓMICA'!#REF! -> #REF! | G5: ='OFERTA ECONÓMICA'!#REF! -> #REF! | H5: ='OFERTA ECONÓMICA'!#REF! -> #REF! | I5: ='OFERTA ECONÓMICA'!#REF! -> #REF! | J5: ='OFERTA ECONÓMICA'!#REF! -> #REF! | K5: =SUM(N5,P5,R5,T5,V5,X5,Z5,AB5,AD5,AF5,AH5,AJ5,AL5,AN5,AP5,AR5,AT5,AV5,AX5,AZ5,BB5,BD5,BF5,BH5,BJ5) -> 0 | M5: =K5*L5 -> 0 | O5: =N5*L5 -> 0 | Q5: =P5*$L5 -> 0 | S5: =R5*$L5 -> 0 | U5: =T5*$L5 -> 0 | W5: =V5*$L5 -> 0 | Y5: =X5*$L5 -> 0 | AA5: =Z5*$L5 -> 0 | AC5: =AB5*$L5 -> 0 | AE5: =AD5*$L5 -> 0 | AG5: =AF5*$L5 -> 0 | AI5: =AH5*$L5 -> 0 | AK5: =AJ5*$L5 -> 0 | AM5: =AL5*$L5 -> 0 | AO5: =AN5*$L5 -> 0 | AQ5: =AP5*$L5 -> 0 | AS5: =AR5*$L5 -> 0 | AU5: =AT5*$L5 -> 0 | AW5: =AV5*$L5 -> 0 | AY5: =AX5*$L5 -> 0 | BA5: =AZ5*$L5 -> 0 | BC5: =BB5*$L5 -> 0 | BE5: =BD5*$L5 -> 0 | BG5: =BF5*$L5 -> 0 | BI5: =BH5*$L5 -> 0 | BK5: =BJ5*$L5 -> 0
B6: ='OFERTA ECONÓMICA'!B6 -> 2 | C6: ='OFERTA ECONÓMICA'!#REF! -> #REF! | D6: ='OFERTA ECONÓMICA'!D6 -> BÁSCULA PESA-PERSONAS CON TALLÍMETRO INTEGRADO, CAPACIDAD MÍNIMA 300 KG, PRECISIÓN 50 G, PLATAFORMA ANTIDESLIZANTE, ESTRUCTURA METÁLICA REFORZADA, INDICADOR DIGITAL O MECÁNICO DE FÁCIL LECTURA, TALLÍMETRO GRADUADO MÍNIMO HASTA 2,10 M. DEBE ENTREGARSE CON CERTIFICADO DE CALIBRACIÓN VIGENTE EMITIDO POR LABORATORIO ACREDITADO ANTE ONAC. | E6: ='OFERTA ECONÓMICA'!#REF! -> #REF! | F6: ='OFERTA ECONÓMICA'!#REF! -> #REF! | G6: ='OFERTA ECONÓMICA'!#REF! -> #REF! | H6: ='OFERTA ECONÓMICA'!#REF! -> #REF! | I6: ='OFERTA ECONÓMICA'!#REF! -> #REF! | J6: ='OFERTA ECONÓMICA'!#REF! -> #REF! | K6: =SUM(N6,P6,R6,T6,V6,X6,Z6,AB6,AD6,AF6,AH6,AJ6,AL6,AN6,AP6,AR6,AT6,AV6,AX6,AZ6,BB6,BD6,BF6,BH6,BJ6) -> 0 | M6: =K6*L6 -> 0 | O6: =N6*L6 -> 0 | Q6: =P6*$L6 -> 0 | S6: =R6*$L6 -> 0 | U6: =T6*$L6 -> 0 | W6: =V6*$L6 -> 0 | Y6: =X6*$L6 -> 0 | AA6: =Z6*$L6 -> 0 | AC6: =AB6*$L6 -> 0 | AE6: =AD6*$L6 -> 0 | AG6: =AF6*$L6 -> 0 | AI6: =AH6*$L6 -> 0 | AK6: =AJ6*$L6 -> 0 | AM6: =AL6*$L6 -> 0 | AO6: =AN6*$L6 -> 0 | AQ6: =AP6*$L6 -> 0 | AS6: =AR6*$L6 -> 0 | AU6: =AT6*$L6 -> 0 | AW6: =AV6*$L6 -> 0 | AY6: =AX6*$L6 -> 0 | BA6: =AZ6*$L6 -> 0 | BC6: =BB6*$L6 -> 0 | BE6: =BD6*$L6 -> 0 | BG6: =BF6*$L6 -> 0 | BI6: =BH6*$L6 -> 0 | BK6: =BJ6*$L6 -> 0
B7: ='OFERTA ECONÓMICA'!B7 -> 3 | C7: ='OFERTA ECONÓMICA'!#REF! -> #REF! | D7: ='OFERTA ECONÓMICA'!#REF! -> #REF! | E7: ='OFERTA ECONÓMICA'!#REF! -> #REF! | F7: ='OFERTA ECONÓMICA'!#REF! -> #REF! | G7: ='OFERTA ECONÓMICA'!#REF! -> #REF! | H7: ='OFERTA ECONÓMICA'!#REF! -> #REF! | I7: ='OFERTA ECONÓMICA'!#REF! -> #REF! | J7: ='OFERTA ECONÓMICA'!#REF! -> #REF! | K7: =SUM(N7,P7,R7,T7,V7,X7,Z7,AB7,AD7,AF7,AH7,AJ7,AL7,AN7,AP7,AR7,AT7,AV7,AX7,AZ7,BB7,BD7,BF7,BH7,BJ7) -> 0 | M7: =K7*L7 -> 0 | O7: =N7*L7 -> 0 | Q7: =P7*$L7 -> 0 | S7: =R7*$L7 -> 0 | U7: =T7*$L7 -> 0 | W7: =V7*$L7 -> 0 | Y7: =X7*$L7 -> 0 | AA7: =Z7*$L7 -> 0 | AC7: =AB7*$L7 -> 0 | AE7: =AD7*$L7 -> 0 | AG7: =AF7*$L7 -> 0 | AI7: =AH7*$L7 -> 0 | AK7: =AJ7*$L7 -> 0 | AM7: =AL7*$L7 -> 0 | AO7: =AN7*$L7 -> 0 | AQ7: =AP7*$L7 -> 0 | AS7: =AR7*$L7 -> 0 | AU7: =AT7*$L7 -> 0 | AW7: =AV7*$L7 -> 0 | AY7: =AX7*$L7 -> 0 | BA7: =AZ7*$L7 -> 0 | BC7: =BB7*$L7 -> 0 | BE7: =BD7*$L7 -> 0 | BG7: =BF7*$L7 -> 0 | BI7: =BH7*$L7 -> 0 | BK7: =BJ7*$L7 -> 0
B8: ='OFERTA ECONÓMICA'!B8 -> 4 | C8: ='OFERTA ECONÓMICA'!#REF! -> #REF! | D8: ='OFERTA ECONÓMICA'!#REF! -> #REF! | E8: ='OFERTA ECONÓMICA'!#REF! -> #REF! | F8: ='OFERTA ECONÓMICA'!#REF! -> #REF! | G8: ='OFERTA ECONÓMICA'!#REF! -> #REF! | H8: ='OFERTA ECONÓMICA'!#REF! -> #REF! | I8: ='OFERTA ECONÓMICA'!#REF! -> #REF! | J8: ='OFERTA ECONÓMICA'!#REF! -> #REF! | K8: =SUM(N8,P8,R8,T8,V8,X8,Z8,AB8,AD8,AF8,AH8,AJ8,AL8,AN8,AP8,AR8,AT8,AV8,AX8,AZ8,BB8,BD8,BF8,BH8,BJ8) -> 0 | M8: =K8*L8 -> 0 | O8: =N8*L8 -> 0 | Q8: =P8*$L8 -> 0 | S8: =R8*$L8 -> 0 | U8: =T8*$L8 -> 0 | W8: =V8*$L8 -> 0 | Y8: =X8*$L8 -> 0 | AA8: =Z8*$L8 -> 0 | AC8: =AB8*$L8 -> 0 | AE8: =AD8*$L8 -> 0 | AG8: =AF8*$L8 -> 0 | AI8: =AH8*$L8 -> 0 | AK8: =AJ8*$L8 -> 0 | AM8: =AL8*$L8 -> 0 | AO8: =AN8*$L8 -> 0 | AQ8: =AP8*$L8 -> 0 | AS8: =AR8*$L8 -> 0 | AU8: =AT8*$L8 -> 0 | AW8: =AV8*$L8 -> 0 | AY8: =AX8*$L8 -> 0 | BA8: =AZ8*$L8 -> 0 | BC8: =BB8*$L8 -> 0 | BE8: =BD8*$L8 -> 0 | BG8: =BF8*$L8 -> 0 | BI8: =BH8*$L8 -> 0 | BK8: =BJ8*$L8 -> 0
B9: ='OFERTA ECONÓMICA'!B9 -> 5 | C9: ='OFERTA ECONÓMICA'!#REF! -> #REF! | D9: ='OFERTA ECONÓMICA'!#REF! -> #REF! | E9: ='OFERTA ECONÓMICA'!E9 -> 0 | F9: ='OFERTA ECONÓMICA'!#REF! -> #REF! | G9: ='OFERTA ECONÓMICA'!#REF! -> #REF! | H9: ='OFERTA ECONÓMICA'!#REF! -> #REF! | I9: ='OFERTA ECONÓMICA'!#REF! -> #REF! | J9: ='OFERTA ECONÓMICA'!#REF! -> #REF! | K9: =SUM(N9,P9,R9,T9,V9,X9,Z9,AB9,AD9,AF9,AH9,AJ9,AL9,AN9,AP9,AR9,AT9,AV9,AX9,AZ9,BB9,BD9,BF9,BH9,BJ9) -> 0 | M9: =K9*L9 -> 0 | O9: =N9*L9 -> 0 | Q9: =P9*$L9 -> 0 | S9: =R9*$L9 -> 0 | U9: =T9*$L9 -> 0 | W9: =V9*$L9 -> 0 | Y9: =X9*$L9 -> 0 | AA9: =Z9*$L9 -> 0 | AC9: =AB9*$L9 -> 0 | AE9: =AD9*$L9 -> 0 | AG9: =AF9*$L9 -> 0 | AI9: =AH9*$L9 -> 0 | AK9: =AJ9*$L9 -> 0 | AM9: =AL9*$L9 -> 0 | AO9: =AN9*$L9 -> 0 | AQ9: =AP9*$L9 -> 0 | AS9: =AR9*$L9 -> 0 | AU9: =AT9*$L9 -> 0 | AW9: =AV9*$L9 -> 0 | AY9: =AX9*$L9 -> 0 | BA9: =AZ9*$L9 -> 0 | BC9: =BB9*$L9 -> 0 | BE9: =BD9*$L9 -> 0 | BG9: =BF9*$L9 -> 0 | BI9: =BH9*$L9 -> 0 | BK9: =BJ9*$L9 -> 0
B10: ='OFERTA ECONÓMICA'!#REF! -> #REF! | C10: ='OFERTA ECONÓMICA'!#REF! -> #REF! | D10: ='OFERTA ECONÓMICA'!#REF! -> #REF! | E10: ='OFERTA ECONÓMICA'!#REF! -> #REF! | F10: ='OFERTA ECONÓMICA'!#REF! -> #REF! | G10: ='OFERTA ECONÓMICA'!#REF! -> #REF! | H10: ='OFERTA ECONÓMICA'!#REF! -> #REF! | I10: ='OFERTA ECONÓMICA'!#REF! -> #REF! | J10: ='OFERTA ECONÓMICA'!#REF! -> #REF! | K10: =SUM(N10,P10,R10,T10,V10,X10,Z10,AB10,AD10,AF10,AH10,AJ10,AL10,AN10,AP10,AR10,AT10,AV10,AX10,AZ10,BB10,BD10,BF10,BH10,BJ10) -> 0 | M10: =K10*L10 -> 0 | O10: =N10*L10 -> 0 | Q10: =P10*$L10 -> 0 | S10: =R10*$L10 -> 0 | U10: =T10*$L10 -> 0 | W10: =V10*$L10 -> 0 | Y10: =X10*$L10 -> 0 | AA10: =Z10*$L10 -> 0 | AC10: =AB10*$L10 -> 0 | AE10: =AD10*$L10 -> 0 | AG10: =AF10*$L10 -> 0 | AI10: =AH10*$L10 -> 0 | AK10: =AJ10*$L10 -> 0 | AM10: =AL10*$L10 -> 0 | AO10: =AN10*$L10 -> 0 | AQ10: =AP10*$L10 -> 0 | AS10: =AR10*$L10 -> 0 | AU10: =AT10*$L10 -> 0 | AW10: =AV10*$L10 -> 0 | AY10: =AX10*$L10 -> 0 | BA10: =AZ10*$L10 -> 0 | BC10: =BB10*$L10 -> 0 | BE10: =BD10*$L10 -> 0 | BG10: =BF10*$L10 -> 0 | BI10: =BH10*$L10 -> 0 | BK10: =BJ10*$L10 -> 0
B11: ='OFERTA ECONÓMICA'!#REF! -> #REF! | C11: ='OFERTA ECONÓMICA'!#REF! -> #REF! | D11: ='OFERTA ECONÓMICA'!#REF! -> #REF! | E11: ='OFERTA ECONÓMICA'!#REF! -> #REF! | F11: ='OFERTA ECONÓMICA'!#REF! -> #REF! | G11: ='OFERTA ECONÓMICA'!#REF! -> #REF! | H11: ='OFERTA ECONÓMICA'!#REF! -> #REF! | I11: ='OFERTA ECONÓMICA'!#REF! -> #REF! | J11: ='OFERTA ECONÓMICA'!#REF! -> #REF! | K11: =SUM(N11,P11,R11,T11,V11,X11,Z11,AB11,AD11,AF11,AH11,AJ11,AL11,AN11,AP11,AR11,AT11,AV11,AX11,AZ11,BB11,BD11,BF11,BH11,BJ11) -> 0 | M11: =K11*L11 -> 0 | O11: =N11*L11 -> 0 | Q11: =P11*$L11 -> 0 | S11: =R11*$L11 -> 0 | U11: =T11*$L11 -> 0 | W11: =V11*$L11 -> 0 | Y11: =X11*$L11 -> 0 | AA11: =Z11*$L11 -> 0 | AC11: =AB11*$L11 -> 0 | AE11: =AD11*$L11 -> 0 | AG11: =AF11*$L11 -> 0 | AI11: =AH11*$L11 -> 0 | AK11: =AJ11*$L11 -> 0 | AM11: =AL11*$L11 -> 0 | AO11: =AN11*$L11 -> 0 | AQ11: =AP11*$L11 -> 0 | AS11: =AR11*$L11 -> 0 | AU11: =AT11*$L11 -> 0 | AW11: =AV11*$L11 -> 0 | AY11: =AX11*$L11 -> 0 | BA11: =AZ11*$L11 -> 0 | BC11: =BB11*$L11 -> 0 | BE11: =BD11*$L11 -> 0 | BG11: =BF11*$L11 -> 0 | BI11: =BH11*$L11 -> 0 | BK11: =BJ11*$L11 -> 0
B12: ='OFERTA ECONÓMICA'!#REF! -> #REF! | C12: ='OFERTA ECONÓMICA'!#REF! -> #REF! | D12: ='OFERTA ECONÓMICA'!#REF! -> #REF! | E12: ='OFERTA ECONÓMICA'!#REF! -> #REF! | F12: ='OFERTA ECONÓMICA'!#REF! -> #REF! | G12: ='OFERTA ECONÓMICA'!#REF! -> #REF! | H12: ='OFERTA ECONÓMICA'!#REF! -> #REF! | I12: ='OFERTA ECONÓMICA'!#REF! -> #REF! | J12: ='OFERTA ECONÓMICA'!#REF! -> #REF! | K12: =SUM(N12,P12,R12,T12,V12,X12,Z12,AB12,AD12,AF12,AH12,AJ12,AL12,AN12,AP12,AR12,AT12,AV12,AX12,AZ12,BB12,BD12,BF12,BH12,BJ12) -> 0 | M12: =K12*L12 -> 0 | O12: =N12*L12 -> 0 | Q12: =P12*$L12 -> 0 | S12: =R12*$L12 -> 0 | U12: =T12*$L12 -> 0 | W12: =V12*$L12 -> 0 | Y12: =X12*$L12 -> 0 | AA12: =Z12*$L12 -> 0 | AC12: =AB12*$L12 -> 0 | AE12: =AD12*$L12 -> 0 | AG12: =AF12*$L12 -> 0 | AI12: =AH12*$L12 -> 0 | AK12: =AJ12*$L12 -> 0 | AM12: =AL12*$L12 -> 0 | AO12: =AN12*$L12 -> 0 | AQ12: =AP12*$L12 -> 0 | AS12: =AR12*$L12 -> 0 | AU12: =AT12*$L12 -> 0 | AW12: =AV12*$L12 -> 0 | AY12: =AX12*$L12 -> 0 | BA12: =AZ12*$L12 -> 0 | BC12: =BB12*$L12 -> 0 | BE12: =BD12*$L12 -> 0 | BG12: =BF12*$L12 -> 0 | BI12: =BH12*$L12 -> 0 | BK12: =BJ12*$L12 -> 0
B13: ='OFERTA ECONÓMICA'!#REF! -> #REF! | C13: ='OFERTA ECONÓMICA'!#REF! -> #REF! | D13: ='OFERTA ECONÓMICA'!#REF! -> #REF! | E13: ='OFERTA ECONÓMICA'!#REF! -> #REF! | F13: ='OFERTA ECONÓMICA'!#REF! -> #REF! | G13: ='OFERTA ECONÓMICA'!#REF! -> #REF! | H13: ='OFERTA ECONÓMICA'!#REF! -> #REF! | I13: ='OFERTA ECONÓMICA'!#REF! -> #REF! | J13: ='OFERTA ECONÓMICA'!#REF! -> #REF! | K13: =SUM(N13,P13,R13,T13,V13,X13,Z13,AB13,AD13,AF13,AH13,AJ13,AL13,AN13,AP13,AR13,AT13,AV13,AX13,AZ13,BB13,BD13,BF13,BH13,BJ13) -> 0 | M13: =K13*L13 -> 0 | O13: =N13*L13 -> 0 | Q13: =P13*$L13 -> 0 | S13: =R13*$L13 -> 0 | U13: =T13*$L13 -> 0 | W13: =V13*$L13 -> 0 | Y13: =X13*$L13 -> 0 | AA13: =Z13*$L13 -> 0 | AC13: =AB13*$L13 -> 0 | AE13: =AD13*$L13 -> 0 | AG13: =AF13*$L13 -> 0 | AI13: =AH13*$L13 -> 0 | AK13: =AJ13*$L13 -> 0 | AM13: =AL13*$L13 -> 0 | AO13: =AN13*$L13 -> 0 | AQ13: =AP13*$L13 -> 0 | AS13: =AR13*$L13 -> 0 | AU13: =AT13*$L13 -> 0 | AW13: =AV13*$L13 -> 0 | AY13: =AX13*$L13 -> 0 | BA13: =AZ13*$L13 -> 0 | BC13: =BB13*$L13 -> 0 | BE13: =BD13*$L13 -> 0 | BG13: =BF13*$L13 -> 0 | BI13: =BH13*$L13 -> 0 | BK13: =BJ13*$L13 -> 0
B14: ='OFERTA ECONÓMICA'!#REF! -> #REF! | C14: ='OFERTA ECONÓMICA'!#REF! -> #REF! | D14: ='OFERTA ECONÓMICA'!#REF! -> #REF! | E14: ='OFERTA ECONÓMICA'!#REF! -> #REF! | F14: ='OFERTA ECONÓMICA'!#REF! -> #REF! | G14: ='OFERTA ECONÓMICA'!#REF! -> #REF! | H14: ='OFERTA ECONÓMICA'!#REF! -> #REF! | I14: ='OFERTA ECONÓMICA'!#REF! -> #REF! | J14: ='OFERTA ECONÓMICA'!#REF! -> #REF! | K14: =SUM(N14,P14,R14,T14,V14,X14,Z14,AB14,AD14,AF14,AH14,AJ14,AL14,AN14,AP14,AR14,AT14,AV14,AX14,AZ14,BB14,BD14,BF14,BH14,BJ14) -> 0 | M14: =K14*L14 -> 0 | O14: =N14*L14 -> 0 | Q14: =P14*$L14 -> 0 | S14: =R14*$L14 -> 0 | U14: =T14*$L14 -> 0 | W14: =V14*$L14 -> 0 | Y14: =X14*$L14 -> 0 | AA14: =Z14*$L14 -> 0 | AC14: =AB14*$L14 -> 0 | AE14: =AD14*$L14 -> 0 | AG14: =AF14*$L14 -> 0 | AI14: =AH14*$L14 -> 0 | AK14: =AJ14*$L14 -> 0 | AM14: =AL14*$L14 -> 0 | AO14: =AN14*$L14 -> 0 | AQ14: =AP14*$L14 -> 0 | AS14: =AR14*$L14 -> 0 | AU14: =AT14*$L14 -> 0 | AW14: =AV14*$L14 -> 0 | AY14: =AX14*$L14 -> 0 | BA14: =AZ14*$L14 -> 0 | BC14: =BB14*$L14 -> 0 | BE14: =BD14*$L14 -> 0 | BG14: =BF14*$L14 -> 0 | BI14: =BH14*$L14 -> 0 | BK14: =BJ14*$L14 -> 0
B15: ='OFERTA ECONÓMICA'!#REF! -> #REF! | C15: ='OFERTA ECONÓMICA'!C6 -> 41111508 | D15: ='OFERTA ECONÓMICA'!#REF! -> #REF! | E15: ='OFERTA ECONÓMICA'!E6 -> UN | F15: ='OFERTA ECONÓMICA'!#REF! -> #REF! | G15: ='OFERTA ECONÓMICA'!#REF! -> #REF! | H15: ='OFERTA ECONÓMICA'!#REF! -> #REF! | I15: ='OFERTA ECONÓMICA'!#REF! -> #REF! | J15: ='OFERTA ECONÓMICA'!#REF! -> #REF! | K15: =SUM(N15,P15,R15,T15,V15,X15,Z15,AB15,AD15,AF15,AH15,AJ15,AL15,AN15,AP15,AR15,AT15,AV15,AX15,AZ15,BB15,BD15,BF15,BH15,BJ15) -> 0 | M15: =K15*L15 -> 0 | O15: =N15*L15 -> 0 | Q15: =P15*$L15 -> 0 | S15: =R15*$L15 -> 0 | U15: =T15*$L15 -> 0 | W15: =V15*$L15 -> 0 | Y15: =X15*$L15 -> 0 | AA15: =Z15*$L15 -> 0 | AC15: =AB15*$L15 -> 0 | AE15: =AD15*$L15 -> 0 | AG15: =AF15*$L15 -> 0 | AI15: =AH15*$L15 -> 0 | AK15: =AJ15*$L15 -> 0 | AM15: =AL15*$L15 -> 0 | AO15: =AN15*$L15 -> 0 | AQ15: =AP15*$L15 -> 0 | AS15: =AR15*$L15 -> 0 | AU15: =AT15*$L15 -> 0 | AW15: =AV15*$L15 -> 0 | AY15: =AX15*$L15 -> 0 | BA15: =AZ15*$L15 -> 0 | BC15: =BB15*$L15 -> 0 | BE15: =BD15*$L15 -> 0 | BG15: =BF15*$L15 -> 0 | BI15: =BH15*$L15 -> 0 | BK15: =BJ15*$L15 -> 0
B16: ='OFERTA ECONÓMICA'!#REF! -> #REF! | C16: ='OFERTA ECONÓMICA'!#REF! -> #REF! | D16: ='OFERTA ECONÓMICA'!#REF! -> #REF! | E16: ='OFERTA ECONÓMICA'!#REF! -> #REF! | F16: ='OFERTA ECONÓMICA'!#REF! -> #REF! | G16: ='OFERTA ECONÓMICA'!#REF! -> #REF! | H16: ='OFERTA ECONÓMICA'!#REF! -> #REF! | I16: ='OFERTA ECONÓMICA'!#REF! -> #REF! | J16: ='OFERTA ECONÓMICA'!#REF! -> #REF! | K16: =SUM(N16,P16,R16,T16,V16,X16,Z16,AB16,AD16,AF16,AH16,AJ16,AL16,AN16,AP16,AR16,AT16,AV16,AX16,AZ16,BB16,BD16,BF16,BH16,BJ16) -> 0 | M16: =K16*L16 -> 0 | O16: =N16*L16 -> 0 | Q16: =P16*$L16 -> 0 | S16: =R16*$L16 -> 0 | U16: =T16*$L16 -> 0 | W16: =V16*$L16 -> 0 | Y16: =X16*$L16 -> 0 | AA16: =Z16*$L16 -> 0 | AC16: =AB16*$L16 -> 0 | AE16: =AD16*$L16 -> 0 | AG16: =AF16*$L16 -> 0 | AI16: =AH16*$L16 -> 0 | AK16: =AJ16*$L16 -> 0 | AM16: =AL16*$L16 -> 0 | AO16: =AN16*$L16 -> 0 | AQ16: =AP16*$L16 -> 0 | AS16: =AR16*$L16 -> 0 | AU16: =AT16*$L16 -> 0 | AW16: =AV16*$L16 -> 0 | AY16: =AX16*$L16 -> 0 | BA16: =AZ16*$L16 -> 0 | BC16: =BB16*$L16 -> 0 | BE16: =BD16*$L16 -> 0 | BG16: =BF16*$L16 -> 0 | BI16: =BH16*$L16 -> 0 | BK16: =BJ16*$L16 -> 0
B17: ='OFERTA ECONÓMICA'!#REF! -> #REF! | C17: ='OFERTA ECONÓMICA'!#REF! -> #REF! | D17: ='OFERTA ECONÓMICA'!#REF! -> #REF! | E17: ='OFERTA ECONÓMICA'!#REF! -> #REF! | F17: ='OFERTA ECONÓMICA'!#REF! -> #REF! | G17: ='OFERTA ECONÓMICA'!#REF! -> #REF! | H17: ='OFERTA ECONÓMICA'!#REF! -> #REF! | I17: ='OFERTA ECONÓMICA'!#REF! -> #REF! | J17: ='OFERTA ECONÓMICA'!#REF! -> #REF! | K17: =SUM(N17,P17,R17,T17,V17,X17,Z17,AB17,AD17,AF17,AH17,AJ17,AL17,AN17,AP17,AR17,AT17,AV17,AX17,AZ17,BB17,BD17,BF17,BH17,BJ17) -> 0 | M17: =K17*L17 -> 0 | O17: =N17*L17 -> 0 | Q17: =P17*$L17 -> 0 | S17: =R17*$L17 -> 0 | U17: =T17*$L17 -> 0 | W17: =V17*$L17 -> 0 | Y17: =X17*$L17 -> 0 | AA17: =Z17*$L17 -> 0 | AC17: =AB17*$L17 -> 0 | AE17: =AD17*$L17 -> 0 | AG17: =AF17*$L17 -> 0 | AI17: =AH17*$L17 -> 0 | AK17: =AJ17*$L17 -> 0 | AM17: =AL17*$L17 -> 0 | AO17: =AN17*$L17 -> 0 | AQ17: =AP17*$L17 -> 0 | AS17: =AR17*$L17 -> 0 | AU17: =AT17*$L17 -> 0 | AW17: =AV17*$L17 -> 0 | AY17: =AX17*$L17 -> 0 | BA17: =AZ17*$L17 -> 0 | BC17: =BB17*$L17 -> 0 | BE17: =BD17*$L17 -> 0 | BG17: =BF17*$L17 -> 0 | BI17: =BH17*$L17 -> 0 | BK17: =BJ17*$L17 -> 0
B18: ='OFERTA ECONÓMICA'!#REF! -> #REF! | C18: ='OFERTA ECONÓMICA'!#REF! -> #REF! | D18: ='OFERTA ECONÓMICA'!#REF! -> #REF! | E18: ='OFERTA ECONÓMICA'!#REF! -> #REF! | F18: ='OFERTA ECONÓMICA'!#REF! -> #REF! | G18: ='OFERTA ECONÓMICA'!#REF! -> #REF! | H18: ='OFERTA ECONÓMICA'!#REF! -> #REF! | I18: ='OFERTA ECONÓMICA'!#REF! -> #REF! | J18: ='OFERTA ECONÓMICA'!#REF! -> #REF! | K18: =SUM(N18,P18,R18,T18,V18,X18,Z18,AB18,AD18,AF18,AH18,AJ18,AL18,AN18,AP18,AR18,AT18,AV18,AX18,AZ18,BB18,BD18,BF18,BH18,BJ18) -> 0 | M18: =K18*L18 -> 0 | O18: =N18*L18 -> 0 | Q18: =P18*$L18 -> 0 | S18: =R18*$L18 -> 0 | U18: =T18*$L18 -> 0 | W18: =V18*$L18 -> 0 | Y18: =X18*$L18 -> 0 | AA18: =Z18*$L18 -> 0 | AC18: =AB18*$L18 -> 0 | AE18: =AD18*$L18 -> 0 | AG18: =AF18*$L18 -> 0 | AI18: =AH18*$L18 -> 0 | AK18: =AJ18*$L18 -> 0 | AM18: =AL18*$L18 -> 0 | AO18: =AN18*$L18 -> 0 | AQ18: =AP18*$L18 -> 0 | AS18: =AR18*$L18 -> 0 | AU18: =AT18*$L18 -> 0 | AW18: =AV18*$L18 -> 0 | AY18: =AX18*$L18 -> 0 | BA18: =AZ18*$L18 -> 0 | BC18: =BB18*$L18 -> 0 | BE18: =BD18*$L18 -> 0 | BG18: =BF18*$L18 -> 0 | BI18: =BH18*$L18 -> 0 | BK18: =BJ18*$L18 -> 0
B19: ='OFERTA ECONÓMICA'!#REF! -> #REF! | C19: ='OFERTA ECONÓMICA'!#REF! -> #REF! | D19: ='OFERTA ECONÓMICA'!#REF! -> #REF! | E19: ='OFERTA ECONÓMICA'!#REF! -> #REF! | F19: ='OFERTA ECONÓMICA'!#REF! -> #REF! | G19: ='OFERTA ECONÓMICA'!#REF! -> #REF! | H19: ='OFERTA ECONÓMICA'!#REF! -> #REF! | I19: ='OFERTA ECONÓMICA'!#REF! -> #REF! | J19: ='OFERTA ECONÓMICA'!#REF! -> #REF! | K19: =SUM(N19,P19,R19,T19,V19,X19,Z19,AB19,AD19,AF19,AH19,AJ19,AL19,AN19,AP19,AR19,AT19,AV19,AX19,AZ19,BB19,BD19,BF19,BH19,BJ19) -> 0 | M19: =K19*L19 -> 0 | O19: =N19*L19 -> 0 | Q19: =P19*$L19 -> 0 | S19: =R19*$L19 -> 0 | U19: =T19*$L19 -> 0 | W19: =V19*$L19 -> 0 | Y19: =X19*$L19 -> 0 | AA19: =Z19*$L19 -> 0 | AC19: =AB19*$L19 -> 0 | AE19: =AD19*$L19 -> 0 | AG19: =AF19*$L19 -> 0 | AI19: =AH19*$L19 -> 0 | AK19: =AJ19*$L19 -> 0 | AM19: =AL19*$L19 -> 0 | AO19: =AN19*$L19 -> 0 | AQ19: =AP19*$L19 -> 0 | AS19: =AR19*$L19 -> 0 | AU19: =AT19*$L19 -> 0 | AW19: =AV19*$L19 -> 0 | AY19: =AX19*$L19 -> 0 | BA19: =AZ19*$L19 -> 0 | BC19: =BB19*$L19 -> 0 | BE19: =BD19*$L19 -> 0 | BG19: =BF19*$L19 -> 0 | BI19: =BH19*$L19 -> 0 | BK19: =BJ19*$L19 -> 0
B20: ='OFERTA ECONÓMICA'!#REF! -> #REF! | C20: ='OFERTA ECONÓMICA'!#REF! -> #REF! | D20: ='OFERTA ECONÓMICA'!#REF! -> #REF! | E20: ='OFERTA ECONÓMICA'!#REF! -> #REF! | F20: ='OFERTA ECONÓMICA'!#REF! -> #REF! | G20: ='OFERTA ECONÓMICA'!#REF! -> #REF! | H20: ='OFERTA ECONÓMICA'!#REF! -> #REF! | I20: ='OFERTA ECONÓMICA'!#REF! -> #REF! | J20: ='OFERTA ECONÓMICA'!#REF! -> #REF! | K20: =SUM(N20,P20,R20,T20,V20,X20,Z20,AB20,AD20,AF20,AH20,AJ20,AL20,AN20,AP20,AR20,AT20,AV20,AX20,AZ20,BB20,BD20,BF20,BH20,BJ20) -> 0 | M20: =K20*L20 -> 0 | O20: =N20*L20 -> 0 | Q20: =P20*$L20 -> 0 | S20: =R20*$L20 -> 0 | U20: =T20*$L20 -> 0 | W20: =V20*$L20 -> 0 | Y20: =X20*$L20 -> 0 | AA20: =Z20*$L20 -> 0 | AC20: =AB20*$L20 -> 0 | AE20: =AD20*$L20 -> 0 | AG20: =AF20*$L20 -> 0 | AI20: =AH20*$L20 -> 0 | AK20: =AJ20*$L20 -> 0 | AM20: =AL20*$L20 -> 0 | AO20: =AN20*$L20 -> 0 | AQ20: =AP20*$L20 -> 0 | AS20: =AR20*$L20 -> 0 | AU20: =AT20*$L20 -> 0 | AW20: =AV20*$L20 -> 0 | AY20: =AX20*$L20 -> 0 | BA20: =AZ20*$L20 -> 0 | BC20: =BB20*$L20 -> 0 | BE20: =BD20*$L20 -> 0 | BG20: =BF20*$L20 -> 0 | BI20: =BH20*$L20 -> 0 | BK20: =BJ20*$L20 -> 0
B21: ='OFERTA ECONÓMICA'!#REF! -> #REF! | C21: ='OFERTA ECONÓMICA'!#REF! -> #REF! | D21: ='OFERTA ECONÓMICA'!#REF! -> #REF! | E21: ='OFERTA ECONÓMICA'!#REF! -> #REF! | F21: ='OFERTA ECONÓMICA'!#REF! -> #REF! | G21: ='OFERTA ECONÓMICA'!#REF! -> #REF! | H21: ='OFERTA ECONÓMICA'!#REF! -> #REF! | I21: ='OFERTA ECONÓMICA'!#REF! -> #REF! | J21: ='OFERTA ECONÓMICA'!#REF! -> #REF! | K21: =SUM(N21,P21,R21,T21,V21,X21,Z21,AB21,AD21,AF21,AH21,AJ21,AL21,AN21,AP21,AR21,AT21,AV21,AX21,AZ21,BB21,BD21,BF21,BH21,BJ21) -> 0 | M21: =K21*L21 -> 0 | O21: =N21*L21 -> 0 | Q21: =P21*$L21 -> 0 | S21: =R21*$L21 -> 0 | U21: =T21*$L21 -> 0 | W21: =V21*$L21 -> 0 | Y21: =X21*$L21 -> 0 | AA21: =Z21*$L21 -> 0 | AC21: =AB21*$L21 -> 0 | AE21: =AD21*$L21 -> 0 | AG21: =AF21*$L21 -> 0 | AI21: =AH21*$L21 -> 0 | AK21: =AJ21*$L21 -> 0 | AM21: =AL21*$L21 -> 0 | AO21: =AN21*$L21 -> 0 | AQ21: =AP21*$L21 -> 0 | AS21: =AR21*$L21 -> 0 | AU21: =AT21*$L21 -> 0 | AW21: =AV21*$L21 -> 0 | AY21: =AX21*$L21 -> 0 | BA21: =AZ21*$L21 -> 0 | BC21: =BB21*$L21 -> 0 | BE21: =BD21*$L21 -> 0 | BG21: =BF21*$L21 -> 0 | BI21: =BH21*$L21 -> 0 | BK21: =BJ21*$L21 -> 0
B22: ='OFERTA ECONÓMICA'!#REF! -> #REF! | C22: ='OFERTA ECONÓMICA'!#REF! -> #REF! | D22: ='OFERTA ECONÓMICA'!#REF! -> #REF! | E22: ='OFERTA ECONÓMICA'!#REF! -> #REF! | F22: ='OFERTA ECONÓMICA'!#REF! -> #REF! | G22: ='OFERTA ECONÓMICA'!#REF! -> #REF! | H22: ='OFERTA ECONÓMICA'!#REF! -> #REF! | I22: ='OFERTA ECONÓMICA'!#REF! -> #REF! | J22: ='OFERTA ECONÓMICA'!#REF! -> #REF! | K22: =SUM(N22,P22,R22,T22,V22,X22,Z22,AB22,AD22,AF22,AH22,AJ22,AL22,AN22,AP22,AR22,AT22,AV22,AX22,AZ22,BB22,BD22,BF22,BH22,BJ22) -> 0 | M22: =K22*L22 -> 0 | O22: =N22*L22 -> 0 | Q22: =P22*$L22 -> 0 | S22: =R22*$L22 -> 0 | U22: =T22*$L22 -> 0 | W22: =V22*$L22 -> 0 | Y22: =X22*$L22 -> 0 | AA22: =Z22*$L22 -> 0 | AC22: =AB22*$L22 -> 0 | AE22: =AD22*$L22 -> 0 | AG22: =AF22*$L22 -> 0 | AI22: =AH22*$L22 -> 0 | AK22: =AJ22*$L22 -> 0 | AM22: =AL22*$L22 -> 0 | AO22: =AN22*$L22 -> 0 | AQ22: =AP22*$L22 -> 0 | AS22: =AR22*$L22 -> 0 | AU22: =AT22*$L22 -> 0 | AW22: =AV22*$L22 -> 0 | AY22: =AX22*$L22 -> 0 | BA22: =AZ22*$L22 -> 0 | BC22: =BB22*$L22 -> 0 | BE22: =BD22*$L22 -> 0 | BG22: =BF22*$L22 -> 0 | BI22: =BH22*$L22 -> 0 | BK22: =BJ22*$L22 -> 0
B23: ='OFERTA ECONÓMICA'!#REF! -> #REF! | C23: ='OFERTA ECONÓMICA'!#REF! -> #REF! | D23: ='OFERTA ECONÓMICA'!#REF! -> #REF! | E23: ='OFERTA ECONÓMICA'!#REF! -> #REF! | F23: ='OFERTA ECONÓMICA'!#REF! -> #REF! | G23: ='OFERTA ECONÓMICA'!#REF! -> #REF! | H23: ='OFERTA ECONÓMICA'!#REF! -> #REF! | I23: ='OFERTA ECONÓMICA'!#REF! -> #REF! | J23: ='OFERTA ECONÓMICA'!#REF! -> #REF! | K23: =SUM(N23,P23,R23,T23,V23,X23,Z23,AB23,AD23,AF23,AH23,AJ23,AL23,AN23,AP23,AR23,AT23,AV23,AX23,AZ23,BB23,BD23,BF23,BH23,BJ23) -> 0 | M23: =K23*L23 -> 0 | O23: =N23*L23 -> 0 | Q23: =P23*$L23 -> 0 | S23: =R23*$L23 -> 0 | U23: =T23*$L23 -> 0 | W23: =V23*$L23 -> 0 | Y23: =X23*$L23 -> 0 | AA23: =Z23*$L23 -> 0 | AC23: =AB23*$L23 -> 0 | AE23: =AD23*$L23 -> 0 | AG23: =AF23*$L23 -> 0 | AI23: =AH23*$L23 -> 0 | AK23: =AJ23*$L23 -> 0 | AM23: =AL23*$L23 -> 0 | AO23: =AN23*$L23 -> 0 | AQ23: =AP23*$L23 -> 0 | AS23: =AR23*$L23 -> 0 | AU23: =AT23*$L23 -> 0 | AW23: =AV23*$L23 -> 0 | AY23: =AX23*$L23 -> 0 | BA23: =AZ23*$L23 -> 0 | BC23: =BB23*$L23 -> 0 | BE23: =BD23*$L23 -> 0 | BG23: =BF23*$L23 -> 0 | BI23: =BH23*$L23 -> 0 | BK23: =BJ23*$L23 -> 0
B24: ='OFERTA ECONÓMICA'!#REF! -> #REF! | C24: ='OFERTA ECONÓMICA'!#REF! -> #REF! | D24: ='OFERTA ECONÓMICA'!#REF! -> #REF! | E24: ='OFERTA ECONÓMICA'!#REF! -> #REF! | F24: ='OFERTA ECONÓMICA'!#REF! -> #REF! | G24: ='OFERTA ECONÓMICA'!#REF! -> #REF! | H24: ='OFERTA ECONÓMICA'!#REF! -> #REF! | I24: ='OFERTA ECONÓMICA'!#REF! -> #REF! | J24: ='OFERTA ECONÓMICA'!#REF! -> #REF! | K24: =SUM(N24,P24,R24,T24,V24,X24,Z24,AB24,AD24,AF24,AH24,AJ24,AL24,AN24,AP24,AR24,AT24,AV24,AX24,AZ24,BB24,BD24,BF24,BH24,BJ24) -> 0 | M24: =K24*L24 -> 0 | O24: =N24*L24 -> 0 | Q24: =P24*$L24 -> 0 | S24: =R24*$L24 -> 0 | U24: =T24*$L24 -> 0 | W24: =V24*$L24 -> 0 | Y24: =X24*$L24 -> 0 | AA24: =Z24*$L24 -> 0 | AC24: =AB24*$L24 -> 0 | AE24: =AD24*$L24 -> 0 | AG24: =AF24*$L24 -> 0 | AI24: =AH24*$L24 -> 0 | AK24: =AJ24*$L24 -> 0 | AM24: =AL24*$L24 -> 0 | AO24: =AN24*$L24 -> 0 | AQ24: =AP24*$L24 -> 0 | AS24: =AR24*$L24 -> 0 | AU24: =AT24*$L24 -> 0 | AW24: =AV24*$L24 -> 0 | AY24: =AX24*$L24 -> 0 | BA24: =AZ24*$L24 -> 0 | BC24: =BB24*$L24 -> 0 | BE24: =BD24*$L24 -> 0 | BG24: =BF24*$L24 -> 0 | BI24: =BH24*$L24 -> 0 | BK24: =BJ24*$L24 -> 0
B25: ='OFERTA ECONÓMICA'!#REF! -> #REF! | C25: ='OFERTA ECONÓMICA'!C7 -> 42191808 | D25: ='OFERTA ECONÓMICA'!D7 -> CAMA HOSPITALARIA MECÁNICA FABRICADA EN ACERO, CON CINCO POSICIONES AJUSTABLES, TENDIDO TROQUELADO DIVIDIDO EN TRES SECCIONES, DOS BARANDAS LATERALES ECUALIZABLES, ATRIL DOBLE GANCHO, CUATRO RUEDAS GRADO HOSPITALARIO DE 3” CON FRENO, CAPACIDAD MÍNIMA DE CARGA 180 KG, ACABADO EN PINTURA ELECTROSTÁTICA. DIMENSIONES MÍNIMAS: LARGO 1,93 M, ANCHO 0,90 M, ALTO 0,50 M. | E25: ='OFERTA ECONÓMICA'!E7 -> UN | F25: ='OFERTA ECONÓMICA'!#REF! -> #REF! | G25: ='OFERTA ECONÓMICA'!#REF! -> #REF! | H25: ='OFERTA ECONÓMICA'!#REF! -> #REF! | I25: ='OFERTA ECONÓMICA'!#REF! -> #REF! | J25: ='OFERTA ECONÓMICA'!#REF! -> #REF! | K25: =SUM(N25,P25,R25,T25,V25,X25,Z25,AB25,AD25,AF25,AH25,AJ25,AL25,AN25,AP25,AR25,AT25,AV25,AX25,AZ25,BB25,BD25,BF25,BH25,BJ25) -> 0 | M25: =K25*L25 -> 0 | O25: =N25*L25 -> 0 | Q25: =P25*$L25 -> 0 | S25: =R25*$L25 -> 0 | U25: =T25*$L25 -> 0 | W25: =V25*$L25 -> 0 | Y25: =X25*$L25 -> 0 | AA25: =Z25*$L25 -> 0 | AC25: =AB25*$L25 -> 0 | AE25: =AD25*$L25 -> 0 | AG25: =AF25*$L25 -> 0 | AI25: =AH25*$L25 -> 0 | AK25: =AJ25*$L25 -> 0 | AM25: =AL25*$L25 -> 0 | AO25: =AN25*$L25 -> 0 | AQ25: =AP25*$L25 -> 0 | AS25: =AR25*$L25 -> 0 | AU25: =AT25*$L25 -> 0 | AW25: =AV25*$L25 -> 0 | AY25: =AX25*$L25 -> 0 | BA25: =AZ25*$L25 -> 0 | BC25: =BB25*$L25 -> 0 | BE25: =BD25*$L25 -> 0 | BG25: =BF25*$L25 -> 0 | BI25: =BH25*$L25 -> 0 | BK25: =BJ25*$L25 -> 0
B26: ='OFERTA ECONÓMICA'!#REF! -> #REF! | C26: ='OFERTA ECONÓMICA'!#REF! -> #REF! | D26: ='OFERTA ECONÓMICA'!#REF! -> #REF! | E26: ='OFERTA ECONÓMICA'!#REF! -> #REF! | F26: ='OFERTA ECONÓMICA'!#REF! -> #REF! | G26: ='OFERTA ECONÓMICA'!#REF! -> #REF! | H26: ='OFERTA ECONÓMICA'!#REF! -> #REF! | I26: ='OFERTA ECONÓMICA'!#REF! -> #REF! | J26: ='OFERTA ECONÓMICA'!#REF! -> #REF! | K26: =SUM(N26,P26,R26,T26,V26,X26,Z26,AB26,AD26,AF26,AH26,AJ26,AL26,AN26,AP26,AR26,AT26,AV26,AX26,AZ26,BB26,BD26,BF26,BH26,BJ26) -> 0 | M26: =K26*L26 -> 0 | O26: =N26*L26 -> 0 | Q26: =P26*$L26 -> 0 | S26: =R26*$L26 -> 0 | U26: =T26*$L26 -> 0 | W26: =V26*$L26 -> 0 | Y26: =X26*$L26 -> 0 | AA26: =Z26*$L26 -> 0 | AC26: =AB26*$L26 -> 0 | AE26: =AD26*$L26 -> 0 | AG26: =AF26*$L26 -> 0 | AI26: =AH26*$L26 -> 0 | AK26: =AJ26*$L26 -> 0 | AM26: =AL26*$L26 -> 0 | AO26: =AN26*$L26 -> 0 | AQ26: =AP26*$L26 -> 0 | AS26: =AR26*$L26 -> 0 | AU26: =AT26*$L26 -> 0 | AW26: =AV26*$L26 -> 0 | AY26: =AX26*$L26 -> 0 | BA26: =AZ26*$L26 -> 0 | BC26: =BB26*$L26 -> 0 | BE26: =BD26*$L26 -> 0 | BG26: =BF26*$L26 -> 0 | BI26: =BH26*$L26 -> 0 | BK26: =BJ26*$L26 -> 0
B27: ='OFERTA ECONÓMICA'!#REF! -> #REF! | C27: ='OFERTA ECONÓMICA'!#REF! -> #REF! | D27: ='OFERTA ECONÓMICA'!#REF! -> #REF! | E27: ='OFERTA ECONÓMICA'!#REF! -> #REF! | F27: ='OFERTA ECONÓMICA'!#REF! -> #REF! | G27: ='OFERTA ECONÓMICA'!#REF! -> #REF! | H27: ='OFERTA ECONÓMICA'!#REF! -> #REF! | I27: ='OFERTA ECONÓMICA'!#REF! -> #REF! | J27: ='OFERTA ECONÓMICA'!#REF! -> #REF! | K27: =SUM(N27,P27,R27,T27,V27,X27,Z27,AB27,AD27,AF27,AH27,AJ27,AL27,AN27,AP27,AR27,AT27,AV27,AX27,AZ27,BB27,BD27,BF27,BH27,BJ27) -> 0 | M27: =K27*L27 -> 0 | O27: =N27*L27 -> 0 | Q27: =P27*$L27 -> 0 | S27: =R27*$L27 -> 0 | U27: =T27*$L27 -> 0 | W27: =V27*$L27 -> 0 | Y27: =X27*$L27 -> 0 | AA27: =Z27*$L27 -> 0 | AC27: =AB27*$L27 -> 0 | AE27: =AD27*$L27 -> 0 | AG27: =AF27*$L27 -> 0 | AI27: =AH27*$L27 -> 0 | AK27: =AJ27*$L27 -> 0 | AM27: =AL27*$L27 -> 0 | AO27: =AN27*$L27 -> 0 | AQ27: =AP27*$L27 -> 0 | AS27: =AR27*$L27 -> 0 | AU27: =AT27*$L27 -> 0 | AW27: =AV27*$L27 -> 0 | AY27: =AX27*$L27 -> 0 | BA27: =AZ27*$L27 -> 0 | BC27: =BB27*$L27 -> 0 | BE27: =BD27*$L27 -> 0 | BG27: =BF27*$L27 -> 0 | BI27: =BH27*$L27 -> 0 | BK27: =BJ27*$L27 -> 0
B28: ='OFERTA ECONÓMICA'!#REF! -> #REF! | C28: ='OFERTA ECONÓMICA'!#REF! -> #REF! | D28: ='OFERTA ECONÓMICA'!#REF! -> #REF! | E28: ='OFERTA ECONÓMICA'!#REF! -> #REF! | F28: ='OFERTA ECONÓMICA'!#REF! -> #REF! | G28: ='OFERTA ECONÓMICA'!#REF! -> #REF! | H28: ='OFERTA ECONÓMICA'!#REF! -> #REF! | I28: ='OFERTA ECONÓMICA'!#REF! -> #REF! | J28: ='OFERTA ECONÓMICA'!#REF! -> #REF! | K28: =SUM(N28,P28,R28,T28,V28,X28,Z28,AB28,AD28,AF28,AH28,AJ28,AL28,AN28,AP28,AR28,AT28,AV28,AX28,AZ28,BB28,BD28,BF28,BH28,BJ28) -> 0 | M28: =K28*L28 -> 0 | O28: =N28*L28 -> 0 | Q28: =P28*$L28 -> 0 | S28: =R28*$L28 -> 0 | U28: =T28*$L28 -> 0 | W28: =V28*$L28 -> 0 | Y28: =X28*$L28 -> 0 | AA28: =Z28*$L28 -> 0 | AC28: =AB28*$L28 -> 0 | AE28: =AD28*$L28 -> 0 | AG28: =AF28*$L28 -> 0 | AI28: =AH28*$L28 -> 0 | AK28: =AJ28*$L28 -> 0 | AM28: =AL28*$L28 -> 0 | AO28: =AN28*$L28 -> 0 | AQ28: =AP28*$L28 -> 0 | AS28: =AR28*$L28 -> 0 | AU28: =AT28*$L28 -> 0 | AW28: =AV28*$L28 -> 0 | AY28: =AX28*$L28 -> 0 | BA28: =AZ28*$L28 -> 0 | BC28: =BB28*$L28 -> 0 | BE28: =BD28*$L28 -> 0 | BG28: =BF28*$L28 -> 0 | BI28: =BH28*$L28 -> 0 | BK28: =BJ28*$L28 -> 0
B29: ='OFERTA ECONÓMICA'!#REF! -> #REF! | C29: ='OFERTA ECONÓMICA'!#REF! -> #REF! | D29: ='OFERTA ECONÓMICA'!#REF! -> #REF! | E29: ='OFERTA ECONÓMICA'!#REF! -> #REF! | F29: ='OFERTA ECONÓMICA'!#REF! -> #REF! | G29: ='OFERTA ECONÓMICA'!#REF! -> #REF! | H29: ='OFERTA ECONÓMICA'!#REF! -> #REF! | I29: ='OFERTA ECONÓMICA'!#REF! -> #REF! | J29: ='OFERTA ECONÓMICA'!#REF! -> #REF! | K29: =SUM(N29,P29,R29,T29,V29,X29,Z29,AB29,AD29,AF29,AH29,AJ29,AL29,AN29,AP29,AR29,AT29,AV29,AX29,AZ29,BB29,BD29,BF29,BH29,BJ29) -> 0 | M29: =K29*L29 -> 0 | O29: =N29*L29 -> 0 | Q29: =P29*$L29 -> 0 | S29: =R29*$L29 -> 0 | U29: =T29*$L29 -> 0 | W29: =V29*$L29 -> 0 | Y29: =X29*$L29 -> 0 | AA29: =Z29*$L29 -> 0 | AC29: =AB29*$L29 -> 0 | AE29: =AD29*$L29 -> 0 | AG29: =AF29*$L29 -> 0 | AI29: =AH29*$L29 -> 0 | AK29: =AJ29*$L29 -> 0 | AM29: =AL29*$L29 -> 0 | AO29: =AN29*$L29 -> 0 | AQ29: =AP29*$L29 -> 0 | AS29: =AR29*$L29 -> 0 | AU29: =AT29*$L29 -> 0 | AW29: =AV29*$L29 -> 0 | AY29: =AX29*$L29 -> 0 | BA29: =AZ29*$L29 -> 0 | BC29: =BB29*$L29 -> 0 | BE29: =BD29*$L29 -> 0 | BG29: =BF29*$L29 -> 0 | BI29: =BH29*$L29 -> 0 | BK29: =BJ29*$L29 -> 0
B30: ='OFERTA ECONÓMICA'!#REF! -> #REF! | C30: ='OFERTA ECONÓMICA'!#REF! -> #REF! | D30: ='OFERTA ECONÓMICA'!#REF! -> #REF! | E30: ='OFERTA ECONÓMICA'!#REF! -> #REF! | F30: ='OFERTA ECONÓMICA'!#REF! -> #REF! | G30: ='OFERTA ECONÓMICA'!#REF! -> #REF! | H30: ='OFERTA ECONÓMICA'!#REF! -> #REF! | I30: ='OFERTA ECONÓMICA'!#REF! -> #REF! | J30: ='OFERTA ECONÓMICA'!#REF! -> #REF! | K30: =SUM(N30,P30,R30,T30,V30,X30,Z30,AB30,AD30,AF30,AH30,AJ30,AL30,AN30,AP30,AR30,AT30,AV30,AX30,AZ30,BB30,BD30,BF30,BH30,BJ30) -> 0 | M30: =K30*L30 -> 0 | O30: =N30*L30 -> 0 | Q30: =P30*$L30 -> 0 | S30: =R30*$L30 -> 0 | U30: =T30*$L30 -> 0 | W30: =V30*$L30 -> 0 | Y30: =X30*$L30 -> 0 | AA30: =Z30*$L30 -> 0 | AC30: =AB30*$L30 -> 0 | AE30: =AD30*$L30 -> 0 | AG30: =AF30*$L30 -> 0 | AI30: =AH30*$L30 -> 0 | AK30: =AJ30*$L30 -> 0 | AM30: =AL30*$L30 -> 0 | AO30: =AN30*$L30 -> 0 | AQ30: =AP30*$L30 -> 0 | AS30: =AR30*$L30 -> 0 | AU30: =AT30*$L30 -> 0 | AW30: =AV30*$L30 -> 0 | AY30: =AX30*$L30 -> 0 | BA30: =AZ30*$L30 -> 0 | BC30: =BB30*$L30 -> 0 | BE30: =BD30*$L30 -> 0 | BG30: =BF30*$L30 -> 0 | BI30: =BH30*$L30 -> 0 | BK30: =BJ30*$L30 -> 0
B31: ='OFERTA ECONÓMICA'!#REF! -> #REF! | C31: ='OFERTA ECONÓMICA'!#REF! -> #REF! | D31: ='OFERTA ECONÓMICA'!#REF! -> #REF! | E31: ='OFERTA ECONÓMICA'!#REF! -> #REF! | F31: ='OFERTA ECONÓMICA'!#REF! -> #REF! | G31: ='OFERTA ECONÓMICA'!#REF! -> #REF! | H31: ='OFERTA ECONÓMICA'!#REF! -> #REF! | I31: ='OFERTA ECONÓMICA'!#REF! -> #REF! | J31: ='OFERTA ECONÓMICA'!#REF! -> #REF! | K31: =SUM(N31,P31,R31,T31,V31,X31,Z31,AB31,AD31,AF31,AH31,AJ31,AL31,AN31,AP31,AR31,AT31,AV31,AX31,AZ31,BB31,BD31,BF31,BH31,BJ31) -> 0 | M31: =K31*L31 -> 0 | O31: =N31*L31 -> 0 | Q31: =P31*$L31 -> 0 | S31: =R31*$L31 -> 0 | U31: =T31*$L31 -> 0 | W31: =V31*$L31 -> 0 | Y31: =X31*$L31 -> 0 | AA31: =Z31*$L31 -> 0 | AC31: =AB31*$L31 -> 0 | AE31: =AD31*$L31 -> 0 | AG31: =AF31*$L31 -> 0 | AI31: =AH31*$L31 -> 0 | AK31: =AJ31*$L31 -> 0 | AM31: =AL31*$L31 -> 0 | AO31: =AN31*$L31 -> 0 | AQ31: =AP31*$L31 -> 0 | AS31: =AR31*$L31 -> 0 | AU31: =AT31*$L31 -> 0 | AW31: =AV31*$L31 -> 0 | AY31: =AX31*$L31 -> 0 | BA31: =AZ31*$L31 -> 0 | BC31: =BB31*$L31 -> 0 | BE31: =BD31*$L31 -> 0 | BG31: =BF31*$L31 -> 0 | BI31: =BH31*$L31 -> 0 | BK31: =BJ31*$L31 -> 0
B32: ='OFERTA ECONÓMICA'!#REF! -> #REF! | C32: ='OFERTA ECONÓMICA'!#REF! -> #REF! | D32: ='OFERTA ECONÓMICA'!#REF! -> #REF! | E32: ='OFERTA ECONÓMICA'!#REF! -> #REF! | F32: ='OFERTA ECONÓMICA'!#REF! -> #REF! | G32: ='OFERTA ECONÓMICA'!#REF! -> #REF! | H32: ='OFERTA ECONÓMICA'!#REF! -> #REF! | I32: ='OFERTA ECONÓMICA'!#REF! -> #REF! | J32: ='OFERTA ECONÓMICA'!#REF! -> #REF! | K32: =SUM(N32,P32,R32,T32,V32,X32,Z32,AB32,AD32,AF32,AH32,AJ32,AL32,AN32,AP32,AR32,AT32,AV32,AX32,AZ32,BB32,BD32,BF32,BH32,BJ32) -> 0 | M32: =K32*L32 -> 0 | O32: =N32*L32 -> 0 | Q32: =P32*$L32 -> 0 | S32: =R32*$L32 -> 0 | U32: =T32*$L32 -> 0 | W32: =V32*$L32 -> 0 | Y32: =X32*$L32 -> 0 | AA32: =Z32*$L32 -> 0 | AC32: =AB32*$L32 -> 0 | AE32: =AD32*$L32 -> 0 | AG32: =AF32*$L32 -> 0 | AI32: =AH32*$L32 -> 0 | AK32: =AJ32*$L32 -> 0 | AM32: =AL32*$L32 -> 0 | AO32: =AN32*$L32 -> 0 | AQ32: =AP32*$L32 -> 0 | AS32: =AR32*$L32 -> 0 | AU32: =AT32*$L32 -> 0 | AW32: =AV32*$L32 -> 0 | AY32: =AX32*$L32 -> 0 | BA32: =AZ32*$L32 -> 0 | BC32: =BB32*$L32 -> 0 | BE32: =BD32*$L32 -> 0 | BG32: =BF32*$L32 -> 0 | BI32: =BH32*$L32 -> 0 | BK32: =BJ32*$L32 -> 0
B33: ='OFERTA ECONÓMICA'!#REF! -> #REF! | C33: ='OFERTA ECONÓMICA'!#REF! -> #REF! | D33: ='OFERTA ECONÓMICA'!#REF! -> #REF! | E33: ='OFERTA ECONÓMICA'!#REF! -> #REF! | F33: ='OFERTA ECONÓMICA'!#REF! -> #REF! | G33: ='OFERTA ECONÓMICA'!#REF! -> #REF! | H33: ='OFERTA ECONÓMICA'!#REF! -> #REF! | I33: ='OFERTA ECONÓMICA'!#REF! -> #REF! | J33: ='OFERTA ECONÓMICA'!#REF! -> #REF! | K33: =SUM(N33,P33,R33,T33,V33,X33,Z33,AB33,AD33,AF33,AH33,AJ33,AL33,AN33,AP33,AR33,AT33,AV33,AX33,AZ33,BB33,BD33,BF33,BH33,BJ33) -> 0 | M33: =K33*L33 -> 0 | O33: =N33*L33 -> 0 | Q33: =P33*$L33 -> 0 | S33: =R33*$L33 -> 0 | U33: =T33*$L33 -> 0 | W33: =V33*$L33 -> 0 | Y33: =X33*$L33 -> 0 | AA33: =Z33*$L33 -> 0 | AC33: =AB33*$L33 -> 0 | AE33: =AD33*$L33 -> 0 | AG33: =AF33*$L33 -> 0 | AI33: =AH33*$L33 -> 0 | AK33: =AJ33*$L33 -> 0 | AM33: =AL33*$L33 -> 0 | AO33: =AN33*$L33 -> 0 | AQ33: =AP33*$L33 -> 0 | AS33: =AR33*$L33 -> 0 | AU33: =AT33*$L33 -> 0 | AW33: =AV33*$L33 -> 0 | AY33: =AX33*$L33 -> 0 | BA33: =AZ33*$L33 -> 0 | BC33: =BB33*$L33 -> 0 | BE33: =BD33*$L33 -> 0 | BG33: =BF33*$L33 -> 0 | BI33: =BH33*$L33 -> 0 | BK33: =BJ33*$L33 -> 0
B34: ='OFERTA ECONÓMICA'!#REF! -> #REF! | C34: ='OFERTA ECONÓMICA'!#REF! -> #REF! | D34: ='OFERTA ECONÓMICA'!#REF! -> #REF! | E34: ='OFERTA ECONÓMICA'!#REF! -> #REF! | F34: ='OFERTA ECONÓMICA'!#REF! -> #REF! | G34: ='OFERTA ECONÓMICA'!#REF! -> #REF! | H34: ='OFERTA ECONÓMICA'!#REF! -> #REF! | I34: ='OFERTA ECONÓMICA'!#REF! -> #REF! | J34: ='OFERTA ECONÓMICA'!#REF! -> #REF! | K34: =SUM(N34,P34,R34,T34,V34,X34,Z34,AB34,AD34,AF34,AH34,AJ34,AL34,AN34,AP34,AR34,AT34,AV34,AX34,AZ34,BB34,BD34,BF34,BH34,BJ34) -> 0 | M34: =K34*L34 -> 0 | O34: =N34*L34 -> 0 | Q34: =P34*$L34 -> 0 | S34: =R34*$L34 -> 0 | U34: =T34*$L34 -> 0 | W34: =V34*$L34 -> 0 | Y34: =X34*$L34 -> 0 | AA34: =Z34*$L34 -> 0 | AC34: =AB34*$L34 -> 0 | AE34: =AD34*$L34 -> 0 | AG34: =AF34*$L34 -> 0 | AI34: =AH34*$L34 -> 0 | AK34: =AJ34*$L34 -> 0 | AM34: =AL34*$L34 -> 0 | AO34: =AN34*$L34 -> 0 | AQ34: =AP34*$L34 -> 0 | AS34: =AR34*$L34 -> 0 | AU34: =AT34*$L34 -> 0 | AW34: =AV34*$L34 -> 0 | AY34: =AX34*$L34 -> 0 | BA34: =AZ34*$L34 -> 0 | BC34: =BB34*$L34 -> 0 | BE34: =BD34*$L34 -> 0 | BG34: =BF34*$L34 -> 0 | BI34: =BH34*$L34 -> 0 | BK34: =BJ34*$L34 -> 0
B35: ='OFERTA ECONÓMICA'!#REF! -> #REF! | C35: ='OFERTA ECONÓMICA'!C8 -> 42192201 | D35: ='OFERTA ECONÓMICA'!D8 -> CAMILLA HOSPITALARIA FIJA TAPIZADA TIPO CORDOBÁN - CAMILLA HOSPITALARIA FIJA CON ESTRUCTURA METÁLICA REFORZADA, SUPERFICIE ACOLCHADA TAPIZADA EN MATERIAL SINTÉTICO TIPO CORDOBÁN, RESISTENTE A FLUIDOS, DESINFECTANTES Y DESGASTE. DIMENSIONES MÍNIMAS: LARGO 1,70 M, ANCHO 0,60 M, ALTURA 0,60 M. SOLDADURAS REFORZADAS Y PATAS ANTIDESLIZANTES. | E35: ='OFERTA ECONÓMICA'!E8 -> UN | F35: ='OFERTA ECONÓMICA'!#REF! -> #REF! | G35: ='OFERTA ECONÓMICA'!#REF! -> #REF! | H35: ='OFERTA ECONÓMICA'!#REF! -> #REF! | I35: ='OFERTA ECONÓMICA'!#REF! -> #REF! | J35: ='OFERTA ECONÓMICA'!#REF! -> #REF! | K35: =SUM(N35,P35,R35,T35,V35,X35,Z35,AB35,AD35,AF35,AH35,AJ35,AL35,AN35,AP35,AR35,AT35,AV35,AX35,AZ35,BB35,BD35,BF35,BH35,BJ35) -> 0 | M35: =K35*L35 -> 0 | O35: =N35*L35 -> 0 | Q35: =P35*$L35 -> 0 | S35: =R35*$L35 -> 0 | U35: =T35*$L35 -> 0 | W35: =V35*$L35 -> 0 | Y35: =X35*$L35 -> 0 | AA35: =Z35*$L35 -> 0 | AC35: =AB35*$L35 -> 0 | AE35: =AD35*$L35 -> 0 | AG35: =AF35*$L35 -> 0 | AI35: =AH35*$L35 -> 0 | AK35: =AJ35*$L35 -> 0 | AM35: =AL35*$L35 -> 0 | AO35: =AN35*$L35 -> 0 | AQ35: =AP35*$L35 -> 0 | AS35: =AR35*$L35 -> 0 | AU35: =AT35*$L35 -> 0 | AW35: =AV35*$L35 -> 0 | AY35: =AX35*$L35 -> 0 | BA35: =AZ35*$L35 -> 0 | BC35: =BB35*$L35 -> 0 | BE35: =BD35*$L35 -> 0 | BG35: =BF35*$L35 -> 0 | BI35: =BH35*$L35 -> 0 | BK35: =BJ35*$L35 -> 0
B36: ='OFERTA ECONÓMICA'!#REF! -> #REF! | C36: ='OFERTA ECONÓMICA'!#REF! -> #REF! | D36: ='OFERTA ECONÓMICA'!#REF! -> #REF! | E36: ='OFERTA ECONÓMICA'!#REF! -> #REF! | F36: ='OFERTA ECONÓMICA'!#REF! -> #REF! | G36: ='OFERTA ECONÓMICA'!#REF! -> #REF! | H36: ='OFERTA ECONÓMICA'!#REF! -> #REF! | I36: ='OFERTA ECONÓMICA'!#REF! -> #REF! | J36: ='OFERTA ECONÓMICA'!#REF! -> #REF! | K36: =SUM(N36,P36,R36,T36,V36,X36,Z36,AB36,AD36,AF36,AH36,AJ36,AL36,AN36,AP36,AR36,AT36,AV36,AX36,AZ36,BB36,BD36,BF36,BH36,BJ36) -> 0 | M36: =K36*L36 -> 0 | O36: =N36*L36 -> 0 | Q36: =P36*$L36 -> 0 | S36: =R36*$L36 -> 0 | U36: =T36*$L36 -> 0 | W36: =V36*$L36 -> 0 | Y36: =X36*$L36 -> 0 | AA36: =Z36*$L36 -> 0 | AC36: =AB36*$L36 -> 0 | AE36: =AD36*$L36 -> 0 | AG36: =AF36*$L36 -> 0 | AI36: =AH36*$L36 -> 0 | AK36: =AJ36*$L36 -> 0 | AM36: =AL36*$L36 -> 0 | AO36: =AN36*$L36 -> 0 | AQ36: =AP36*$L36 -> 0 | AS36: =AR36*$L36 -> 0 | AU36: =AT36*$L36 -> 0 | AW36: =AV36*$L36 -> 0 | AY36: =AX36*$L36 -> 0 | BA36: =AZ36*$L36 -> 0 | BC36: =BB36*$L36 -> 0 | BE36: =BD36*$L36 -> 0 | BG36: =BF36*$L36 -> 0 | BI36: =BH36*$L36 -> 0 | BK36: =BJ36*$L36 -> 0
B37: ='OFERTA ECONÓMICA'!#REF! -> #REF! | C37: ='OFERTA ECONÓMICA'!#REF! -> #REF! | D37: ='OFERTA ECONÓMICA'!#REF! -> #REF! | E37: ='OFERTA ECONÓMICA'!#REF! -> #REF! | F37: ='OFERTA ECONÓMICA'!#REF! -> #REF! | G37: ='OFERTA ECONÓMICA'!#REF! -> #REF! | H37: ='OFERTA ECONÓMICA'!#REF! -> #REF! | I37: ='OFERTA ECONÓMICA'!#REF! -> #REF! | J37: ='OFERTA ECONÓMICA'!#REF! -> #REF! | K37: =SUM(N37,P37,R37,T37,V37,X37,Z37,AB37,AD37,AF37,AH37,AJ37,AL37,AN37,AP37,AR37,AT37,AV37,AX37,AZ37,BB37,BD37,BF37,BH37,BJ37) -> 0 | M37: =K37*L37 -> 0 | O37: =N37*L37 -> 0 | Q37: =P37*$L37 -> 0 | S37: =R37*$L37 -> 0 | U37: =T37*$L37 -> 0 | W37: =V37*$L37 -> 0 | Y37: =X37*$L37 -> 0 | AA37: =Z37*$L37 -> 0 | AC37: =AB37*$L37 -> 0 | AE37: =AD37*$L37 -> 0 | AG37: =AF37*$L37 -> 0 | AI37: =AH37*$L37 -> 0 | AK37: =AJ37*$L37 -> 0 | AM37: =AL37*$L37 -> 0 | AO37: =AN37*$L37 -> 0 | AQ37: =AP37*$L37 -> 0 | AS37: =AR37*$L37 -> 0 | AU37: =AT37*$L37 -> 0 | AW37: =AV37*$L37 -> 0 | AY37: =AX37*$L37 -> 0 | BA37: =AZ37*$L37 -> 0 | BC37: =BB37*$L37 -> 0 | BE37: =BD37*$L37 -> 0 | BG37: =BF37*$L37 -> 0 | BI37: =BH37*$L37 -> 0 | BK37: =BJ37*$L37 -> 0
B38: ='OFERTA ECONÓMICA'!#REF! -> #REF! | C38: ='OFERTA ECONÓMICA'!#REF! -> #REF! | D38: ='OFERTA ECONÓMICA'!#REF! -> #REF! | E38: ='OFERTA ECONÓMICA'!#REF! -> #REF! | F38: ='OFERTA ECONÓMICA'!#REF! -> #REF! | G38: ='OFERTA ECONÓMICA'!#REF! -> #REF! | H38: ='OFERTA ECONÓMICA'!#REF! -> #REF! | I38: ='OFERTA ECONÓMICA'!#REF! -> #REF! | J38: ='OFERTA ECONÓMICA'!#REF! -> #REF! | K38: =SUM(N38,P38,R38,T38,V38,X38,Z38,AB38,AD38,AF38,AH38,AJ38,AL38,AN38,AP38,AR38,AT38,AV38,AX38,AZ38,BB38,BD38,BF38,BH38,BJ38) -> 0 | M38: =K38*L38 -> 0 | O38: =N38*L38 -> 0 | Q38: =P38*$L38 -> 0 | S38: =R38*$L38 -> 0 | U38: =T38*$L38 -> 0 | W38: =V38*$L38 -> 0 | Y38: =X38*$L38 -> 0 | AA38: =Z38*$L38 -> 0 | AC38: =AB38*$L38 -> 0 | AE38: =AD38*$L38 -> 0 | AG38: =AF38*$L38 -> 0 | AI38: =AH38*$L38 -> 0 | AK38: =AJ38*$L38 -> 0 | AM38: =AL38*$L38 -> 0 | AO38: =AN38*$L38 -> 0 | AQ38: =AP38*$L38 -> 0 | AS38: =AR38*$L38 -> 0 | AU38: =AT38*$L38 -> 0 | AW38: =AV38*$L38 -> 0 | AY38: =AX38*$L38 -> 0 | BA38: =AZ38*$L38 -> 0 | BC38: =BB38*$L38 -> 0 | BE38: =BD38*$L38 -> 0 | BG38: =BF38*$L38 -> 0 | BI38: =BH38*$L38 -> 0 | BK38: =BJ38*$L38 -> 0
B39: ='OFERTA ECONÓMICA'!#REF! -> #REF! | C39: ='OFERTA ECONÓMICA'!#REF! -> #REF! | D39: ='OFERTA ECONÓMICA'!#REF! -> #REF! | E39: ='OFERTA ECONÓMICA'!#REF! -> #REF! | F39: ='OFERTA ECONÓMICA'!#REF! -> #REF! | G39: ='OFERTA ECONÓMICA'!#REF! -> #REF! | H39: ='OFERTA ECONÓMICA'!#REF! -> #REF! | I39: ='OFERTA ECONÓMICA'!#REF! -> #REF! | J39: ='OFERTA ECONÓMICA'!#REF! -> #REF! | K39: =SUM(N39,P39,R39,T39,V39,X39,Z39,AB39,AD39,AF39,AH39,AJ39,AL39,AN39,AP39,AR39,AT39,AV39,AX39,AZ39,BB39,BD39,BF39,BH39,BJ39) -> 0 | M39: =K39*L39 -> 0 | O39: =N39*L39 -> 0 | Q39: =P39*$L39 -> 0 | S39: =R39*$L39 -> 0 | U39: =T39*$L39 -> 0 | W39: =V39*$L39 -> 0 | Y39: =X39*$L39 -> 0 | AA39: =Z39*$L39 -> 0 | AC39: =AB39*$L39 -> 0 | AE39: =AD39*$L39 -> 0 | AG39: =AF39*$L39 -> 0 | AI39: =AH39*$L39 -> 0 | AK39: =AJ39*$L39 -> 0 | AM39: =AL39*$L39 -> 0 | AO39: =AN39*$L39 -> 0 | AQ39: =AP39*$L39 -> 0 | AS39: =AR39*$L39 -> 0 | AU39: =AT39*$L39 -> 0 | AW39: =AV39*$L39 -> 0 | AY39: =AX39*$L39 -> 0 | BA39: =AZ39*$L39 -> 0 | BC39: =BB39*$L39 -> 0 | BE39: =BD39*$L39 -> 0 | BG39: =BF39*$L39 -> 0 | BI39: =BH39*$L39 -> 0 | BK39: =BJ39*$L39 -> 0
B40: ='OFERTA ECONÓMICA'!#REF! -> #REF! | C40: ='OFERTA ECONÓMICA'!#REF! -> #REF! | D40: ='OFERTA ECONÓMICA'!#REF! -> #REF! | E40: ='OFERTA ECONÓMICA'!#REF! -> #REF! | F40: ='OFERTA ECONÓMICA'!#REF! -> #REF! | G40: ='OFERTA ECONÓMICA'!#REF! -> #REF! | H40: ='OFERTA ECONÓMICA'!#REF! -> #REF! | I40: ='OFERTA ECONÓMICA'!#REF! -> #REF! | J40: ='OFERTA ECONÓMICA'!#REF! -> #REF! | K40: =SUM(N40,P40,R40,T40,V40,X40,Z40,AB40,AD40,AF40,AH40,AJ40,AL40,AN40,AP40,AR40,AT40,AV40,AX40,AZ40,BB40,BD40,BF40,BH40,BJ40) -> 0 | M40: =K40*L40 -> 0 | O40: =N40*L40 -> 0 | Q40: =P40*$L40 -> 0 | S40: =R40*$L40 -> 0 | U40: =T40*$L40 -> 0 | W40: =V40*$L40 -> 0 | Y40: =X40*$L40 -> 0 | AA40: =Z40*$L40 -> 0 | AC40: =AB40*$L40 -> 0 | AE40: =AD40*$L40 -> 0 | AG40: =AF40*$L40 -> 0 | AI40: =AH40*$L40 -> 0 | AK40: =AJ40*$L40 -> 0 | AM40: =AL40*$L40 -> 0 | AO40: =AN40*$L40 -> 0 | AQ40: =AP40*$L40 -> 0 | AS40: =AR40*$L40 -> 0 | AU40: =AT40*$L40 -> 0 | AW40: =AV40*$L40 -> 0 | AY40: =AX40*$L40 -> 0 | BA40: =AZ40*$L40 -> 0 | BC40: =BB40*$L40 -> 0 | BE40: =BD40*$L40 -> 0 | BG40: =BF40*$L40 -> 0 | BI40: =BH40*$L40 -> 0 | BK40: =BJ40*$L40 -> 0
B41: ='OFERTA ECONÓMICA'!#REF! -> #REF! | C41: ='OFERTA ECONÓMICA'!#REF! -> #REF! | D41: ='OFERTA ECONÓMICA'!#REF! -> #REF! | E41: ='OFERTA ECONÓMICA'!#REF! -> #REF! | F41: ='OFERTA ECONÓMICA'!#REF! -> #REF! | G41: ='OFERTA ECONÓMICA'!#REF! -> #REF! | H41: ='OFERTA ECONÓMICA'!#REF! -> #REF! | I41: ='OFERTA ECONÓMICA'!#REF! -> #REF! | J41: ='OFERTA ECONÓMICA'!#REF! -> #REF! | K41: =SUM(N41,P41,R41,T41,V41,X41,Z41,AB41,AD41,AF41,AH41,AJ41,AL41,AN41,AP41,AR41,AT41,AV41,AX41,AZ41,BB41,BD41,BF41,BH41,BJ41) -> 0 | M41: =K41*L41 -> 0 | O41: =N41*L41 -> 0 | Q41: =P41*$L41 -> 0 | S41: =R41*$L41 -> 0 | U41: =T41*$L41 -> 0 | W41: =V41*$L41 -> 0 | Y41: =X41*$L41 -> 0 | AA41: =Z41*$L41 -> 0 | AC41: =AB41*$L41 -> 0 | AE41: =AD41*$L41 -> 0 | AG41: =AF41*$L41 -> 0 | AI41: =AH41*$L41 -> 0 | AK41: =AJ41*$L41 -> 0 | AM41: =AL41*$L41 -> 0 | AO41: =AN41*$L41 -> 0 | AQ41: =AP41*$L41 -> 0 | AS41: =AR41*$L41 -> 0 | AU41: =AT41*$L41 -> 0 | AW41: =AV41*$L41 -> 0 | AY41: =AX41*$L41 -> 0 | BA41: =AZ41*$L41 -> 0 | BC41: =BB41*$L41 -> 0 | BE41: =BD41*$L41 -> 0 | BG41: =BF41*$L41 -> 0 | BI41: =BH41*$L41 -> 0 | BK41: =BJ41*$L41 -> 0
B42: ='OFERTA ECONÓMICA'!#REF! -> #REF! | C42: ='OFERTA ECONÓMICA'!#REF! -> #REF! | D42: ='OFERTA ECONÓMICA'!#REF! -> #REF! | E42: ='OFERTA ECONÓMICA'!#REF! -> #REF! | F42: ='OFERTA ECONÓMICA'!#REF! -> #REF! | G42: ='OFERTA ECONÓMICA'!#REF! -> #REF! | H42: ='OFERTA ECONÓMICA'!#REF! -> #REF! | I42: ='OFERTA ECONÓMICA'!#REF! -> #REF! | J42: ='OFERTA ECONÓMICA'!#REF! -> #REF! | K42: =SUM(N42,P42,R42,T42,V42,X42,Z42,AB42,AD42,AF42,AH42,AJ42,AL42,AN42,AP42,AR42,AT42,AV42,AX42,AZ42,BB42,BD42,BF42,BH42,BJ42) -> 0 | M42: =K42*L42 -> 0 | O42: =N42*L42 -> 0 | Q42: =P42*$L42 -> 0 | S42: =R42*$L42 -> 0 | U42: =T42*$L42 -> 0 | W42: =V42*$L42 -> 0 | Y42: =X42*$L42 -> 0 | AA42: =Z42*$L42 -> 0 | AC42: =AB42*$L42 -> 0 | AE42: =AD42*$L42 -> 0 | AG42: =AF42*$L42 -> 0 | AI42: =AH42*$L42 -> 0 | AK42: =AJ42*$L42 -> 0 | AM42: =AL42*$L42 -> 0 | AO42: =AN42*$L42 -> 0 | AQ42: =AP42*$L42 -> 0 | AS42: =AR42*$L42 -> 0 | AU42: =AT42*$L42 -> 0 | AW42: =AV42*$L42 -> 0 | AY42: =AX42*$L42 -> 0 | BA42: =AZ42*$L42 -> 0 | BC42: =BB42*$L42 -> 0 | BE42: =BD42*$L42 -> 0 | BG42: =BF42*$L42 -> 0 | BI42: =BH42*$L42 -> 0 | BK42: =BJ42*$L42 -> 0
B43: ='OFERTA ECONÓMICA'!#REF! -> #REF! | C43: ='OFERTA ECONÓMICA'!#REF! -> #REF! | D43: ='OFERTA ECONÓMICA'!#REF! -> #REF! | E43: ='OFERTA ECONÓMICA'!#REF! -> #REF! | F43: ='OFERTA ECONÓMICA'!#REF! -> #REF! | G43: ='OFERTA ECONÓMICA'!#REF! -> #REF! | H43: ='OFERTA ECONÓMICA'!#REF! -> #REF! | I43: ='OFERTA ECONÓMICA'!#REF! -> #REF! | J43: ='OFERTA ECONÓMICA'!#REF! -> #REF! | K43: =SUM(N43,P43,R43,T43,V43,X43,Z43,AB43,AD43,AF43,AH43,AJ43,AL43,AN43,AP43,AR43,AT43,AV43,AX43,AZ43,BB43,BD43,BF43,BH43,BJ43) -> 0 | M43: =K43*L43 -> 0 | O43: =N43*L43 -> 0 | Q43: =P43*$L43 -> 0 | S43: =R43*$L43 -> 0 | U43: =T43*$L43 -> 0 | W43: =V43*$L43 -> 0 | Y43: =X43*$L43 -> 0 | AA43: =Z43*$L43 -> 0 | AC43: =AB43*$L43 -> 0 | AE43: =AD43*$L43 -> 0 | AG43: =AF43*$L43 -> 0 | AI43: =AH43*$L43 -> 0 | AK43: =AJ43*$L43 -> 0 | AM43: =AL43*$L43 -> 0 | AO43: =AN43*$L43 -> 0 | AQ43: =AP43*$L43 -> 0 | AS43: =AR43*$L43 -> 0 | AU43: =AT43*$L43 -> 0 | AW43: =AV43*$L43 -> 0 | AY43: =AX43*$L43 -> 0 | BA43: =AZ43*$L43 -> 0 | BC43: =BB43*$L43 -> 0 | BE43: =BD43*$L43 -> 0 | BG43: =BF43*$L43 -> 0 | BI43: =BH43*$L43 -> 0 | BK43: =BJ43*$L43 -> 0
B44: ='OFERTA ECONÓMICA'!#REF! -> #REF! | C44: ='OFERTA ECONÓMICA'!#REF! -> #REF! | D44: ='OFERTA ECONÓMICA'!#REF! -> #REF! | E44: ='OFERTA ECONÓMICA'!#REF! -> #REF! | F44: ='OFERTA ECONÓMICA'!#REF! -> #REF! | G44: ='OFERTA ECONÓMICA'!#REF! -> #REF! | H44: ='OFERTA ECONÓMICA'!#REF! -> #REF! | I44: ='OFERTA ECONÓMICA'!#REF! -> #REF! | J44: ='OFERTA ECONÓMICA'!#REF! -> #REF! | K44: =SUM(N44,P44,R44,T44,V44,X44,Z44,AB44,AD44,AF44,AH44,AJ44,AL44,AN44,AP44,AR44,AT44,AV44,AX44,AZ44,BB44,BD44,BF44,BH44,BJ44) -> 0 | M44: =K44*L44 -> 0 | O44: =N44*L44 -> 0 | Q44: =P44*$L44 -> 0 | S44: =R44*$L44 -> 0 | U44: =T44*$L44 -> 0 | W44: =V44*$L44 -> 0 | Y44: =X44*$L44 -> 0 | AA44: =Z44*$L44 -> 0 | AC44: =AB44*$L44 -> 0 | AE44: =AD44*$L44 -> 0 | AG44: =AF44*$L44 -> 0 | AI44: =AH44*$L44 -> 0 | AK44: =AJ44*$L44 -> 0 | AM44: =AL44*$L44 -> 0 | AO44: =AN44*$L44 -> 0 | AQ44: =AP44*$L44 -> 0 | AS44: =AR44*$L44 -> 0 | AU44: =AT44*$L44 -> 0 | AW44: =AV44*$L44 -> 0 | AY44: =AX44*$L44 -> 0 | BA44: =AZ44*$L44 -> 0 | BC44: =BB44*$L44 -> 0 | BE44: =BD44*$L44 -> 0 | BG44: =BF44*$L44 -> 0 | BI44: =BH44*$L44 -> 0 | BK44: =BJ44*$L44 -> 0
B45: ='OFERTA ECONÓMICA'!#REF! -> #REF! | C45: ='OFERTA ECONÓMICA'!C9 -> 42182005 | D45: ='OFERTA ECONÓMICA'!D9 -> EQUIPO DE ÓRGANOS DE PARED (OTOSCOPIO + OFTALMOSCOPIO) EQUIPO DE ÓRGANOS DE PARED CON TRANSFORMADOR DE 3.5V, DOS MANGOS ERGONÓMICOS, CABEZALES DE OTOSCOPIO Y OFTALMOSCOPIO, ILUMINACIÓN LED DE ALTA EFICIENCIA, ENCENDIDO/APAGADO AUTOMÁTICO, FILTROS DIAGNÓSTICOS, COMPATIBILIDAD ELECTROMAGNÉTICA, CARCASA RESISTENTE Y SISTEMA DE MONTAJE SEGURO. | E45: ='OFERTA ECONÓMICA'!#REF! -> #REF! | F45: ='OFERTA ECONÓMICA'!#REF! -> #REF! | G45: ='OFERTA ECONÓMICA'!#REF! -> #REF! | H45: ='OFERTA ECONÓMICA'!#REF! -> #REF! | I45: ='OFERTA ECONÓMICA'!#REF! -> #REF! | J45: ='OFERTA ECONÓMICA'!#REF! -> #REF! | K45: =SUM(N45,P45,R45,T45,V45,X45,Z45,AB45,AD45,AF45,AH45,AJ45,AL45,AN45,AP45,AR45,AT45,AV45,AX45,AZ45,BB45,BD45,BF45,BH45,BJ45) -> 0 | M45: =K45*L45 -> 0 | O45: =N45*L45 -> 0 | Q45: =P45*$L45 -> 0 | S45: =R45*$L45 -> 0 | U45: =T45*$L45 -> 0 | W45: =V45*$L45 -> 0 | Y45: =X45*$L45 -> 0 | AA45: =Z45*$L45 -> 0 | AC45: =AB45*$L45 -> 0 | AE45: =AD45*$L45 -> 0 | AG45: =AF45*$L45 -> 0 | AI45: =AH45*$L45 -> 0 | AK45: =AJ45*$L45 -> 0 | AM45: =AL45*$L45 -> 0 | AO45: =AN45*$L45 -> 0 | AQ45: =AP45*$L45 -> 0 | AS45: =AR45*$L45 -> 0 | AU45: =AT45*$L45 -> 0 | AW45: =AV45*$L45 -> 0 | AY45: =AX45*$L45 -> 0 | BA45: =AZ45*$L45 -> 0 | BC45: =BB45*$L45 -> 0 | BE45: =BD45*$L45 -> 0 | BG45: =BF45*$L45 -> 0 | BI45: =BH45*$L45 -> 0 | BK45: =BJ45*$L45 -> 0
B46: ='OFERTA ECONÓMICA'!#REF! -> #REF! | C46: ='OFERTA ECONÓMICA'!#REF! -> #REF! | D46: ='OFERTA ECONÓMICA'!#REF! -> #REF! | E46: ='OFERTA ECONÓMICA'!#REF! -> #REF! | F46: ='OFERTA ECONÓMICA'!#REF! -> #REF! | G46: ='OFERTA ECONÓMICA'!#REF! -> #REF! | H46: ='OFERTA ECONÓMICA'!#REF! -> #REF! | I46: ='OFERTA ECONÓMICA'!#REF! -> #REF! | J46: ='OFERTA ECONÓMICA'!#REF! -> #REF! | K46: =SUM(N46,P46,R46,T46,V46,X46,Z46,AB46,AD46,AF46,AH46,AJ46,AL46,AN46,AP46,AR46,AT46,AV46,AX46,AZ46,BB46,BD46,BF46,BH46,BJ46) -> 0 | M46: =K46*L46 -> 0 | O46: =N46*L46 -> 0 | Q46: =P46*$L46 -> 0 | S46: =R46*$L46 -> 0 | U46: =T46*$L46 -> 0 | W46: =V46*$L46 -> 0 | Y46: =X46*$L46 -> 0 | AA46: =Z46*$L46 -> 0 | AC46: =AB46*$L46 -> 0 | AE46: =AD46*$L46 -> 0 | AG46: =AF46*$L46 -> 0 | AI46: =AH46*$L46 -> 0 | AK46: =AJ46*$L46 -> 0 | AM46: =AL46*$L46 -> 0 | AO46: =AN46*$L46 -> 0 | AQ46: =AP46*$L46 -> 0 | AS46: =AR46*$L46 -> 0 | AU46: =AT46*$L46 -> 0 | AW46: =AV46*$L46 -> 0 | AY46: =AX46*$L46 -> 0 | BA46: =AZ46*$L46 -> 0 | BC46: =BB46*$L46 -> 0 | BE46: =BD46*$L46 -> 0 | BG46: =BF46*$L46 -> 0 | BI46: =BH46*$L46 -> 0 | BK46: =BJ46*$L46 -> 0
B47: ='OFERTA ECONÓMICA'!#REF! -> #REF! | C47: ='OFERTA ECONÓMICA'!#REF! -> #REF! | D47: ='OFERTA ECONÓMICA'!#REF! -> #REF! | E47: ='OFERTA ECONÓMICA'!#REF! -> #REF! | F47: ='OFERTA ECONÓMICA'!#REF! -> #REF! | G47: ='OFERTA ECONÓMICA'!#REF! -> #REF! | H47: ='OFERTA ECONÓMICA'!#REF! -> #REF! | I47: ='OFERTA ECONÓMICA'!#REF! -> #REF! | J47: ='OFERTA ECONÓMICA'!#REF! -> #REF! | K47: =SUM(N47,P47,R47,T47,V47,X47,Z47,AB47,AD47,AF47,AH47,AJ47,AL47,AN47,AP47,AR47,AT47,AV47,AX47,AZ47,BB47,BD47,BF47,BH47,BJ47) -> 0 | M47: =K47*L47 -> 0 | O47: =N47*L47 -> 0 | Q47: =P47*$L47 -> 0 | S47: =R47*$L47 -> 0 | U47: =T47*$L47 -> 0 | W47: =V47*$L47 -> 0 | Y47: =X47*$L47 -> 0 | AA47: =Z47*$L47 -> 0 | AC47: =AB47*$L47 -> 0 | AE47: =AD47*$L47 -> 0 | AG47: =AF47*$L47 -> 0 | AI47: =AH47*$L47 -> 0 | AK47: =AJ47*$L47 -> 0 | AM47: =AL47*$L47 -> 0 | AO47: =AN47*$L47 -> 0 | AQ47: =AP47*$L47 -> 0 | AS47: =AR47*$L47 -> 0 | AU47: =AT47*$L47 -> 0 | AW47: =AV47*$L47 -> 0 | AY47: =AX47*$L47 -> 0 | BA47: =AZ47*$L47 -> 0 | BC47: =BB47*$L47 -> 0 | BE47: =BD47*$L47 -> 0 | BG47: =BF47*$L47 -> 0 | BI47: =BH47*$L47 -> 0 | BK47: =BJ47*$L47 -> 0
B48: ='OFERTA ECONÓMICA'!#REF! -> #REF! | C48: ='OFERTA ECONÓMICA'!#REF! -> #REF! | D48: ='OFERTA ECONÓMICA'!#REF! -> #REF! | E48: ='OFERTA ECONÓMICA'!#REF! -> #REF! | F48: ='OFERTA ECONÓMICA'!#REF! -> #REF! | G48: ='OFERTA ECONÓMICA'!#REF! -> #REF! | H48: ='OFERTA ECONÓMICA'!#REF! -> #REF! | I48: ='OFERTA ECONÓMICA'!#REF! -> #REF! | J48: ='OFERTA ECONÓMICA'!#REF! -> #REF! | K48: =SUM(N48,P48,R48,T48,V48,X48,Z48,AB48,AD48,AF48,AH48,AJ48,AL48,AN48,AP48,AR48,AT48,AV48,AX48,AZ48,BB48,BD48,BF48,BH48,BJ48) -> 0 | M48: =K48*L48 -> 0 | O48: =N48*L48 -> 0 | Q48: =P48*$L48 -> 0 | S48: =R48*$L48 -> 0 | U48: =T48*$L48 -> 0 | W48: =V48*$L48 -> 0 | Y48: =X48*$L48 -> 0 | AA48: =Z48*$L48 -> 0 | AC48: =AB48*$L48 -> 0 | AE48: =AD48*$L48 -> 0 | AG48: =AF48*$L48 -> 0 | AI48: =AH48*$L48 -> 0 | AK48: =AJ48*$L48 -> 0 | AM48: =AL48*$L48 -> 0 | AO48: =AN48*$L48 -> 0 | AQ48: =AP48*$L48 -> 0 | AS48: =AR48*$L48 -> 0 | AU48: =AT48*$L48 -> 0 | AW48: =AV48*$L48 -> 0 | AY48: =AX48*$L48 -> 0 | BA48: =AZ48*$L48 -> 0 | BC48: =BB48*$L48 -> 0 | BE48: =BD48*$L48 -> 0 | BG48: =BF48*$L48 -> 0 | BI48: =BH48*$L48 -> 0 | BK48: =BJ48*$L48 -> 0
B49: ='OFERTA ECONÓMICA'!#REF! -> #REF! | C49: ='OFERTA ECONÓMICA'!#REF! -> #REF! | D49: ='OFERTA ECONÓMICA'!#REF! -> #REF! | E49: ='OFERTA ECONÓMICA'!#REF! -> #REF! | F49: ='OFERTA ECONÓMICA'!#REF! -> #REF! | G49: ='OFERTA ECONÓMICA'!#REF! -> #REF! | H49: ='OFERTA ECONÓMICA'!#REF! -> #REF! | I49: ='OFERTA ECONÓMICA'!#REF! -> #REF! | J49: ='OFERTA ECONÓMICA'!#REF! -> #REF! | K49: =SUM(N49,P49,R49,T49,V49,X49,Z49,AB49,AD49,AF49,AH49,AJ49,AL49,AN49,AP49,AR49,AT49,AV49,AX49,AZ49,BB49,BD49,BF49,BH49,BJ49) -> 0 | M49: =K49*L49 -> 0 | O49: =N49*L49 -> 0 | Q49: =P49*$L49 -> 0 | S49: =R49*$L49 -> 0 | U49: =T49*$L49 -> 0 | W49: =V49*$L49 -> 0 | Y49: =X49*$L49 -> 0 | AA49: =Z49*$L49 -> 0 | AC49: =AB49*$L49 -> 0 | AE49: =AD49*$L49 -> 0 | AG49: =AF49*$L49 -> 0 | AI49: =AH49*$L49 -> 0 | AK49: =AJ49*$L49 -> 0 | AM49: =AL49*$L49 -> 0 | AO49: =AN49*$L49 -> 0 | AQ49: =AP49*$L49 -> 0 | AS49: =AR49*$L49 -> 0 | AU49: =AT49*$L49 -> 0 | AW49: =AV49*$L49 -> 0 | AY49: =AX49*$L49 -> 0 | BA49: =AZ49*$L49 -> 0 | BC49: =BB49*$L49 -> 0 | BE49: =BD49*$L49 -> 0 | BG49: =BF49*$L49 -> 0 | BI49: =BH49*$L49 -> 0 | BK49: =BJ49*$L49 -> 0
B50: ='OFERTA ECONÓMICA'!#REF! -> #REF! | C50: ='OFERTA ECONÓMICA'!#REF! -> #REF! | D50: ='OFERTA ECONÓMICA'!#REF! -> #REF! | E50: ='OFERTA ECONÓMICA'!#REF! -> #REF! | F50: ='OFERTA ECONÓMICA'!#REF! -> #REF! | G50: ='OFERTA ECONÓMICA'!#REF! -> #REF! | H50: ='OFERTA ECONÓMICA'!#REF! -> #REF! | I50: ='OFERTA ECONÓMICA'!#REF! -> #REF! | J50: ='OFERTA ECONÓMICA'!#REF! -> #REF! | K50: =SUM(N50,P50,R50,T50,V50,X50,Z50,AB50,AD50,AF50,AH50,AJ50,AL50,AN50,AP50,AR50,AT50,AV50,AX50,AZ50,BB50,BD50,BF50,BH50,BJ50) -> 0 | M50: =K50*L50 -> 0 | O50: =N50*L50 -> 0 | Q50: =P50*$L50 -> 0 | S50: =R50*$L50 -> 0 | U50: =T50*$L50 -> 0 | W50: =V50*$L50 -> 0 | Y50: =X50*$L50 -> 0 | AA50: =Z50*$L50 -> 0 | AC50: =AB50*$L50 -> 0 | AE50: =AD50*$L50 -> 0 | AG50: =AF50*$L50 -> 0 | AI50: =AH50*$L50 -> 0 | AK50: =AJ50*$L50 -> 0 | AM50: =AL50*$L50 -> 0 | AO50: =AN50*$L50 -> 0 | AQ50: =AP50*$L50 -> 0 | AS50: =AR50*$L50 -> 0 | AU50: =AT50*$L50 -> 0 | AW50: =AV50*$L50 -> 0 | AY50: =AX50*$L50 -> 0 | BA50: =AZ50*$L50 -> 0 | BC50: =BB50*$L50 -> 0 | BE50: =BD50*$L50 -> 0 | BG50: =BF50*$L50 -> 0 | BI50: =BH50*$L50 -> 0 | BK50: =BJ50*$L50 -> 0
B51: ='OFERTA ECONÓMICA'!#REF! -> #REF! | C51: ='OFERTA ECONÓMICA'!#REF! -> #REF! | D51: ='OFERTA ECONÓMICA'!#REF! -> #REF! | E51: ='OFERTA ECONÓMICA'!#REF! -> #REF! | F51: ='OFERTA ECONÓMICA'!#REF! -> #REF! | G51: ='OFERTA ECONÓMICA'!#REF! -> #REF! | H51: ='OFERTA ECONÓMICA'!#REF! -> #REF! | I51: ='OFERTA ECONÓMICA'!#REF! -> #REF! | J51: ='OFERTA ECONÓMICA'!#REF! -> #REF! | K51: =SUM(N51,P51,R51,T51,V51,X51,Z51,AB51,AD51,AF51,AH51,AJ51,AL51,AN51,AP51,AR51,AT51,AV51,AX51,AZ51,BB51,BD51,BF51,BH51,BJ51) -> 0 | M51: =K51*L51 -> 0 | O51: =N51*L51 -> 0 | Q51: =P51*$L51 -> 0 | S51: =R51*$L51 -> 0 | U51: =T51*$L51 -> 0 | W51: =V51*$L51 -> 0 | Y51: =X51*$L51 -> 0 | AA51: =Z51*$L51 -> 0 | AC51: =AB51*$L51 -> 0 | AE51: =AD51*$L51 -> 0 | AG51: =AF51*$L51 -> 0 | AI51: =AH51*$L51 -> 0 | AK51: =AJ51*$L51 -> 0 | AM51: =AL51*$L51 -> 0 | AO51: =AN51*$L51 -> 0 | AQ51: =AP51*$L51 -> 0 | AS51: =AR51*$L51 -> 0 | AU51: =AT51*$L51 -> 0 | AW51: =AV51*$L51 -> 0 | AY51: =AX51*$L51 -> 0 | BA51: =AZ51*$L51 -> 0 | BC51: =BB51*$L51 -> 0 | BE51: =BD51*$L51 -> 0 | BG51: =BF51*$L51 -> 0 | BI51: =BH51*$L51 -> 0 | BK51: =BJ51*$L51 -> 0
B52: ='OFERTA ECONÓMICA'!#REF! -> #REF! | C52: ='OFERTA ECONÓMICA'!#REF! -> #REF! | D52: ='OFERTA ECONÓMICA'!#REF! -> #REF! | E52: ='OFERTA ECONÓMICA'!#REF! -> #REF! | F52: ='OFERTA ECONÓMICA'!#REF! -> #REF! | G52: ='OFERTA ECONÓMICA'!#REF! -> #REF! | H52: ='OFERTA ECONÓMICA'!#REF! -> #REF! | I52: ='OFERTA ECONÓMICA'!#REF! -> #REF! | J52: ='OFERTA ECONÓMICA'!#REF! -> #REF! | K52: =SUM(N52,P52,R52,T52,V52,X52,Z52,AB52,AD52,AF52,AH52,AJ52,AL52,AN52,AP52,AR52,AT52,AV52,AX52,AZ52,BB52,BD52,BF52,BH52,BJ52) -> 0 | M52: =K52*L52 -> 0 | O52: =N52*L52 -> 0 | Q52: =P52*$L52 -> 0 | S52: =R52*$L52 -> 0 | U52: =T52*$L52 -> 0 | W52: =V52*$L52 -> 0 | Y52: =X52*$L52 -> 0 | AA52: =Z52*$L52 -> 0 | AC52: =AB52*$L52 -> 0 | AE52: =AD52*$L52 -> 0 | AG52: =AF52*$L52 -> 0 | AI52: =AH52*$L52 -> 0 | AK52: =AJ52*$L52 -> 0 | AM52: =AL52*$L52 -> 0 | AO52: =AN52*$L52 -> 0 | AQ52: =AP52*$L52 -> 0 | AS52: =AR52*$L52 -> 0 | AU52: =AT52*$L52 -> 0 | AW52: =AV52*$L52 -> 0 | AY52: =AX52*$L52 -> 0 | BA52: =AZ52*$L52 -> 0 | BC52: =BB52*$L52 -> 0 | BE52: =BD52*$L52 -> 0 | BG52: =BF52*$L52 -> 0 | BI52: =BH52*$L52 -> 0 | BK52: =BJ52*$L52 -> 0
B53: ='OFERTA ECONÓMICA'!#REF! -> #REF! | C53: ='OFERTA ECONÓMICA'!#REF! -> #REF! | D53: ='OFERTA ECONÓMICA'!#REF! -> #REF! | E53: ='OFERTA ECONÓMICA'!#REF! -> #REF! | F53: ='OFERTA ECONÓMICA'!#REF! -> #REF! | G53: ='OFERTA ECONÓMICA'!#REF! -> #REF! | H53: ='OFERTA ECONÓMICA'!#REF! -> #REF! | I53: ='OFERTA ECONÓMICA'!#REF! -> #REF! | J53: ='OFERTA ECONÓMICA'!#REF! -> #REF! | K53: =SUM(N53,P53,R53,T53,V53,X53,Z53,AB53,AD53,AF53,AH53,AJ53,AL53,AN53,AP53,AR53,AT53,AV53,AX53,AZ53,BB53,BD53,BF53,BH53,BJ53) -> 0 | M53: =K53*L53 -> 0 | O53: =N53*L53 -> 0 | Q53: =P53*$L53 -> 0 | S53: =R53*$L53 -> 0 | U53: =T53*$L53 -> 0 | W53: =V53*$L53 -> 0 | Y53: =X53*$L53 -> 0 | AA53: =Z53*$L53 -> 0 | AC53: =AB53*$L53 -> 0 | AE53: =AD53*$L53 -> 0 | AG53: =AF53*$L53 -> 0 | AI53: =AH53*$L53 -> 0 | AK53: =AJ53*$L53 -> 0 | AM53: =AL53*$L53 -> 0 | AO53: =AN53*$L53 -> 0 | AQ53: =AP53*$L53 -> 0 | AS53: =AR53*$L53 -> 0 | AU53: =AT53*$L53 -> 0 | AW53: =AV53*$L53 -> 0 | AY53: =AX53*$L53 -> 0 | BA53: =AZ53*$L53 -> 0 | BC53: =BB53*$L53 -> 0 | BE53: =BD53*$L53 -> 0 | BG53: =BF53*$L53 -> 0 | BI53: =BH53*$L53 -> 0 | BK53: =BJ53*$L53 -> 0
B54: ='OFERTA ECONÓMICA'!#REF! -> #REF! | C54: ='OFERTA ECONÓMICA'!#REF! -> #REF! | D54: ='OFERTA ECONÓMICA'!#REF! -> #REF! | E54: ='OFERTA ECONÓMICA'!#REF! -> #REF! | F54: ='OFERTA ECONÓMICA'!#REF! -> #REF! | G54: ='OFERTA ECONÓMICA'!#REF! -> #REF! | H54: ='OFERTA ECONÓMICA'!#REF! -> #REF! | I54: ='OFERTA ECONÓMICA'!#REF! -> #REF! | J54: ='OFERTA ECONÓMICA'!#REF! -> #REF! | K54: =SUM(N54,P54,R54,T54,V54,X54,Z54,AB54,AD54,AF54,AH54,AJ54,AL54,AN54,AP54,AR54,AT54,AV54,AX54,AZ54,BB54,BD54,BF54,BH54,BJ54) -> 0 | M54: =K54*L54 -> 0 | O54: =N54*L54 -> 0 | Q54: =P54*$L54 -> 0 | S54: =R54*$L54 -> 0 | U54: =T54*$L54 -> 0 | W54: =V54*$L54 -> 0 | Y54: =X54*$L54 -> 0 | AA54: =Z54*$L54 -> 0 | AC54: =AB54*$L54 -> 0 | AE54: =AD54*$L54 -> 0 | AG54: =AF54*$L54 -> 0 | AI54: =AH54*$L54 -> 0 | AK54: =AJ54*$L54 -> 0 | AM54: =AL54*$L54 -> 0 | AO54: =AN54*$L54 -> 0 | AQ54: =AP54*$L54 -> 0 | AS54: =AR54*$L54 -> 0 | AU54: =AT54*$L54 -> 0 | AW54: =AV54*$L54 -> 0 | AY54: =AX54*$L54 -> 0 | BA54: =AZ54*$L54 -> 0 | BC54: =BB54*$L54 -> 0 | BE54: =BD54*$L54 -> 0 | BG54: =BF54*$L54 -> 0 | BI54: =BH54*$L54 -> 0 | BK54: =BJ54*$L54 -> 0
B55: ='OFERTA ECONÓMICA'!#REF! -> #REF! | C55: ='OFERTA ECONÓMICA'!#REF! -> #REF! | D55: ='OFERTA ECONÓMICA'!#REF! -> #REF! | E55: ='OFERTA ECONÓMICA'!#REF! -> #REF! | F55: ='OFERTA ECONÓMICA'!#REF! -> #REF! | G55: ='OFERTA ECONÓMICA'!#REF! -> #REF! | H55: ='OFERTA ECONÓMICA'!#REF! -> #REF! | I55: ='OFERTA ECONÓMICA'!#REF! -> #REF! | J55: ='OFERTA ECONÓMICA'!#REF! -> #REF! | K55: =SUM(N55,P55,R55,T55,V55,X55,Z55,AB55,AD55,AF55,AH55,AJ55,AL55,AN55,AP55,AR55,AT55,AV55,AX55,AZ55,BB55,BD55,BF55,BH55,BJ55) -> 0 | M55: =K55*L55 -> 0 | O55: =N55*L55 -> 0 | Q55: =P55*$L55 -> 0 | S55: =R55*$L55 -> 0 | U55: =T55*$L55 -> 0 | W55: =V55*$L55 -> 0 | Y55: =X55*$L55 -> 0 | AA55: =Z55*$L55 -> 0 | AC55: =AB55*$L55 -> 0 | AE55: =AD55*$L55 -> 0 | AG55: =AF55*$L55 -> 0 | AI55: =AH55*$L55 -> 0 | AK55: =AJ55*$L55 -> 0 | AM55: =AL55*$L55 -> 0 | AO55: =AN55*$L55 -> 0 | AQ55: =AP55*$L55 -> 0 | AS55: =AR55*$L55 -> 0 | AU55: =AT55*$L55 -> 0 | AW55: =AV55*$L55 -> 0 | AY55: =AX55*$L55 -> 0 | BA55: =AZ55*$L55 -> 0 | BC55: =BB55*$L55 -> 0 | BE55: =BD55*$L55 -> 0 | BG55: =BF55*$L55 -> 0 | BI55: =BH55*$L55 -> 0 | BK55: =BJ55*$L55 -> 0
B56: ='OFERTA ECONÓMICA'!#REF! -> #REF! | C56: ='OFERTA ECONÓMICA'!#REF! -> #REF! | D56: ='OFERTA ECONÓMICA'!#REF! -> #REF! | E56: ='OFERTA ECONÓMICA'!#REF! -> #REF! | F56: ='OFERTA ECONÓMICA'!#REF! -> #REF! | G56: ='OFERTA ECONÓMICA'!#REF! -> #REF! | H56: ='OFERTA ECONÓMICA'!#REF! -> #REF! | I56: ='OFERTA ECONÓMICA'!#REF! -> #REF! | J56: ='OFERTA ECONÓMICA'!#REF! -> #REF! | K56: =SUM(N56,P56,R56,T56,V56,X56,Z56,AB56,AD56,AF56,AH56,AJ56,AL56,AN56,AP56,AR56,AT56,AV56,AX56,AZ56,BB56,BD56,BF56,BH56,BJ56) -> 0 | M56: =K56*L56 -> 0 | O56: =N56*L56 -> 0 | Q56: =P56*$L56 -> 0 | S56: =R56*$L56 -> 0 | U56: =T56*$L56 -> 0 | W56: =V56*$L56 -> 0 | Y56: =X56*$L56 -> 0 | AA56: =Z56*$L56 -> 0 | AC56: =AB56*$L56 -> 0 | AE56: =AD56*$L56 -> 0 | AG56: =AF56*$L56 -> 0 | AI56: =AH56*$L56 -> 0 | AK56: =AJ56*$L56 -> 0 | AM56: =AL56*$L56 -> 0 | AO56: =AN56*$L56 -> 0 | AQ56: =AP56*$L56 -> 0 | AS56: =AR56*$L56 -> 0 | AU56: =AT56*$L56 -> 0 | AW56: =AV56*$L56 -> 0 | AY56: =AX56*$L56 -> 0 | BA56: =AZ56*$L56 -> 0 | BC56: =BB56*$L56 -> 0 | BE56: =BD56*$L56 -> 0 | BG56: =BF56*$L56 -> 0 | BI56: =BH56*$L56 -> 0 | BK56: =BJ56*$L56 -> 0
B57: ='OFERTA ECONÓMICA'!#REF! -> #REF! | C57: ='OFERTA ECONÓMICA'!#REF! -> #REF! | D57: ='OFERTA ECONÓMICA'!#REF! -> #REF! | E57: ='OFERTA ECONÓMICA'!#REF! -> #REF! | F57: ='OFERTA ECONÓMICA'!#REF! -> #REF! | G57: ='OFERTA ECONÓMICA'!#REF! -> #REF! | H57: ='OFERTA ECONÓMICA'!#REF! -> #REF! | I57: ='OFERTA ECONÓMICA'!#REF! -> #REF! | J57: ='OFERTA ECONÓMICA'!#REF! -> #REF! | K57: =SUM(N57,P57,R57,T57,V57,X57,Z57,AB57,AD57,AF57,AH57,AJ57,AL57,AN57,AP57,AR57,AT57,AV57,AX57,AZ57,BB57,BD57,BF57,BH57,BJ57) -> 0 | M57: =K57*L57 -> 0 | O57: =N57*L57 -> 0 | Q57: =P57*$L57 -> 0 | S57: =R57*$L57 -> 0 | U57: =T57*$L57 -> 0 | W57: =V57*$L57 -> 0 | Y57: =X57*$L57 -> 0 | AA57: =Z57*$L57 -> 0 | AC57: =AB57*$L57 -> 0 | AE57: =AD57*$L57 -> 0 | AG57: =AF57*$L57 -> 0 | AI57: =AH57*$L57 -> 0 | AK57: =AJ57*$L57 -> 0 | AM57: =AL57*$L57 -> 0 | AO57: =AN57*$L57 -> 0 | AQ57: =AP57*$L57 -> 0 | AS57: =AR57*$L57 -> 0 | AU57: =AT57*$L57 -> 0 | AW57: =AV57*$L57 -> 0 | AY57: =AX57*$L57 -> 0 | BA57: =AZ57*$L57 -> 0 | BC57: =BB57*$L57 -> 0 | BE57: =BD57*$L57 -> 0 | BG57: =BF57*$L57 -> 0 | BI57: =BH57*$L57 -> 0 | BK57: =BJ57*$L57 -> 0
... B169: ='OFERTA ECONÓMICA'!#REF! -> #REF! | C169: ='OFERTA ECONÓMICA'!#REF! -> #REF! | D169: ='OFERTA ECONÓMICA'!#REF! -> #REF! | E169: ='OFERTA ECONÓMICA'!#REF! -> #REF! | F169: ='OFERTA ECONÓMICA'!#REF! -> #REF! | G169: ='OFERTA ECONÓMICA'!#REF! -> #REF! | H169: ='OFERTA ECONÓMICA'!#REF! -> #REF! | I169: ='OFERTA ECONÓMICA'!#REF! -> #REF! | J169: ='OFERTA ECONÓMICA'!#REF! -> #REF! | K169: =SUM(N169,P169,R169,T169,V169,X169,Z169,AB169,AD169,AF169,AH169,AJ169,AL169,AN169,AP169,AR169,AT169,AV169,AX169,AZ169,BB169,BD169,BF169,BH169,BJ169) -> 0 | M169: =K169*L169 -> 0 | O169: =N169*L169 -> 0 | Q169: =P169*$L169 -> 0 | S169: =R169*$L169 -> 0 | U169: =T169*$L169 -> 0 | W169: =V169*$L169 -> 0 | Y169: =X169*$L169 -> 0 | AA169: =Z169*$L169 -> 0 | AC169: =AB169*$L169 -> 0 | AE169: =AD169*$L169 -> 0 | AG169: =AF169*$L169 -> 0 | AI169: =AH169*$L169 -> 0 | AK169: =AJ169*$L169 -> 0 | AM169: =AL169*$L169 -> 0 | AO169: =AN169*$L169 -> 0 | AQ169: =AP169*$L169 -> 0 | AS169: =AR169*$L169 -> 0 | AU169: =AT169*$L169 -> 0 | AW169: =AV169*$L169 -> 0 | AY169: =AX169*$L169 -> 0 | BA169: =AZ169*$L169 -> 0 | BC169: =BB169*$L169 -> 0 | BE169: =BD169*$L169 -> 0 | BG169: =BF169*$L169 -> 0 | BI169: =BH169*$L169 -> 0 | BK169: =BJ169*$L169 -> 0
B170: VALOR TOTAL NECESIDAD | N170: =SUM(O5:O157) -> 0 | P170: =SUM(Q5:Q157) -> 0 | R170: =SUM(S5:S157) -> 0 | T170: =SUM(U5:U157) -> 0 | V170: =SUM(W5:W157) -> 0 | X170: =SUM(Y5:Y157) -> 0 | Z170: =SUM(AA5:AA157) -> 0 | AB170: =SUM(AC5:AC157) -> 0 | AD170: =SUM(AE5:AE157) -> 0 | AF170: =SUM(AG5:AG157) -> 0 | AH170: =SUM(AI5:AI157) -> 0 | AJ170: =SUM(AK5:AK157) -> 0 | AL170: =SUM(AM5:AM157) -> 0 | AN170: =SUM(AO5:AO157) -> 0 | AP170: =SUM(AQ5:AQ157) -> 0 | AR170: =SUM(AS5:AS157) -> 0 | AT170: =SUM(AU5:AU157) -> 0 | AV170: =SUM(AW5:AW157) -> 0 | AX170: =SUM(AY5:AY157) -> 0 | AZ170: =SUM(BA5:BA157) -> 0 | BB170: =SUM(BC5:BC157) -> 0 | BD170: =SUM(BE5:BE157) -> 0 | BF170: =SUM(BG5:BG157) -> 0 | BH170: =SUM(BI5:BI157) -> 0 | BJ170: =SUM(BK5:BK157) -> 0
B171: PRESUPUESTO ASIGNADO | V171: 848385 | X171: 932222 | Z171: 932222 | AH171: 932222 | AJ171: 932222 | AL171: 932222 | AR171: 1398333 | AV171: 932222 | BB171: 1398333 | BD171: 932222 | BJ171: 1398333
B172: SALDO | N172: =N171-N170 -> 0 | P172: =P171-P170 -> 0 | R172: =R171-R170 -> 0 | T172: =T171-T170 -> 0 | V172: =V171-V170 -> 848385 | X172: =X171-X170 -> 932222 | Z172: =Z171-Z170 -> 932222 | AB172: =AB171-AB170 -> 0 | AD172: =AD171-AD170 -> 0 | AF172: =AF171-AF170 -> 0 | AH172: =AH171-AH170 -> 932222 | AJ172: =AJ171-AJ170 -> 932222 | AL172: =AL171-AL170 -> 932222 | AN172: =AN171-AN170 -> 0 | AP172: =AP171-AP170 -> 0 | AR172: =AR171-AR170 -> 1398333 | AT172: =AT171-AT170 -> 0 | AV172: =AV171-AV170 -> 932222 | AX172: =AX171-AX170 -> 0 | AZ172: =AZ171-AZ170 -> 0 | BB172: =BB171-BB170 -> 1398333 | BD172: =BD171-BD170 -> 932222 | BF172: =BF171-BF170 -> 0 | BH172: =BH171-BH170 -> 0 | BJ172: =BJ171-BJ170 -> 1398333
B174: =#REF! -> #REF!
B175: ÍTEM | C175: CÓDIGO DANE | D175: DESCRIPCIÓN DEL BIEN Y/O SERVICIO | E175: =#REF! -> #REF! | F175: =#REF! -> #REF! | G175: NECESIDAD | H175: =#REF! -> #REF! | I175: =#REF! -> #REF! | J175: =#REF! -> #REF! | K175: NECESIDAD TOTAL | L175: PRECIO DE REFERENCIA | M175: VALOR TOTAL
N176: N | O176: VALOR TOTAL NECESIDAD | P176: N | Q176: VALOR TOTAL NECESIDAD | R176: N | S176: VALOR TOTAL NECESIDAD | T176: N | U176: VALOR TOTAL NECESIDAD | V176: N | W176: VALOR TOTAL NECESIDAD | X176: N | Y176: VALOR TOTAL NECESIDAD | Z176: N | AA176: VALOR TOTAL NECESIDAD | AB176: N | AC176: VALOR TOTAL NECESIDAD | AD176: N | AE176: VALOR TOTAL NECESIDAD | AF176: N | AG176: VALOR TOTAL NECESIDAD | AH176: N | AI176: VALOR TOTAL NECESIDAD | AJ176: N | AK176: VALOR TOTAL NECESIDAD | AL176: N | AM176: VALOR TOTAL NECESIDAD | AN176: N | AO176: VALOR TOTAL NECESIDAD | AP176: N | AQ176: VALOR TOTAL NECESIDAD | AR176: N | AS176: VALOR TOTAL NECESIDAD | AT176: N | AU176: VALOR TOTAL NECESIDAD | AV176: N | AW176: VALOR TOTAL NECESIDAD | AX176: N | AY176: VALOR TOTAL NECESIDAD | AZ176: N | BA176: VALOR TOTAL NECESIDAD | BB176: N | BC176: VALOR TOTAL NECESIDAD
B177: ='OFERTA ECONÓMICA'!#REF! -> #REF! | C177: ='OFERTA ECONÓMICA'!#REF! -> #REF! | D177: ='OFERTA ECONÓMICA'!#REF! -> #REF! | E177: ='OFERTA ECONÓMICA'!#REF! -> #REF! | F177: ='OFERTA ECONÓMICA'!#REF! -> #REF! | G177: ='OFERTA ECONÓMICA'!#REF! -> #REF! | H177: ='OFERTA ECONÓMICA'!#REF! -> #REF! | I177: ='OFERTA ECONÓMICA'!#REF! -> #REF! | J177: ='OFERTA ECONÓMICA'!#REF! -> #REF! | K177: =SUM(N177,P177,R177,T177,V177,X177,Z177,AB177,AD177,AF177,AH177,AJ177,AL177,AN177,AP177,AR177,AT177,AV177,AX177,AZ177,BB177,BD177,BF177,BH177,BJ177) -> 0 | M177: =K177*L177 -> 0 | O177: =$L177*N177 -> 0 | Q177: =$L177*P177 -> 0 | S177: =$L177*R177 -> 0 | U177: =$L177*T177 -> 0 | W177: =$L177*V177 -> 0 | Y177: =$L177*X177 -> 0 | AA177: =$L177*Z177 -> 0 | AC177: =$L177*AB177 -> 0 | AE177: =$L177*AD177 -> 0 | AG177: =$L177*AF177 -> 0 | AI177: =$L177*AH177 -> 0 | AK177: =$L177*AJ177 -> 0 | AM177: =$L177*AL177 -> 0 | AO177: =$L177*AN177 -> 0 | AQ177: =$L177*AP177 -> 0 | AS177: =$L177*AR177 -> 0 | AU177: =$L177*AT177 -> 0 | AW177: =$L177*AV177 -> 0 | AY177: =$L177*AX177 -> 0 | BA177: =$L177*AZ177 -> 0 | BC177: =$L177*BB177 -> 0
B178: ='OFERTA ECONÓMICA'!#REF! -> #REF! | C178: ='OFERTA ECONÓMICA'!#REF! -> #REF! | D178: ='OFERTA ECONÓMICA'!#REF! -> #REF! | E178: ='OFERTA ECONÓMICA'!#REF! -> #REF! | F178: ='OFERTA ECONÓMICA'!#REF! -> #REF! | G178: ='OFERTA ECONÓMICA'!#REF! -> #REF! | H178: ='OFERTA ECONÓMICA'!#REF! -> #REF! | I178: ='OFERTA ECONÓMICA'!#REF! -> #REF! | J178: ='OFERTA ECONÓMICA'!#REF! -> #REF! | K178: =SUM(N178,P178,R178,T178,V178,X178,Z178,AB178,AD178,AF178,AH178,AJ178,AL178,AN178,AP178,AR178,AT178,AV178,AX178,AZ178,BB178,BD178,BF178,BH178,BJ178) -> 0 | M178: =K178*L178 -> 0 | O178: =$L178*N178 -> 0 | Q178: =$L178*P178 -> 0 | S178: =$L178*R178 -> 0 | U178: =$L178*T178 -> 0 | W178: =$L178*V178 -> 0 | Y178: =$L178*X178 -> 0 | AA178: =$L178*Z178 -> 0 | AC178: =$L178*AB178 -> 0 | AE178: =$L178*AD178 -> 0 | AG178: =$L178*AF178 -> 0 | AI178: =$L178*AH178 -> 0 | AK178: =$L178*AJ178 -> 0 | AM178: =$L178*AL178 -> 0 | AO178: =$L178*AN178 -> 0 | AQ178: =$L178*AP178 -> 0 | AS178: =$L178*AR178 -> 0 | AU178: =$L178*AT178 -> 0 | AW178: =$L178*AV178 -> 0 | AY178: =$L178*AX178 -> 0 | BA178: =$L178*AZ178 -> 0 | BC178: =$L178*BB178 -> 0
B179: ='OFERTA ECONÓMICA'!#REF! -> #REF! | C179: ='OFERTA ECONÓMICA'!#REF! -> #REF! | D179: ='OFERTA ECONÓMICA'!#REF! -> #REF! | E179: ='OFERTA ECONÓMICA'!#REF! -> #REF! | F179: ='OFERTA ECONÓMICA'!#REF! -> #REF! | G179: ='OFERTA ECONÓMICA'!#REF! -> #REF! | H179: ='OFERTA ECONÓMICA'!#REF! -> #REF! | I179: ='OFERTA ECONÓMICA'!#REF! -> #REF! | J179: ='OFERTA ECONÓMICA'!#REF! -> #REF! | K179: =SUM(N179,P179,R179,T179,V179,X179,Z179,AB179,AD179,AF179,AH179,AJ179,AL179,AN179,AP179,AR179,AT179,AV179,AX179,AZ179,BB179,BD179,BF179,BH179,BJ179) -> 0 | M179: =K179*L179 -> 0 | O179: =$L179*N179 -> 0 | Q179: =$L179*P179 -> 0 | S179: =$L179*R179 -> 0 | U179: =$L179*T179 -> 0 | W179: =$L179*V179 -> 0 | Y179: =$L179*X179 -> 0 | AA179: =$L179*Z179 -> 0 | AC179: =$L179*AB179 -> 0 | AE179: =$L179*AD179 -> 0 | AG179: =$L179*AF179 -> 0 | AI179: =$L179*AH179 -> 0 | AK179: =$L179*AJ179 -> 0 | AM179: =$L179*AL179 -> 0 | AO179: =$L179*AN179 -> 0 | AQ179: =$L179*AP179 -> 0 | AS179: =$L179*AR179 -> 0 | AU179: =$L179*AT179 -> 0 | AW179: =$L179*AV179 -> 0 | AY179: =$L179*AX179 -> 0 | BA179: =$L179*AZ179 -> 0 | BC179: =$L179*BB179 -> 0
B180: ='OFERTA ECONÓMICA'!#REF! -> #REF! | C180: ='OFERTA ECONÓMICA'!#REF! -> #REF! | D180: ='OFERTA ECONÓMICA'!#REF! -> #REF! | E180: ='OFERTA ECONÓMICA'!#REF! -> #REF! | F180: ='OFERTA ECONÓMICA'!#REF! -> #REF! | G180: ='OFERTA ECONÓMICA'!#REF! -> #REF! | H180: ='OFERTA ECONÓMICA'!#REF! -> #REF! | I180: ='OFERTA ECONÓMICA'!#REF! -> #REF! | J180: ='OFERTA ECONÓMICA'!#REF! -> #REF! | K180: =SUM(N180,P180,R180,T180,V180,X180,Z180,AB180,AD180,AF180,AH180,AJ180,AL180,AN180,AP180,AR180,AT180,AV180,AX180,AZ180,BB180,BD180,BF180,BH180,BJ180) -> 0 | M180: =K180*L180 -> 0 | O180: =$L180*N180 -> 0 | Q180: =$L180*P180 -> 0 | S180: =$L180*R180 -> 0 | U180: =$L180*T180 -> 0 | W180: =$L180*V180 -> 0 | Y180: =$L180*X180 -> 0 | AA180: =$L180*Z180 -> 0 | AC180: =$L180*AB180 -> 0 | AE180: =$L180*AD180 -> 0 | AG180: =$L180*AF180 -> 0 | AI180: =$L180*AH180 -> 0 | AK180: =$L180*AJ180 -> 0 | AM180: =$L180*AL180 -> 0 | AO180: =$L180*AN180 -> 0 | AQ180: =$L180*AP180 -> 0 | AS180: =$L180*AR180 -> 0 | AU180: =$L180*AT180 -> 0 | AW180: =$L180*AV180 -> 0 | AY180: =$L180*AX180 -> 0 | BA180: =$L180*AZ180 -> 0 | BC180: =$L180*BB180 -> 0
B181: ='OFERTA ECONÓMICA'!#REF! -> #REF! | C181: ='OFERTA ECONÓMICA'!#REF! -> #REF! | D181: ='OFERTA ECONÓMICA'!#REF! -> #REF! | E181: ='OFERTA ECONÓMICA'!#REF! -> #REF! | F181: ='OFERTA ECONÓMICA'!#REF! -> #REF! | G181: ='OFERTA ECONÓMICA'!#REF! -> #REF! | H181: ='OFERTA ECONÓMICA'!#REF! -> #REF! | I181: ='OFERTA ECONÓMICA'!#REF! -> #REF! | J181: ='OFERTA ECONÓMICA'!#REF! -> #REF! | K181: =SUM(N181,P181,R181,T181,V181,X181,Z181,AB181,AD181,AF181,AH181,AJ181,AL181,AN181,AP181,AR181,AT181,AV181,AX181,AZ181,BB181,BD181,BF181,BH181,BJ181) -> 0 | M181: =K181*L181 -> 0 | O181: =$L181*N181 -> 0 | Q181: =$L181*P181 -> 0 | S181: =$L181*R181 -> 0 | U181: =$L181*T181 -> 0 | W181: =$L181*V181 -> 0 | Y181: =$L181*X181 -> 0 | AA181: =$L181*Z181 -> 0 | AC181: =$L181*AB181 -> 0 | AE181: =$L181*AD181 -> 0 | AG181: =$L181*AF181 -> 0 | AI181: =$L181*AH181 -> 0 | AK181: =$L181*AJ181 -> 0 | AM181: =$L181*AL181 -> 0 | AO181: =$L181*AN181 -> 0 | AQ181: =$L181*AP181 -> 0 | AS181: =$L181*AR181 -> 0 | AU181: =$L181*AT181 -> 0 | AW181: =$L181*AV181 -> 0 | AY181: =$L181*AX181 -> 0 | BA181: =$L181*AZ181 -> 0 | BC181: =$L181*BB181 -> 0
B182: ='OFERTA ECONÓMICA'!#REF! -> #REF! | C182: ='OFERTA ECONÓMICA'!#REF! -> #REF! | D182: ='OFERTA ECONÓMICA'!#REF! -> #REF! | E182: ='OFERTA ECONÓMICA'!#REF! -> #REF! | F182: ='OFERTA ECONÓMICA'!#REF! -> #REF! | G182: ='OFERTA ECONÓMICA'!#REF! -> #REF! | H182: ='OFERTA ECONÓMICA'!#REF! -> #REF! | I182: ='OFERTA ECONÓMICA'!#REF! -> #REF! | J182: ='OFERTA ECONÓMICA'!#REF! -> #REF! | K182: =SUM(N182,P182,R182,T182,V182,X182,Z182,AB182,AD182,AF182,AH182,AJ182,AL182,AN182,AP182,AR182,AT182,AV182,AX182,AZ182,BB182,BD182,BF182,BH182,BJ182) -> 0 | M182: =K182*L182 -> 0 | O182: =$L182*N182 -> 0 | Q182: =$L182*P182 -> 0 | S182: =$L182*R182 -> 0 | U182: =$L182*T182 -> 0 | W182: =$L182*V182 -> 0 | Y182: =$L182*X182 -> 0 | AA182: =$L182*Z182 -> 0 | AC182: =$L182*AB182 -> 0 | AE182: =$L182*AD182 -> 0 | AG182: =$L182*AF182 -> 0 | AI182: =$L182*AH182 -> 0 | AK182: =$L182*AJ182 -> 0 | AM182: =$L182*AL182 -> 0 | AO182: =$L182*AN182 -> 0 | AQ182: =$L182*AP182 -> 0 | AS182: =$L182*AR182 -> 0 | AU182: =$L182*AT182 -> 0 | AW182: =$L182*AV182 -> 0 | AY182: =$L182*AX182 -> 0 | BA182: =$L182*AZ182 -> 0 | BC182: =$L182*BB182 -> 0
B183: ='OFERTA ECONÓMICA'!#REF! -> #REF! | C183: ='OFERTA ECONÓMICA'!#REF! -> #REF! | D183: ='OFERTA ECONÓMICA'!#REF! -> #REF! | E183: ='OFERTA ECONÓMICA'!#REF! -> #REF! | F183: ='OFERTA ECONÓMICA'!#REF! -> #REF! | G183: ='OFERTA ECONÓMICA'!#REF! -> #REF! | H183: ='OFERTA ECONÓMICA'!#REF! -> #REF! | I183: ='OFERTA ECONÓMICA'!#REF! -> #REF! | J183: ='OFERTA ECONÓMICA'!#REF! -> #REF! | K183: =SUM(N183,P183,R183,T183,V183,X183,Z183,AB183,AD183,AF183,AH183,AJ183,AL183,AN183,AP183,AR183,AT183,AV183,AX183,AZ183,BB183,BD183,BF183,BH183,BJ183) -> 0 | M183: =K183*L183 -> 0 | O183: =$L183*N183 -> 0 | Q183: =$L183*P183 -> 0 | S183: =$L183*R183 -> 0 | U183: =$L183*T183 -> 0 | W183: =$L183*V183 -> 0 | Y183: =$L183*X183 -> 0 | AA183: =$L183*Z183 -> 0 | AC183: =$L183*AB183 -> 0 | AE183: =$L183*AD183 -> 0 | AG183: =$L183*AF183 -> 0 | AI183: =$L183*AH183 -> 0 | AK183: =$L183*AJ183 -> 0 | AM183: =$L183*AL183 -> 0 | AO183: =$L183*AN183 -> 0 | AQ183: =$L183*AP183 -> 0 | AS183: =$L183*AR183 -> 0 | AU183: =$L183*AT183 -> 0 | AW183: =$L183*AV183 -> 0 | AY183: =$L183*AX183 -> 0 | BA183: =$L183*AZ183 -> 0 | BC183: =$L183*BB183 -> 0
B184: ='OFERTA ECONÓMICA'!#REF! -> #REF! | C184: ='OFERTA ECONÓMICA'!#REF! -> #REF! | D184: ='OFERTA ECONÓMICA'!#REF! -> #REF! | E184: ='OFERTA ECONÓMICA'!#REF! -> #REF! | F184: ='OFERTA ECONÓMICA'!#REF! -> #REF! | G184: ='OFERTA ECONÓMICA'!#REF! -> #REF! | H184: ='OFERTA ECONÓMICA'!#REF! -> #REF! | I184: ='OFERTA ECONÓMICA'!#REF! -> #REF! | J184: ='OFERTA ECONÓMICA'!#REF! -> #REF! | K184: =SUM(N184,P184,R184,T184,V184,X184,Z184,AB184,AD184,AF184,AH184,AJ184,AL184,AN184,AP184,AR184,AT184,AV184,AX184,AZ184,BB184,BD184,BF184,BH184,BJ184) -> 0 | M184: =K184*L184 -> 0 | O184: =$L184*N184 -> 0 | Q184: =$L184*P184 -> 0 | S184: =$L184*R184 -> 0 | U184: =$L184*T184 -> 0 | W184: =$L184*V184 -> 0 | Y184: =$L184*X184 -> 0 | AA184: =$L184*Z184 -> 0 | AC184: =$L184*AB184 -> 0 | AE184: =$L184*AD184 -> 0 | AG184: =$L184*AF184 -> 0 | AI184: =$L184*AH184 -> 0 | AK184: =$L184*AJ184 -> 0 | AM184: =$L184*AL184 -> 0 | AO184: =$L184*AN184 -> 0 | AQ184: =$L184*AP184 -> 0 | AS184: =$L184*AR184 -> 0 | AU184: =$L184*AT184 -> 0 | AW184: =$L184*AV184 -> 0 | AY184: =$L184*AX184 -> 0 | BA184: =$L184*AZ184 -> 0 | BC184: =$L184*BB184 -> 0
B185: ='OFERTA ECONÓMICA'!#REF! -> #REF! | C185: ='OFERTA ECONÓMICA'!#REF! -> #REF! | D185: ='OFERTA ECONÓMICA'!#REF! -> #REF! | E185: ='OFERTA ECONÓMICA'!#REF! -> #REF! | F185: ='OFERTA ECONÓMICA'!#REF! -> #REF! | G185: ='OFERTA ECONÓMICA'!#REF! -> #REF! | H185: ='OFERTA ECONÓMICA'!#REF! -> #REF! | I185: ='OFERTA ECONÓMICA'!#REF! -> #REF! | J185: ='OFERTA ECONÓMICA'!#REF! -> #REF! | K185: =SUM(N185,P185,R185,T185,V185,X185,Z185,AB185,AD185,AF185,AH185,AJ185,AL185,AN185,AP185,AR185,AT185,AV185,AX185,AZ185,BB185,BD185,BF185,BH185,BJ185) -> 0 | M185: =K185*L185 -> 0 | O185: =$L185*N185 -> 0 | Q185: =$L185*P185 -> 0 | S185: =$L185*R185 -> 0 | U185: =$L185*T185 -> 0 | W185: =$L185*V185 -> 0 | Y185: =$L185*X185 -> 0 | AA185: =$L185*Z185 -> 0 | AC185: =$L185*AB185 -> 0 | AE185: =$L185*AD185 -> 0 | AG185: =$L185*AF185 -> 0 | AI185: =$L185*AH185 -> 0 | AK185: =$L185*AJ185 -> 0 | AM185: =$L185*AL185 -> 0 | AO185: =$L185*AN185 -> 0 | AQ185: =$L185*AP185 -> 0 | AS185: =$L185*AR185 -> 0 | AU185: =$L185*AT185 -> 0 | AW185: =$L185*AV185 -> 0 | AY185: =$L185*AX185 -> 0 | BA185: =$L185*AZ185 -> 0 | BC185: =$L185*BB185 -> 0
B186: ='OFERTA ECONÓMICA'!#REF! -> #REF! | C186: ='OFERTA ECONÓMICA'!#REF! -> #REF! | D186: ='OFERTA ECONÓMICA'!#REF! -> #REF! | E186: ='OFERTA ECONÓMICA'!#REF! -> #REF! | F186: ='OFERTA ECONÓMICA'!#REF! -> #REF! | G186: ='OFERTA ECONÓMICA'!#REF! -> #REF! | H186: ='OFERTA ECONÓMICA'!#REF! -> #REF! | I186: ='OFERTA ECONÓMICA'!#REF! -> #REF! | J186: ='OFERTA ECONÓMICA'!#REF! -> #REF! | K186: =SUM(N186,P186,R186,T186,V186,X186,Z186,AB186,AD186,AF186,AH186,AJ186,AL186,AN186,AP186,AR186,AT186,AV186,AX186,AZ186,BB186,BD186,BF186,BH186,BJ186) -> 0 | M186: =K186*L186 -> 0 | O186: =$L186*N186 -> 0 | Q186: =$L186*P186 -> 0 | S186: =$L186*R186 -> 0 | U186: =$L186*T186 -> 0 | W186: =$L186*V186 -> 0 | Y186: =$L186*X186 -> 0 | AA186: =$L186*Z186 -> 0 | AC186: =$L186*AB186 -> 0 | AE186: =$L186*AD186 -> 0 | AG186: =$L186*AF186 -> 0 | AI186: =$L186*AH186 -> 0 | AK186: =$L186*AJ186 -> 0 | AM186: =$L186*AL186 -> 0 | AO186: =$L186*AN186 -> 0 | AQ186: =$L186*AP186 -> 0 | AS186: =$L186*AR186 -> 0 | AU186: =$L186*AT186 -> 0 | AW186: =$L186*AV186 -> 0 | AY186: =$L186*AX186 -> 0 | BA186: =$L186*AZ186 -> 0 | BC186: =$L186*BB186 -> 0
B187: ='OFERTA ECONÓMICA'!#REF! -> #REF! | C187: ='OFERTA ECONÓMICA'!#REF! -> #REF! | D187: ='OFERTA ECONÓMICA'!#REF! -> #REF! | E187: ='OFERTA ECONÓMICA'!#REF! -> #REF! | F187: ='OFERTA ECONÓMICA'!#REF! -> #REF! | G187: ='OFERTA ECONÓMICA'!#REF! -> #REF! | H187: ='OFERTA ECONÓMICA'!#REF! -> #REF! | I187: ='OFERTA ECONÓMICA'!#REF! -> #REF! | J187: ='OFERTA ECONÓMICA'!#REF! -> #REF! | K187: =SUM(N187,P187,R187,T187,V187,X187,Z187,AB187,AD187,AF187,AH187,AJ187,AL187,AN187,AP187,AR187,AT187,AV187,AX187,AZ187,BB187,BD187,BF187,BH187,BJ187) -> 0 | M187: =K187*L187 -> 0 | O187: =$L187*N187 -> 0 | Q187: =$L187*P187 -> 0 | S187: =$L187*R187 -> 0 | U187: =$L187*T187 -> 0 | W187: =$L187*V187 -> 0 | Y187: =$L187*X187 -> 0 | AA187: =$L187*Z187 -> 0 | AC187: =$L187*AB187 -> 0 | AE187: =$L187*AD187 -> 0 | AG187: =$L187*AF187 -> 0 | AI187: =$L187*AH187 -> 0 | AK187: =$L187*AJ187 -> 0 | AM187: =$L187*AL187 -> 0 | AO187: =$L187*AN187 -> 0 | AQ187: =$L187*AP187 -> 0 | AS187: =$L187*AR187 -> 0 | AU187: =$L187*AT187 -> 0 | AW187: =$L187*AV187 -> 0 | AY187: =$L187*AX187 -> 0 | BA187: =$L187*AZ187 -> 0 | BC187: =$L187*BB187 -> 0
B188: ='OFERTA ECONÓMICA'!#REF! -> #REF! | C188: ='OFERTA ECONÓMICA'!#REF! -> #REF! | D188: ='OFERTA ECONÓMICA'!#REF! -> #REF! | E188: ='OFERTA ECONÓMICA'!#REF! -> #REF! | F188: ='OFERTA ECONÓMICA'!#REF! -> #REF! | G188: ='OFERTA ECONÓMICA'!#REF! -> #REF! | H188: ='OFERTA ECONÓMICA'!#REF! -> #REF! | I188: ='OFERTA ECONÓMICA'!#REF! -> #REF! | J188: ='OFERTA ECONÓMICA'!#REF! -> #REF! | K188: =SUM(N188,P188,R188,T188,V188,X188,Z188,AB188,AD188,AF188,AH188,AJ188,AL188,AN188,AP188,AR188,AT188,AV188,AX188,AZ188,BB188,BD188,BF188,BH188,BJ188) -> 0 | M188: =K188*L188 -> 0 | O188: =$L188*N188 -> 0 | Q188: =$L188*P188 -> 0 | S188: =$L188*R188 -> 0 | U188: =$L188*T188 -> 0 | W188: =$L188*V188 -> 0 | Y188: =$L188*X188 -> 0 | AA188: =$L188*Z188 -> 0 | AC188: =$L188*AB188 -> 0 | AE188: =$L188*AD188 -> 0 | AG188: =$L188*AF188 -> 0 | AI188: =$L188*AH188 -> 0 | AK188: =$L188*AJ188 -> 0 | AM188: =$L188*AL188 -> 0 | AO188: =$L188*AN188 -> 0 | AQ188: =$L188*AP188 -> 0 | AS188: =$L188*AR188 -> 0 | AU188: =$L188*AT188 -> 0 | AW188: =$L188*AV188 -> 0 | AY188: =$L188*AX188 -> 0 | BA188: =$L188*AZ188 -> 0 | BC188: =$L188*BB188 -> 0
... B254: ='OFERTA ECONÓMICA'!#REF! -> #REF! | C254: ='OFERTA ECONÓMICA'!#REF! -> #REF! | D254: ='OFERTA ECONÓMICA'!#REF! -> #REF! | E254: ='OFERTA ECONÓMICA'!#REF! -> #REF! | F254: ='OFERTA ECONÓMICA'!#REF! -> #REF! | G254: ='OFERTA ECONÓMICA'!#REF! -> #REF! | H254: ='OFERTA ECONÓMICA'!#REF! -> #REF! | I254: ='OFERTA ECONÓMICA'!#REF! -> #REF! | J254: ='OFERTA ECONÓMICA'!#REF! -> #REF! | K254: =SUM(N254,P254,R254,T254,V254,X254,Z254,AB254,AD254,AF254,AH254,AJ254,AL254,AN254,AP254,AR254,AT254,AV254,AX254,AZ254,BB254,BD254,BF254,BH254,BJ254) -> 0 | M254: =K254*L254 -> 0 | O254: =$L254*N254 -> 0 | Q254: =$L254*P254 -> 0 | S254: =$L254*R254 -> 0 | U254: =$L254*T254 -> 0 | W254: =$L254*V254 -> 0 | Y254: =$L254*X254 -> 0 | AA254: =$L254*Z254 -> 0 | AC254: =$L254*AB254 -> 0 | AE254: =$L254*AD254 -> 0 | AG254: =$L254*AF254 -> 0 | AI254: =$L254*AH254 -> 0 | AK254: =$L254*AJ254 -> 0 | AM254: =$L254*AL254 -> 0 | AO254: =$L254*AN254 -> 0 | AQ254: =$L254*AP254 -> 0 | AS254: =$L254*AR254 -> 0 | AU254: =$L254*AT254 -> 0 | AW254: =$L254*AV254 -> 0 | AY254: =$L254*AX254 -> 0 | BA254: =$L254*AZ254 -> 0 | BC254: =$L254*BB254 -> 0
B255: VALOR TOTAL NECESIDAD | N255: =SUM(O177:O180) -> 0 | P255: =SUM(Q177:Q180) -> 0 | R255: =SUM(S177:S180) -> 0 | T255: =SUM(U177:U180) -> 0 | V255: =SUM(W177:W180) -> 0 | X255: =SUM(Y177:Y180) -> 0 | Z255: =SUM(AA177:AA180) -> 0 | AB255: =SUM(AC177:AC180) -> 0 | AD255: =SUM(AE177:AE180) -> 0 | AF255: =SUM(AG177:AG180) -> 0 | AH255: =SUM(AI177:AI180) -> 0 | AJ255: =SUM(AK177:AK180) -> 0 | AL255: =SUM(AM177:AM180) -> 0 | AN255: =SUM(AO177:AO180) -> 0 | AP255: =SUM(AQ177:AQ180) -> 0 | AR255: =SUM(AS177:AS180) -> 0 | AT255: =SUM(AU177:AU180) -> 0 | AV255: =SUM(AW177:AW180) -> 0 | AX255: =SUM(AY177:AY180) -> 0 | AZ255: =SUM(BA177:BA180) -> 0 | BB255: =SUM(BC177:BC180) -> 0
B256: PRESUPUESTO ASIGNADO | N256: 456312 | P256: 456312 | R256: 456312 | T256: 456312 | V256: 456312 | X256: 456312 | Z256: 456312 | AB256: 456312 | AD256: 456312 | AF256: 456312 | AH256: 456312 | AJ256: 456312 | AL256: 456312 | AN256: 456312 | AP256: 456312 | AR256: 456312 | AT256: 456312 | AV256: 456312 | AX256: 456312 | AZ256: 456312 | BB256: 456312
B257: SALDO | N257: =N256-N255 -> 456312 | P257: =P256-P255 -> 456312 | R257: =R256-R255 -> 456312 | T257: =T256-T255 -> 456312 | V257: =V256-V255 -> 456312 | X257: =X256-X255 -> 456312 | Z257: =Z256-Z255 -> 456312 | AB257: =AB256-AB255 -> 456312 | AD257: =AD256-AD255 -> 456312 | AF257: =AF256-AF255 -> 456312 | AH257: =AH256-AH255 -> 456312 | AJ257: =AJ256-AJ255 -> 456312 | AL257: =AL256-AL255 -> 456312 | AN257: =AN256-AN255 -> 456312 | AP257: =AP256-AP255 -> 456312 | AR257: =AR256-AR255 -> 456312 | AT257: =AT256-AT255 -> 456312 | AV257: =AV256-AV255 -> 456312 | AX257: =AX256-AX255 -> 456312 | AZ257: =AZ256-AZ255 -> 456312 | BB257: =BB256-BB255 -> 456312
